Workbook
Name Constr: '19-4-1223'!#REF!
Name Constr: '19-4-1230'!#REF!
Name FOT: '19-4-1223'!#REF!
Name FOT: '19-4-1230'!#REF!
Name Ind: '19-4-1223'!#REF!
Name Ind: '19-4-1230'!#REF!
Name Obj: '19-4-1223'!#REF!
Name Obj: '19-4-1230'!#REF!
Name Obosn: '19-4-1223'!#REF!
Name Obosn: '19-4-1230'!#REF!
Name SmPr: '19-4-1223'!#REF!
Name SmPr: '19-4-1230'!#REF!
Name аааааппппппрррппппппп: #REF!
Name аараооооооооооооо: #REF!
Name автом: #REF!
Name алшрльоплварл: #REF!
Name аолвлддддддддддддддддввввввввв: #REF!
Name апарв: #REF!
Name апрлдджаоырыфрпопрлпрлпрлп: #REF!
Name арлггаджаш: #REF!
Name ароррбллтблпроорапииас: #REF!
Name арррррблллпдрлдддддддддд: #REF!
Name варпаааааааааа: #REF!
Name ввпьььььлднд: #REF!
Name вед: #REF!
Name вертикальная: #REF!
Name вертикплан: #REF!
Name волен: #REF!
Name вп: #REF!
Name впырпфдыпл: #REF!
Name впьглорьтитттттттттт: #REF!
Name всввввввввввввввввввввввввв: #REF!
Name выб: #REF!
Name выпуск: #REF!
Name выьлепвввввпмп: #REF!
Name еваопродолжэрщэрзшщщх: #REF!
Name измен: #REF!
Name итого: #REF!
Name итого_сантех: #REF!
Name итого_стр: #REF!
Name итого_строит: #REF!
Name итого_технол: #REF!
Name итого_электр: #REF!
Name квота: #REF!
Name кккккккккк: #REF!
Name корек: #REF!
Name корект: #REF!
Name корректир: #REF!
Name лен: #REF!
Name лот: #REF!
Name мамиааааааааааааааааааааааааааааа: #REF!
Name ммпоослччччччччччрччапппппппппр: #REF!
Name мрол: #REF!
Name оз: #REF!
Name озелен: #REF!
Name озеленение: #REF!
Name озеленение2: #REF!
Name ОСР: #REF!
Name ОСР110: #REF!
Name ОСР111: #REF!

Sheet 19-4-1223
A1: СОГЛАСОВАНО: | I1: УТВЕРЖДАЮ:
A4: ______________ | I4: ____________
A5: " _____ " ________________ 201_ г. | I5: "______ " _______________201_ г.
D6: г.Лесной ФГУП Комбинат ЭХП. Площадка 7А
D7: (наименование стройки)
D9: ЛОКАЛЬНЫЙ СМЕТНЫЙ РАСЧЕТ № 312-2582/19-4-1223
D10: (локальная смета)
A12: на | B12: систему физической защиты, Здание 753А. Реконструкция комплекса по переработке ХВО
D13: (наименование работ и затрат, наименование объекта)
B15: Основание: р.ч.0503.07А.753А-ФЗ, инв.№312-61, 312-31/ДСП
B16: Сметная стоимость _______________________________________________________________________________________________ | D16: ___________________________80,719 | F16: тыс. руб.
B17: строительных работ _______________________________________________________________________________________________ | D17: _______________________________________________________________________________________________58,169 | F17: тыс. руб.
B18: монтажных работ _______________________________________________________________________________________________ | D18: _______________________________________________________________________________________________0,135 | F18: тыс. руб.
B19: оборудования _______________________________________________________________________________________________ | D19: _______________________________________________________________________________________________22,415 | F19: тыс. руб.
B20: Средства на оплату труда _______________________________________________________________________________________________ | D20: ___________________________0,993 | F20: тыс. руб.
B21: Сметная трудоемкость _______________________________________________________________________________________________ | D21: _______________________________________________________________________________________________66,08 | F21: чел.час
B22: Составлена в ценах по состоянию на 01.01.2000 г. (редакция 2009 г.)
A25: № пп | B25: Шифр и номер позиции норматива | C25: Наименование работ и затрат, единица измерения | D25: Количество | E25: Стоимость единицы, руб. | G25: Общая стоимость, руб. | J25: Затраты труда рабочих, чел.-ч, не занятых обслуживанием машин
E26: всего | F26: эксплуатации машин | G26: Всего | H26: оплаты труда | I26: эксплуатация машин
E27: оплаты труда | F27: в т.ч. оплаты труда | I27: в т.ч. оплаты труда | J27: на единицу | K27: всего
A28: 1 | B28: 2 | C28: 3 | D28: 4 | E28: 5 | F28: 6 | G28: 7 | H28: 8 | I28: 9 | J28: 10 | K28: 11
A29: Раздел 1. Оборудование и ограждающие конструкции
A30: Сметой учтена территориальная поправка К=1,0434 к заработной плате
A31: Индексs перехода от текущих цен к ценам 2000 г.: на оборудование К=3,66, на материалы К=4,119
A33: Ограждающие конструкции
A34: 1 | B34: г.Москва Системы и оборудование контроля доступа 2012 г. | C34: Турникет-трипод PERCo-T-5 Цена: 38380:1,18:4,119х1,03х1,02 (шт) | D34: 1 | E34: 8296 | G34: 8296
A35: 2 | B35: г.Москва Системы и оборудование контроля доступа 2012 г. | C35: Ограждение Perco-ВН01 Цена: (3840+2800+430х4):1,18:4,119х1,03х1,02 (шт) | D35: 1 | E35: 1807.05 | G35: 1807
A36: 3 | B36: г.Москва Системы и оборудование контроля доступа 2012 г. | C36: Калитка Perco Цена: 37730:1,18:4,119х1,03х1,02 (шт) | D36: 1 | E36: 8155.5 | G36: 8156
A37: 4 | B37: ТЕР09-03-040-01 | C37: Монтаж защитных ограждений оборудования (1 т конструкций) | D37: 0.25 | E37: 1605,16 1227,81 | F37: 74,72 2,27 | G37: 401 | H37: 307 | I37: 19 1 | J37: 94.29 | K37: 23.57
A38: 5 | B38: г.Екатеринбург Призма 2012 г. | C38: Окно передаточное ОП-1 Цена: 69030:1,18:4,119х1,03х1,02 (шт) | D38: 1 | E38: 14921.12 | G38: 14921
A39: 6 | B39: ТЕР10-01-027-03 | C39: Установка в жилых и общественных зданиях блоков оконных с переплетами раздельными (раздельно-спаренными) в стенах каменных площадью проема до 2 м2 (100 м2 проемов) | D39: 0,016731 1,43*1,17*0,01 | E39: 67750,22 3519,10 | F39: 2344,21 150,02 | G39: 1134 | H39: 59 | I39: 39 3 | J39: 270.25 | K39: 4.52
A40: 7 | B40: г.Пенза ЦеСИС 2012 г. | C40: Комплект козырькового ограждения КЗР-125 БСП-В 60 м Цена: 85985:1,18:4,119х1,03х1,02 (компл) | D40: 1 | E40: 18586.02 | G40: 18586
A41: 8 | B41: г.Пенза ЦеСИС 2012 г. | C41: Комплект для натяжения сетки ССЦП Цена: 7245:1,18:4,119х1,03х1,02 (компл) | D41: 1 | E41: 1566.04 | G41: 1566
A42: 9 | B42: ТЕР07-01-056-02 | C42: Установка ограждения и козырька из спиралей армированной колючей ленты (АКЛ) типа "Репейник" установка козырька высотой до 1 м по существующему ограждению (100 м ограждения и козырька) | D42: 0,6 60*0,01 | E42: 2326,86 885,38 | F42: 994,47 88,45 | G42: 1396 | H42: 531 | I42: 597 53 | J42: 58.16 | K42: 34.9
A43: Оборудование и инвентарь
A44: 10 | B44: г.Екатеринбург Пульс цен 2012 г. | C44: Компьютер персональный на базе процессора Intel Celeron Цена: 31160:1,18:3,66х1,03х1,012 (шт) | D44: 1 | E44: 7520.59 | G44: 7521
A45: 11 | B45: ТЕРм11-04-002-02 | C45: Аппарат настольный, масса до 0,03 т (1 шт.) | D45: 1 | E45: 74,39 38,72 | F45: 34.93 | G45: 74 | H45: 39 | I45: 35 | J45: 3.09 | K45: 3.09
A46: 12 | B46: г.Екатеринбург Тинко 2012 г. | C46: Огнетушитель углекислотный ОУ-5 Цена: 1125:1,18:3,66х1,03х1,012 (шт) | D46: 2 | E46: 271.52 | G46: 543
A47: Мебель
A48: 13 | B48: г.Екатеринбург Евромебель 2012 г. | C48: Стол рабочий с двумя тумбами ДС-1800 Цена: (9340+3400х2):1,18:3,66х1,03х1,012 (шт) | D48: 2 | E48: 3895.45 | G48: 7791
A49: 14 | B49: г.Екатеринбург Евроофис 2012 г. | C49: Кресло рабочее Цена: 1380:1,18:3,66х1,03х1,012 (шт) | D49: 1 | E49: 333.07 | G49: 333
A50: 15 | B50: г.Екатеринбург Евроофис 2012 г. | C50: Кресло для отдыха Цена: 2900:1,18:3,66х1,03х1,012 (шт) | D50: 2 | E50: 699.93 | G50: 1400
A51: 16 | B51: г.С.-Петербург Диком 2012 г. | C51: Шкаф металлический КД-113 Цена: 4300:1,18:3,66х1,03х1,012 (шт) | D51: 2 | E51: 1037.82 | G51: 2076
A52: 17 | B52: г.С.-Петербург Диком 2012 г. | C52: Шкаф гардеробный одноместный ОД-411 Цена: 3800:1,18:3,66х1,03х1,012 (шт) | D52: 3 | E52: 917.15 | G52: 2751
A53: Итого прямые затраты по разделу в ценах 2001г. | G53: 78752 | H53: 936 | I53: 690 57 | K53: 66.08
A54: Накладные расходы | G54: 1145
A55: Сметная прибыль | G55: 822
A56: Итоги по разделу 1 Оборудование и ограждающие конструкции :
A57: Итого Строительные работы | G57: 58169 | K57: 62.99
A58: Итого Монтажные работы | G58: 135 | K58: 3.09
A59: Итого Оборудование | G59: 22415
A60: Итого | G60: 80719 | K60: 66.08
A61: В том числе:
A62: Материалы | G62: 54711
A63: Машины и механизмы | G63: 690
A64: ФОТ | G64: 993
A65: Оборудование | G65: 22415
A66: Накладные расходы | G66: 1145
A67: Сметная прибыль | G67: 822
A68: Итого по разделу 1 Оборудование и ограждающие конструкции | G68: 80719 | K68: 66.08
A69: ИТОГИ ПО СМЕТЕ:
A70: Итого прямые затраты по смете в ценах 2001г. | G70: 78752 | H70: 936 | I70: 690 57 | K70: 66.08
A71: Накладные расходы | G71: 1145
A72: В том числе, справочно:
A73: 90% ФОТ (от 308) (Поз. 4) | G73: 277
A74: 92% ФОТ (от 39) (Поз. 11) | G74: 36
A75: 118% ФОТ (от 62) (Поз. 6) | G75: 73
A76: 130% ФОТ (от 584) (Поз. 9) | G76: 759
A77: Сметная прибыль | G77: 822
A78: В том числе, справочно:
A79: 63% ФОТ (от 62) (Поз. 6) | G79: 39
A80: 65% ФОТ (от 39) (Поз. 11) | G80: 25
A81: 85% ФОТ (от 892) (Поз. 4, 9) | G81: 758
A82: Итоги по смете:
A83: Итоги по Строительным работам
A84: Материалы для строительных работ:
A85: Итого Поз. 1-3, 5, 7-8 | G85: 53332
A86: Строительные металлические конструкции:
A87: Итого Поз. 4 | G87: 401 | H87: 307 | I87: 19 1 | K87: 23.57
A88: Накладные расходы 90% ФОТ (от 308) | G88: 277
A89: Сметная прибыль 85% ФОТ (от 308) | G89: 262
A90: Итого c накладными и см. прибылью | G90: 940 | K90: 23.57
A91: Деревянные конструкции:
A92: Итого Поз. 6 | G92: 1134 | H92: 59 | I92: 39 3 | K92: 4.52
A93: Накладные расходы 118% ФОТ (от 62) | G93: 73
A94: Сметная прибыль 63% ФОТ (от 62) | G94: 39
A95: Итого c накладными и см. прибылью | G95: 1246 | K95: 4.52
A96: Бетонные и железобетонные сборные конструкции в промышленном строительстве:
A97: Итого Поз. 9 | G97: 1396 | H97: 531 | I97: 597 53 | K97: 34.9
A98: Накладные расходы 130% ФОТ (от 584) | G98: 759
A99: Сметная прибыль 85% ФОТ (от 584) | G99: 496
A100: Итого c накладными и см. прибылью | G100: 2651 | K100: 34.9
A101: Итого | G101: 58169 | K101: 62.99
A102: Итоги по Монтажным работам
A103: Монтаж радиотелевизионного и электронного оборудования:
A104: Итого Поз. 11 | G104: 74 | H104: 39 | I104: 35 | K104: 3.09
A105: Накладные расходы 92% ФОТ (от 39) | G105: 36
A106: Сметная прибыль 65% ФОТ (от 39) | G106: 25
A107: Итого c накладными и см. прибылью | G107: 135 | K107: 3.09
A108: Итого | G108: 135 | K108: 3.09
...

Sheet 19-4-1230
A1: СОГЛАСОВАНО: | I1: УТВЕРЖДАЮ:
A4: ______________ | I4: ____________
A5: " _____ " ________________ 201_ г. | I5: "______ " _______________201_ г.
D6: г. Лесной.ФГУП"Комбинат "Электрохимприбор". Площадка 7А.
D7: (наименование стройки)
D9: ЛОКАЛЬНЫЙ СМЕТНЫЙ РАСЧЕТ № 312-2582/19-4-1230
D10: (локальная смета)
A12: на | B12: Автоматизацию ИТП, Здание 753А. Реконструкция комплекса по переработке ХВО.
D13: (наименование работ и затрат, наименование объекта)
B15: Основание: 0503.07А.753А-АТС инв. №312-656,654,655
B16: Сметная стоимость _______________________________________________________________________________________________ | D16: ___________________________85,698 | F16: тыс. руб.
B17: монтажных работ _______________________________________________________________________________________________ | D17: _______________________________________________________________________________________________37,749 | F17: тыс. руб.
B18: оборудования _______________________________________________________________________________________________ | D18: _______________________________________________________________________________________________47,949 | F18: тыс. руб.
B19: Средства на оплату труда _______________________________________________________________________________________________ | D19: ___________________________4,757 | F19: тыс. руб.
B20: Сметная трудоемкость _______________________________________________________________________________________________ | D20: _______________________________________________________________________________________________305,77 | F20: чел.час
B21: Трудозатраты механизаторов _______________________________________________________________________________________________ | D21: _______________________________________________________________________________________________26,24 | F21: чел.час
B22: Составлен(а) в ценах по состоянию на 01.01.2000 г.(редакция 2009)
A25: № пп | B25: Шифр и номер позиции норматива | C25: Наименование работ и затрат, единица измерения | D25: Количество | E25: Стоимость единицы, руб. | G25: Общая стоимость, руб. | J25: Затраты труда рабочих, чел.-ч, не занятых обслуживанием машин
E26: всего | F26: эксплуатации машин | G26: Всего | H26: оплаты труда | I26: эксплуатация машин
E27: оплаты труда | F27: в т.ч. оплаты труда | I27: в т.ч. оплаты труда | J27: на единицу | K27: всего
A28: 1 | B28: 2 | C28: 3 | D28: 4 | E28: 5 | F28: 6 | G28: 7 | H28: 8 | I28: 9 | J28: 10 | K28: 11
A29: Раздел 1. Монтажнае работы и оборудование
A30: Применен территориальный коэффициент к зарплате к=1,0434
A31: Цены материалов и оборудования, принятые по прайсам ориентировочно,
A32: могут быть уточнены по предоставлении счета (калькуляции) заказчиком.
A34: 1 | B34: г. Томск ОАО"Манотомь" | C34: Манометр показывающий сигнализирующий ДМ2010Сг, Цена:850,0:3,66*1,03*1,012 (шт.) | D34: 1 | E34: 242.08 | G34: 242
A35: 2 | B35: ТЕРм11-02-001-02 | C35: Приборы, устанавливаемые на резьбовых соединениях, масса, кг, до 5 (1 шт.) | D35: 1 | E35: 24,38 22,74 | G35: 24 | H35: 23 | J35: 1.56 | K35: 1.56
A36: 3 | B36: г.Казань ПО"Теплоконтроль" | C36: Термометр показывающий сигнализирующий ТКП-100ЭК-М1-(0...100)-1,0-6-125 Цена:1923:3,66*1,03*1,012 (шт.) | D36: 1 | E36: 547.67 | G36: 548
A37: 4 | B37: ТЕРм11-02-001-01 | C37: Приборы, устанавливаемые на резьбовых соединениях, масса, кг, до 1,5 (1 шт.) | D37: 1 | E37: 16,5 15,01 | G37: 17 | H37: 15 | J37: 1.03 | K37: 1.03
A38: 5 | B38: ТЕРм11-07-001-04 | C38: Прокладка капилляров манометрических приборов, из к-та ТКП (10 м) | D38: 0,6 0,1*6 | E38: 197,76 16,57 | G38: 119 | H38: 10 | J38: 1.03 | K38: 0.62
A39: 6 | B39: Компания DANFOSS | C39: Реле давления (прессостат) KPI35 Цена:51,80 еврох39,64:3,66*1,03*1,012 (шт.) | D39: 2 | E39: 584.79 | G39: 1170
A40: 7 | B40: ТЕРм11-02-001-02 | C40: Приборы, устанавливаемые на резьбовых соединениях, масса, кг, до 5 (1 шт.) | D40: 2 | E40: 24,38 22,74 | G40: 49 | H40: 45 | J40: 1.56 | K40: 3.12
A41: 8 | B41: г. Екатеринбург ЗАО "ИВП Крейт" | C41: Преобразователь расчетно-измерительный, ТЭКОН-19-06М Цена:8475,0:3,66*1,03*1,012 (компл.) | D41: 1 | E41: 2413.66 | G41: 2414
A42: 9 | B42: ТЕРм11-04-008-02 | C42: Съемные и выдвижные блоки (модули, ячейки, ТЭЗ), масса: до 10 кг из к-та ТЭКОН (1 шт.) | D42: 1 | E42: 27,75 26,16 | F42: 1.09 | G42: 28 | H42: 26 | I42: 1 | J42: 2.06 | K42: 2.06
A43: 10 | B43: г. Екатеринбург ЗАО "ИВП Крейт" | C43: Блок питания БП-63 Цена:2057,0:3,66*1,03*1,012 (шт.) | D43: 1 | E43: 585.83 | G43: 586
A44: 11 | B44: ТЕРм11-07-001-02 | C44: Блок питания (1 шт.) | D44: 1 | E44: 35,59 31,79 | F44: 3.08 | G44: 36 | H44: 32 | I44: 3 | J44: 2.06 | K44: 2.06
A45: 12 | B45: г. Рязань Завод "Теплоприбор" | C45: Датчик-реле уровня РОС 301-2-УХЛ3-(0,6;0,6;0,6) исп.2 Цена:2978,0:3,27*1,03*1,012 (шт.) | D45: 1 | E45: 259.37 | G45: 259
A46: 13 | B46: ТЕРм11-02-001-02 | C46: Прибор, устанавливаемый на резьбовых соединениях, масса: до 5 кг из к-та РОС-301 (1 шт.) | D46: 1 | E46: 24,38 22,74 | G46: 24 | H46: 23 | J46: 1.56 | K46: 1.56
A47: 14 | B47: ТЕРм11-02-001-01 | C47: Прибор, устанавливаемый на резьбовых соединениях, масса: до 1,5 кг из к-та РОС-301 (1 шт.) | D47: 3 1*3 | E47: 16,5 15,01 | G47: 50 | H47: 45 | J47: 1.03 | K47: 3.09
A48: 15 | B48: ТЕРм08-02-472-09 | C48: Проводник заземляющий открыто по строительным основаниям: из круглой стали диаметром 12 мм (100 м) | D48: 0,006 0,01*0,6 | E48: 1409,81 294,48 | F48: 85,82 3,61 | G48: 8 | H48: 2 | I48: 1 | J48: 21.3 | K48: 0.13
A49: 16 | B49: ТСЦ-101-1617 | C49: Сталь круглая углеродистая обыкновенного качества марки ВСт3пс5-1 диаметром 12 мм (т) | D49: -0,00055 -0,001*0,55 | E49: 5852.2 | G49: -3
A50: 17 | B50: ТСЦ-101-1621 | C50: Сталь круглая коррозионно-стойкая и жаростойкая марки 12Х18Н10Т диаметром 12 мм (т) | D50: 0,00055 0,001*0,55 | E50: 49400 | G50: 27
A51: 18 | B51: г. Челябинск ЗАО "ПГ"Метран" | C51: Комплект термопреобразователей сопротивления КТСП-Метран-206-02-120-А-У1.1-ГП Цена:2178,3:3,66*1,03*1,012 (к-т) | D51: 1 | E51: 620.38 | G51: 620
A52: 19 | B52: ТЕРм11-02-001-01 | C52: Термопреобразовали сопротивления из к-та КТСП (1 шт.) | D52: 2 | E52: 16,5 15,01 | G52: 33 | H52: 30 | J52: 1.03 | K52: 2.06
A53: 20 | B53: г. Челябинск ЗАО "ПГ"Метран" | C53: Гильза защитная 2001-03-М20х1,5-М20х1,5-Н10-120мм Цена:758,10:3,66*1,03*1,012 (шт.) | D53: 2 | E53: 215.91 | G53: 432
A54: 21 | B54: ТЕРм11-06-002-04 прим | C54: Гильзы защитные (100 м) | D54: 0,0024 0,12*2*0,01 | E54: 1169,81 1041,44 | F54: 91,92 1,13 | G54: 3 | H54: 2 | J54: 63.9 | K54: 0.15
A55: 22 | B55: г. Челябинск ЗАО "ПГ"Метран" | C55: Датчик избыточного давления, Метран-55-ДИ-515-t1-0,5-1,0МПа-42-ШР-М20 Цена:(5800+850):3,66*1,03*1,012 (шт.) | D55: 2 | E55: 1893.91 | G55: 3788
A56: 23 | B56: ТЕРм11-02-001-02 | C56: Прибор, устанавливаемый на резьбовых соединениях, масса: до 5 кг (1 шт.) | D56: 2 | E56: 24,38 22,74 | G56: 49 | H56: 45 | J56: 1.56 | K56: 3.12
A57: 24 | B57: г. Челябинск ЗАО "ПГ"Метран" | C57: Расходомер-счетчик ультразвуковой US800-21/50-025/015-А-Р-US800.421364.001 Цена:(38400+28*80+2800+1400):3,66*1,03*1,012 (к-т) | D57: 1 | E57: 12770.33 | G57: 12770
A58: 25 | B58: ТЕРм11-02-022-04 | C58: Ротаметр, счетчик, преобразователь, устанавливаемые на фланцевых соединениях, диаметр условного прохода до 50 мм (1 шт.) | D58: 2 | E58: 62,35 39,72 | F58: 12.01 | G58: 125 | H58: 79 | I58: 24 | J58: 3.09 | K58: 6.18
A59: 26 | B59: ТЕРм11-02-001-02 | C59: Приборы, устанавливаемые на резьбовых соединениях, масса, кг, до 5 из к-та расходомера-счетчика (1 шт.) | D59: 1 | E59: 24,38 22,74 | G59: 24 | H59: 23 | J59: 1.56 | K59: 1.56
A60: 27 | B60: ТЕРм08-02-148-01 | C60: Кабель до 35 кВ в проложенных трубах, блоках и коробах, масса 1 м кабеля до 1 кг из к-та расходомера-счетчика (100 м кабеля) | D60: 0,8 0,01*(25*2+15*2) | E60: 808,64 175,31 | F60: 547,32 60,38 | G60: 647 | H60: 140 | I60: 438 48 | J60: 12.4 | K60: 9.92
A61: Шкаф автоматизации ША разм. 1400х600х300 мм (эскиз общего вида см. альбом 0404.020.753А-АТС.Н инв.№312-655)
A62: 28 | B62: г.Озерск ЗАО ЗЭМИ №2 | C62: Оболочка ящика по типу ЯС размером 800х600х300 мм Цена: 6860,0:3,66*1,03*1,012 (шт) | D62: 1 | E62: 1953.71 | G62: 1954
A63: 29 | B63: ТЕРм08-03-572-03 | C63: Блок управления шкафного исполнения или распределительный пункт (шкаф), устанавливаемый на стене, высота и ширина до 600х600 мм (1 шт.) | D63: 1 | E63: 318,35 33,82 | F63: 36,21 1,90 | G63: 318 | H63: 34 | I63: 36 2 | J63: 2.32 | K63: 2.32
A64: 30 | B64: Schneider Electric | C64: Выключатель нагрузки 1Р 20А, кат.№15005 Цена:341,0:1,18:3,66*1,03*1,012 (шт) | D64: 2 | E64: 82.3 | G64: 165
A65: 31 | B65: Schneider Electric | C65: Выключатель автоматический Acti9 ic60l A9f94202 Цена:2968,0:1,18:3,66*1,03*1,012 (шт) | D65: 2 | E65: 716.34 | G65: 1433
A66: 32 | B66: Schneider Electric | C66: Выключатель автоматический Acti9 ic60l A9f 94202 Цена:3464,4:1,18:3,66*1,03*1,012 (шт) | D66: 1 | E66: 836.15 | G66: 836
A67: 33 | B67: Schneider Electric | C67: Выключатель автоматический Acti9 ic60l A9f93102 Цена:1436,0:1,18:3,66*1,03*1,012 (шт) | D67: 6 | E67: 346.58 | G67: 2079
A68: 34 | B68: Schneider Electric | C68: УЗО ID 2Р 25А 30мА кат.№ 23009 Цена:1305,0:1,18:3,66*1,03*1,012 (шт) | D68: 1 | E68: 314.97 | G68: 315
A69: 35 | B69: ТЕРм08-03-526-01 | C69: Автомат одно-, двух-, трехполюсный, устанавливаемый на конструкции на стене или колонне, на ток до 25 А (1 шт.) | D69: 12 2+2+1+6+1 | E69: 175,68 21,81 | F69: 1.28 | G69: 2108 | H69: 262 | I69: 15 | J69: 1.56 | K69: 18.72
A70: 36 | B70: г. Екатеринбург ТД"Электроизделия" | C70: Пускатель электромагнитный ПМ12-010100УХЛ4 Цена: 264,18:1,18:3,66*1,03*1,012 (шт) | D70: 2 | E70: 63.76 | G70: 128
A71: 37 | B71: ТЕРм08-03-530-04 | C71: Пускатель магнитный общего назначения отдельно стоящий, устанавливаемый на конструкции: на стене или колонне, на ток до 40 А (1 шт.) | D71: 2 | E71: 170,52 43,30 | F71: 4,21 0,19 | G71: 341 | H71: 87 | I71: 8 | J71: 3.17 | K71: 6.34
A72: 38 | B72: г.Москва ООО "Реле и Автоматика" | C72: Реле промежуточное РЭП34-40-10УХЛ3, РЭП34-22-10УХЛ3 Цена:360,48:1,18:3,66*1,03*1,012 (шт) | D72: 6 1+5 | E72: 87 | G72: 522
A73: 39 | B73: ТЕРм08-01-080-03 | C73: Прибор измерения и защиты, количество подключаемых концов, до 12 (1 шт.) | D73: 6 | E73: 65,43 31,81 | F73: 23,44 1,52 | G73: 393 | H73: 191 | I73: 141 9 | J73: 2.25 | K73: 13.5
A74: 40 | B74: г. Воронеж ООО"Феррол" | C74: Переключатель МКФ-22/МХII-8с-У3 Цена:2498,0:3,66*1,03*1,012 (шт) | D74: 3 | E74: 711.42 | G74: 2134
A75: 41 | B75: ТЕРм08-03-538-04 | C75: Выключатель путевой или конечный контактный, устанавливаемый на металлическом основании: малогабаритный одно-, двухкнопочный или микропереключатель (1 шт.) | D75: 3 | E75: 37,87 17,14 | F75: 4,4 0,19 | G75: 114 | H75: 51 | I75: 13 1 | J75: 1.24 | K75: 3.72
A76: 42 | B76: г. Екатеринбург ТД Электроизделия | C76: Выключатель КУ 110111 Цена: 169,92:1,18:3,66*1,03*1,012 (шт) | D76: 3 | E76: 41.01 | G76: 123
A77: 43 | B77: г.Москва ООО "Реле и Автоматика" | C77: Кнопка управления КЕ011У3, исп.2 Цена:55,9:1,18:3,66*1,03*1,012 (шт) | D77: 1 | E77: 13.49 | G77: 13
A78: 44 | B78: г.Москва ООО "Реле и Автоматика" | C78: Лампа светодиодная СКЛ12.3А Цена: 50,7:1,18:3,66*1,03*1,012 (шт) | D78: 10 3+7 | E78: 12.24 | G78: 122
A79: 45 | B79: ТЕРм08-01-081-01 | C79: Аппарат (кнопка, ключ управления, замок электромагнитной блокировки, звуковой сигнал, сигнальная лампа), количество подключаемых концов, до 2 (1 шт.) | D79: 14 3+1+10 | E79: 30,5 15,97 | F79: 11,72 0,76 | G79: 427 | H79: 224 | I79: 164 11 | J79: 1.13 | K79: 15.82
A80: 46 | B80: ТЕРм08-01-082-01 | C80: Зажим наборный без кожуха (100 шт.) | D80: 0,5 0,01*50 | E80: 902,25 664,49 | F80: 33,94 2,09 | G80: 451 | H80: 332 | I80: 17 1 | J80: 47 | K80: 23.5
A81: 47 | B81: WAGO | C81: Клемма 280-901_x000D_ Цена: 2415.96:1,18:4,119*1,03*1,02 (100шт) | D81: 0,5 50*0.01 | E81: 522.22 | G81: 261
A82: 48 | B82: ТЕРм08-03-591-10 | C82: Розетка штепсельная: полугерметическая и герметическая (100 шт.) | D82: 0,01 0,01*1 | E82: 1698,18 1109,26 | F82: 76,78 2,27 | G82: 17 | H82: 11 | I82: 1 | J82: 76.1 | K82: 0.76
A83: Шкаф приборов учета ШПУ (эскиз общего вида см. проект 0503.07А.753А-АТС , л.14)
A84: 49 | B84: г.Озерск ЗАО ЗЭМИ №2 | C84: Оболочка ящика по типу ЯС размером 600х400х300 мм Цена: 5255:3,66*1,03*1,012 (шт) | D84: 1 | E84: 1496.61 | G84: 1497
A85: 50 | B85: ТЕРм08-03-573-04 | C85: Шкаф (пульт) управления навесной, высота, ширина и глубина: до 600х600х350 мм (1 шт.) | D85: 1 | E85: 100,9 34,55 | F85: 62,25 4,91 | G85: 101 | H85: 35 | I85: 62 5 | J85: 2.37 | K85: 2.37
A86: 51 | B86: Schneider Electric | C86: Выключатель нагрузки 1Р 20А, кат.№15005 Цена:341,0:1,18:3,66*1,03*1,012 (шт) | D86: 1 | E86: 82.3 | G86: 82
A87: 52 | B87: Schneider Electric | C87: Выключатель автоматический Acti9 ic60l A9f93102 Цена:1436,0:1,18:3,66*1,03*1,012 (шт) | D87: 3 | E87: 346.58 | G87: 1040
A88: 53 | B88: ТЕРм08-03-526-01 | C88: Автомат одно-, двух-, трехполюсный, устанавливаемый на конструкции: на стене или колонне, на ток до 25 А (1 шт.) | D88: 4 1+3 | E88: 175,68 21,81 | F88: 1.28 | G88: 703 | H88: 87 | I88: 5 | J88: 1.56 | K88: 6.24
A89: 54 | B89: ТЕРм08-01-082-01 | C89: Зажим наборный без кожуха (100 шт.) | D89: 0,2 0,01*20 | E89: 902,25 664,49 | F89: 33,94 2,09 | G89: 180 | H89: 133 | I89: 7 | J89: 47 | K89: 9.4
A90: 55 | B90: WAGO | C90: Клемма 280-901_x000D_ Цена: 2415.96:1,18:4,119*1,03*1,02 (100шт) | D90: 0,2 20*0.01 | E90: 522.22 | G90: 104
A91: 56 | B91: г. Челябинск ИЭК | C91: DIN-рейка Цена:80,72:1,18:3,66*1,03*1,012 (м) | D91: 2 | E91: 19.48 | G91: 39
A92: 57 | B92: ТСЦ-111-0120 | C92: Рамка для надписей 55х15 мм (шт.) | D92: 4 | E92: 0.5 | G92: 2
A93: 58 | B93: г. Челябинск ИЭК | C93: Шина нулевая Цена:199,93:1,18:3,66*1,03*1,012 (шт) | D93: 2 | E93: 48.25 | G93: 97
A94: 59 | B94: ТЕРм08-02-405-01 | C94: Провод по установленным стальным конструкциям и панелям, сечение: до 16 мм2 (100 м) | D94: 0,35 0,01*(30+5) | E94: 1555,23 529,50 | F94: 146,17 4,75 | G94: 544 | H94: 185 | I94: 51 2 | J94: 38.3 | K94: 13.41
A95: 60 | B95: Приложение к договору - смета№2 | C95: Разработка электротехнического нестандартизированного оборудования Цена: 44025:3,66*1,03*1,012 (к-т) | D95: 1 | E95: 12538.22 | G95: 12538
A96: 61 | B96: ТЕРм08-02-472-10 | C96: Проводник заземляющий из медного изолированного провода сечением 25 мм2 открыто по строительным основаниям (100 м) | D96: 0,005 0,01*0,5 | E96: 4759,25 644,25 | F96: 45,4 0,57 | G96: 24 | H96: 3 | J96: 46.6 | K96: 0.23
A97: 62 | B97: ТЕРм08-02-411-01 | C97: Рукав металлический, резинотканевый наружным диаметром: до 48 мм (100 м) | D97: 1,4 0,01*(110+30) | E97: 3967,54 479,73 | F97: 240,39 4,17 | G97: 5555 | H97: 672 | I97: 337 6 | J97: 34.7 | K97: 48.58
A98: 63 | B98: ТЕРм08-02-407-01 | C98: Труба стальная по установленным конструкциям, по стенам с креплением скобами, диаметр: до 25 мм (100 м) | D98: 0,1 0,01*10 | E98: 2558,84 425,81 | F98: 911,86 334,90 | G98: 256 | H98: 43 | I98: 91 33 | J98: 30.8 | K98: 3.08
A99: 64 | B99: ТЕРм08-02-407-02 | C99: Труба стальная по установленным конструкциям, по стенам с креплением скобами, диаметр: до 40 мм (100 м) | D99: 0,1 0,01*10 | E99: 3051,78 573,74 | F99: 1252,83 451,83 | G99: 305 | H99: 57 | I99: 125 45 | J99: 41.5 | K99: 4.15
A100: 65 | B100: ТЕРм08-01-087-03 | C100: Металлические конструкции (1 т) | D100: 0,05 0,001*50 | E100: 18494,68 879,39 | F100: 645,33 33,04 | G100: 925 | H100: 44 | I100: 32 2 | J100: 62.2 | K100: 3.11
A101: 66 | B101: ТЕРм08-02-152-14 | C101: Конструкция из профильной стали для крепления закладных подвесок, масса: до 2 кг (100 шт.) | D101: 0,03 0,01*(1+1+1) | E101: 1992,28 254,49 | F101: 225,75 10,44 | G101: 60 | H101: 8 | I101: 7 | J101: 18 | K101: 0.54
A102: 67 | B102: ТЕРм08-02-152-04 | C102: Стойка сборных кабельных конструкций (без полок) масса, кг, до 1,6 (100 шт.) | D102: 0,12 0,01*12 | E102: 1483,92 401,52 | F102: 317,48 7,78 | G102: 178 | H102: 48 | I102: 38 1 | J102: 28.4 | K102: 3.41
A103: 68 | B103: ТЕРм08-02-152-07 | C103: Полка кабельная, устанавливаемая на стойках, масса: до 0,4 кг (100 шт.) | D103: 0,12 0,01*12 | E103: 64,06 29,12 | F103: 32,24 2,09 | G103: 8 | H103: 3 | I103: 4 | J103: 2.06 | K103: 0.25
A104: 69 | B104: ТЕРм08-02-396-01 | C104: Короб металлический на конструкциях, кронштейнах, по фермам и колоннам, длина: 2 м (100 м) | D104: 0,3 0,01*15*2 | E104: 2119,43 519,82 | F104: 959,94 225,50 | G104: 636 | H104: 156 | I104: 288 68 | J104: 37.6 | K104: 11.28
A105: 70 | B105: ТЕРм08-02-152-06 | C105: Стойка сборных кабельных конструкций (без полок), масса: до 4 кг (100 шт.) | D105: 0,01 0,01*1 | E105: 2271 401,52 | F105: 390,75 12,53 | G105: 23 | H105: 4 | I105: 4 | J105: 28.4 | K105: 0.28
A106: 71 | B106: ТЕРм11-01-001-02 | C106: Конструкции для установки приборов, масса: до 2 кг (кронштейн) (1 шт.) | D106: 1 | E106: 43,55 6,69 | F106: 8,27 0,85 | G106: 44 | H106: 7 | I106: 8 1 | J106: 0.52 | K106: 0.52
A107: 72 | B107: ТЕРм11-01-001-01 | C107: Конструкции для установки приборов, масса: до 1 кг (кронштейн) (1 шт.) | D107: 1 | E107: 34,51 6,69 | F107: 7,22 0,85 | G107: 35 | H107: 7 | I107: 7 1 | J107: 0.52 | K107: 0.52
A108: 73 | B108: ТЕРм11-07-001-03 прим | C108: Футорка (1 шт) | D108: 4 | E108: 19,44 15,89 | F108: 2.62 | G108: 78 | H108: 64 | I108: 10 | J108: 1.03 | K108: 4.12
...

Sheet 02-01-14--4-1541
A1: СОГЛАСОВАНО: | I1: УТВЕРЖДАЮ:
A4: ______________ | I4: ____________
A5: " _____ " ________________ 2012 г. | I5: "______ " _______________2012 г.
D6: Реконструкция комплекса по переработке РАО. Площадка 7Б
D7: (наименование стройки)
D9: ЛОКАЛЬНЫЙ СМЕТНЫЙ РАСЧЕТ № 02-01-14/4-1541/314-2964
D10: (локальная смета)
A12: на | B12: Автоматизация водоснабжения и водоотведения, Здание 765
D13: (наименование работ и затрат, наименование объекта)
B15: Основание: р.ч. 0503.07Б.0765 - АВК инв. 314-749, 314-748, 314-747
B16: Сметная стоимость _______________________________________________________________________________________________ | D16: ___________________________140,380 | F16: тыс. руб.
B17: монтажных работ _______________________________________________________________________________________________ | D17: _______________________________________________________________________________________________77,458 | F17: тыс. руб.
B18: оборудования _______________________________________________________________________________________________ | D18: _______________________________________________________________________________________________62,922 | F18: тыс. руб.
B19: Средства на оплату труда _______________________________________________________________________________________________ | D19: ___________________________9,005 | F19: тыс. руб.
B20: Сметная трудоемкость _______________________________________________________________________________________________ | D20: _______________________________________________________________________________________________492,06 | F20: чел.час
B21: Трудозатраты механизаторов _______________________________________________________________________________________________ | D21: _______________________________________________________________________________________________149,95 | F21: чел.час
B22: Составлен(а) в ценах по состоянию на 01.01.2000 г. (редакция 2009 г.)
A25: № пп | B25: Шифр и номер позиции норматива | C25: Наименование работ и затрат, единица измерения | D25: Количество | E25: Стоимость единицы, руб. | G25: Общая стоимость, руб. | J25: Затраты труда рабочих, чел.-ч, не занятых обслуживанием машин
E26: всего | F26: эксплуата- ции машин | G26: Всего | H26: оплаты труда | I26: эксплуата- ция машин
E27: оплаты труда | F27: в т.ч. оплаты труда | I27: в т.ч. оплаты труда | J27: на единицу | K27: всего
A28: 1 | B28: 2 | C28: 3 | D28: 4 | E28: 5 | F28: 6 | G28: 7 | H28: 8 | I28: 9 | J28: 10 | K28: 11
A29: Раздел 1. Монтажные работы и оборудование
A30: Учтены индексы перехода от текущих цен к ценам 2000 года:
A31: К=4,37 к стоимости оборудования (прил.5 письмо Минрегиона РФ №21331-СД/10 от 12.11.2013г.),
A32: К=5,59 к стоимости материалов (прил.1 письмо Минрегиона РФ №21331-СД/10 от 12.11.2013г.)
A33: Заготовительно-складские расходы 1,2% от стоимости оборудования, 2% от стоимости материалов, 3% - транспортные расходы
A34: Цены оборудования, принятые по прайсам ориентировочно, могут быть уточнены по предоставлении счета (калькуляции) заказчиком или при предоставлении ТКП производителя.
A36: 1 | B36: г. Самара, "Мера-тек" III кв.2013 г. | C36: Датчик-реле уровня РОС301-2-УХЛ3 (1,6; 1,6; 0,25); (0,25; 0,25;0,25); (0,25; 0,25;0,6) Цена: 3100,00/1,18/4,37*1,03*1,012 (к-т) | D36: 4 1+2+1 | E36: 626.64 | G36: 2507
A37: 2 | B37: ТЕРм11-02-001-02 | C37: Прибор, устанавливаемый на резьбовых соединениях, масса до 5 кг (1 шт.) | D37: 4 1+2+1 | E37: 23,43 21,79 | G37: 94 | H37: 87 | J37: 1.56 | K37: 6.24
A38: 3 | B38: ТЕРм11-01-001-02 | C38: Конструкции для установки приборов, масса до 2 кг (кронштейн КР-2) (1 шт.) | D38: 5 | E38: 43,24 6,41 | F38: 8,23 0,81 | G38: 216 | H38: 32 | I38: 41 4 | J38: 0.52 | K38: 2.6
A39: 4 | B39: ТЕРм08-02-472-09 | C39: Проводник заземляющий открыто по строительным основаниям из круглой стали диаметром 12 мм (100 м) | D39: 0,016 0,01*1,6 | E39: 1397,41 282,23 | F39: 85,67 3,46 | G39: 22 | H39: 5 | I39: 1 | J39: 21.3 | K39: 0.34
A40: 5 | B40: ТСЦ-101-1617 | C40: Сталь круглая углеродистая обыкновенного качества марки ВСт3пс5-1 диаметром 12 мм (т) | D40: -0.0015 | E40: 5852.2 | G40: -9
A41: 6 | B41: г. Самара, "Мера-тек" III кв.2013 г. | C41: Датчик индикатор РИС 121У-225-42 Цена: 6100,00/4,37*1,03*1,012 (к-т) | D41: 4 | E41: 1455.01 | G41: 5820
A42: 7 | B42: ТЕРм11-02-001-02 | C42: Прибор, устанавливаемый на резьбовых соединениях, масса до 5 кг (1 шт.) | D42: 4 | E42: 23,43 21,79 | G42: 94 | H42: 87 | J42: 1.56 | K42: 6.24
A43: 8 | B43: ТЕРм11-01-001-01 | C43: Конструкции для установки приборов, масса до 1 кг (1 шт.) | D43: 4 | E43: 34,2 6,41 | F43: 7,18 0,81 | G43: 137 | H43: 26 | I43: 29 3 | J43: 0.52 | K43: 2.08
A44: 9 | B44: г. Самара, "Мера-тек" III кв.2013 г. | C44: Датчик-реле уровня РОС102-121-УХЛ-2,0-0,6 Цена: 7300,00/1,18/4,37*1,03*1,012 (к-т) | D44: 4 | E44: 1475.63 | G44: 5903
A45: 10 | B45: ТЕРм11-02-001-02 | C45: Прибор, устанавливаемый на резьбовых соединениях, масса до 5 кг (1 шт.) | D45: 4 | E45: 23,43 21,79 | G45: 94 | H45: 87 | J45: 1.56 | K45: 6.24
A46: 11 | B46: ТЕРм11-01-001-01 | C46: Конструкции для установки приборов, масса до 1 кг (1 шт.) | D46: 4 | E46: 34,2 6,41 | F46: 7,18 0,81 | G46: 137 | H46: 26 | I46: 29 3 | J46: 0.52 | K46: 2.08
A47: 12 | B47: ТСЦ-301-1262 | C47: Манометр сигнализирующий ДМ 2010сг (шт.) | D47: 4 | E47: 251 | G47: 1004
A48: 13 | B48: ТЕРм11-02-002-02 | C48: Прибор, устанавливаемый на фланцевых соединениях, масса до 5 кг (1 шт.) | D48: 4 | E48: 46,43 43,03 | G48: 186 | H48: 172 | J48: 3.08 | K48: 12.32
A49: 14 | B49: ТЕРм11-01-001-02 | C49: Конструкции для установки приборов, масса до 2 кг (кронштейн КУ-3) (1 шт.) | D49: 4 | E49: 43,24 6,41 | F49: 8,23 0,81 | G49: 173 | H49: 26 | I49: 33 3 | J49: 0.52 | K49: 2.08
A50: 15 | B50: г. Самара, "Мера-тек" III кв.2013 г. | C50: Манометр МП3-У Цена: 425,00/4,37*1,03*1,012 (шт.) | D50: 4 | E50: 101.37 | G50: 405
A51: 16 | B51: ТЕРм11-02-001-01 | C51: Прибор, устанавливаемый на резьбовых соединениях, масса до 1,5 кг (1 шт.) | D51: 4 | E51: 15,88 14,39 | G51: 64 | H51: 58 | J51: 1.03 | K51: 4.12
A52: 17 | B52: г. Омск, "АвтоКип" III кв.2013 г. | C52: Разделитель мембранный РМ 5319 Цена: 2500,00/4,37*1,03*1,012 (шт.) | D52: 4 | E52: 596.32 | G52: 2385
A53: 18 | B53: ТЕРм11-07-001-01 прим. | C53: Мембранный разделитель (1 шт.) | D53: 4 | E53: 92,89 17,3 | F53: 74,92 10,84 | G53: 372 | H53: 69 | I53: 300 43 | J53: 1.17 | K53: 4.68
A54: 19 | B54: ТЕРм11-02-042-02 | C54: Клапан с рычажным приводом регулирующий, диаметр условного прохода 15; 20 мм (1 шт.) | D54: 4 | E54: 76,49 13,8 | F54: 56,39 3,64 | G54: 306 | H54: 55 | I54: 226 15 | J54: 1.12 | K54: 4.48
A55: 20 | B55: г. Озерск, "ЗЭМИ-2" I кв.2014 г., прим. | C55: Шкаф сигнализации ШС, габ. 800х600х300 Цена: 31794,00:4,37х1,03х1,012 (к-т) | D55: 1 | E55: 7583.71 | G55: 7584
A56: 21 | B56: ТЕРм08-03-573-05 | C56: Шкаф (пульт) управления навесной, высота, ширина и глубина до 900х600х500 мм (1 шт.) | D56: 1 | E56: 126,83 33,11 | F56: 89,04 6,72 | G56: 127 | H56: 33 | I56: 89 7 | J56: 2.37 | K56: 2.37
A57: 22 | B57: ТЕРм08-03-574-01 | C57: Разводка по устройствам и подключение жил кабелей или проводов сечением до 10 мм2 (100 жил) | D57: 0,08 0,01*4*2 | E57: 1652,15 234,7 | F57: 2,92 0,18 | G57: 132 | H57: 19 | J57: 16.8 | K57: 1.34
A58: 23 | B58: г. Озерск, "Промсервис" III кв.2013 г., прим. | C58: Шкаф управления клапаном ЭК-ШУ, габ. 800х600х300 Цена: 5631,00:4,37х1,03х1,012 (к-т) | D58: 1 | E58: 1343.14 | G58: 1343
A59: 24 | B59: ТЕРм08-03-573-05 | C59: Шкаф (пульт) управления навесной, высота, ширина и глубина до 900х600х500 мм (1 шт.) | D59: 1 | E59: 126,83 33,11 | F59: 89,04 6,72 | G59: 127 | H59: 33 | I59: 89 7 | J59: 2.37 | K59: 2.37
A60: 25 | B60: ТЕРм08-03-574-01 | C60: Разводка по устройствам и подключение жил кабелей или проводов сечением до 10 мм2 (100 жил) | D60: 0,08 0,01*4*2 | E60: 1652,15 234,7 | F60: 2,92 0,18 | G60: 132 | H60: 19 | J60: 16.8 | K60: 1.34
A61: 26 | B61: г. Озерск, "Промсервис" III кв.2013 г., прим. | C61: Шкаф управления насосом 1Н-ШУ...4Н-ШУ, габ. 600х600х300 Цена: 11078,00:4,37х1,03х1,012 (к-т) | D61: 4 | E61: 2642.39 | G61: 10570
A62: 27 | B62: ТЕРм08-03-573-04 | C62: Шкаф (пульт) управления навесной, высота, ширина и глубина до 600х600х350 мм (1 шт.) | D62: 4 | E62: 99,26 33,11 | F62: 62,05 4,71 | G62: 397 | H62: 132 | I62: 248 19 | J62: 2.37 | K62: 9.48
A63: 28 | B63: ТЕРм08-03-574-01 | C63: Разводка по устройствам и подключение жил кабелей или проводов сечением до 10 мм2 (100 жил) | D63: 0,32 0,01*4*2*4 | E63: 1652,15 234,7 | F63: 2,92 0,18 | G63: 529 | H63: 75 | I63: 1 | J63: 16.8 | K63: 5.38
A64: 29 | B64: Смета №1, приложение к договору III кв. 2014г. | C64: Разработка рабочей документации на изготовление н/ст оборудования шкафов Цена: 3812,00х28,50:3,70:1,19 (к-т) | D64: 1 | E64: 24674.54 | G64: 24675
A65: Где К=28,50 - индекс пересчета стоимости оборудования от цен 1991 г. к текущим ценам на 3 кв. 2014 г.
A66: К = 3,70 - индекс пересчета стоимости оборудования от цен 3 кв. 2014 г. к ценам на 2001 г.
A67: К= 1,19 - индекс пересчета стоимости оборудования от цен 2001 г. к ценам на 01.01.2000 г.
A68: 30 | B68: ТЕРм08-01-081-01 | C68: Аппарат (кнопка, ключ управления, замок электромагнитной блокировки, звуковой сигнал, сигнальная лампа) управления и сигнализации, количество подключаемых концов до 2 (1 шт.) | D68: 8 7+1 | E68: 29,8 15,31 | F68: 11,69 0,73 | G68: 238 | H68: 122 | I68: 94 6 | J68: 1.13 | K68: 9.04
A69: 31 | B69: ТСЦ-509-0567 | C69: Панели с кожухом к постам управления ПКУ15-21.121-54 У2 (шт.) | D69: 1 | E69: 726.23 | G69: 726
A70: 32 | B70: ТЕРм08-03-532-04 | C70: Пост управления кнопочный общего назначения, устанавливаемый на конструкции на стене или колонне, количество элементов поста до 3 (1 шт.) | D70: 1 | E70: 122,2 24,12 | F70: 1.28 | G70: 122 | H70: 24 | I70: 1 | J70: 1.8 | K70: 1.8
A71: 33 | B71: ТЕРм08-02-148-01 прим. | C71: Кабель до 35 кВ в проложенных трубах, блоках и коробах, металлорукаве, масса 1 м кабеля до 1 кг (100 м кабеля) | D71: 10,2 0,01*(680+150+190) | E71: 798,84 168,02 | F71: 544,81 57,87 | G71: 8148 | H71: 1714 | I71: 5557 590 | J71: 12.4 | K71: 126.48
A72: 34 | B72: ТЕРм08-02-412-01 | C72: Затягивание провода в проложенные трубы и металлические рукава первого одножильного или многожильного в общей оплетке, суммарное сечение до 2,5 мм2 (100 м) | D72: 1,72 0,01*172 | E72: 658,05 74,33 | F72: 2,92 0,18 | G72: 1132 | H72: 128 | I72: 5 | J72: 5.61 | K72: 9.65
A73: 35 | B73: ТЕРм08-02-412-09 | C73: Затягивание провода в проложенные трубы и металлические рукава каждого последующего одножильного или многожильного в общей оплетке, суммарное сечение до 6 мм2 (100 м) | D73: 6,88 0,01*(800+60-172) | E73: 248,1 30,34 | F73: 2,92 0,18 | G73: 1707 | H73: 209 | I73: 20 1 | J73: 2.29 | K73: 15.76
A74: 36 | B74: ТЕРм08-02-158-04 | C74: Заделка концевая сухая для контрольного кабеля сечением одной жилы до 2,5 мм2, количество жил до 4 (1 шт.) | D74: 60 2*30 | E74: 38,4 3,52 | F74: 2,92 0,18 | G74: 2304 | H74: 211 | I74: 175 11 | J74: 0.26 | K74: 15.6
A75: 37 | B75: ТЕРм08-02-158-05 | C75: Заделка концевая сухая для контрольного кабеля сечением одной жилы до 2,5 мм2, количество жил до 7 (1 шт.) | D75: 16 2*8 | E75: 40,06 5,15 | F75: 2,92 0,18 | G75: 641 | H75: 82 | I75: 47 3 | J75: 0.38 | K75: 6.08
A76: 38 | B76: ТЕРм08-02-407-01 | C76: Труба стальная по установленным конструкциям, по стенам с креплением скобами, диаметр до 25 мм (100 м) | D76: 4,1 0,01*410 | E76: 2527,2 408,1 | F76: 897,93 320,97 | G76: 10362 | H76: 1673 | I76: 3682 1316 | J76: 30.8 | K76: 126.28
A77: 39 | B77: ТЕРм08-02-407-02 | C77: Труба стальная по установленным конструкциям, по стенам с креплением скобами, диаметр до 40 мм (100 м) | D77: 0,55 0,01*55 | E77: 3009,12 549,88 | F77: 1234,04 433,04 | G77: 1655 | H77: 302 | I77: 679 238 | J77: 41.5 | K77: 22.83
A78: 40 | B78: ТЕРм08-02-407-03 | C78: Труба стальная по установленным конструкциям, по стенам с креплением скобами, диаметр до 50 мм (100 м) | D78: 0,2 0,01*20 | E78: 3549 628,05 | F78: 1373,2 497,53 | G78: 710 | H78: 126 | I78: 275 100 | J78: 47.4 | K78: 9.48
A79: 41 | B79: ТЕРм08-02-411-01 | C79: Рукав металлический наружным диаметром до 48 мм (100 м) | D79: 1,2 0,01*120 | E79: 3947,41 459,78 | F79: 240,22 4 | G79: 4737 | H79: 552 | I79: 288 5 | J79: 34.7 | K79: 41.64
A80: 42 | B80: ТЕРм08-02-407-06 | C80: Труба стальная по установленным конструкциям, в готовых бороздах, по основанию пола, диаметр до 25 мм (100 м) | D80: 0,4 0,01*40 | E80: 1621,52 251,75 | F80: 175,48 8,55 | G80: 649 | H80: 101 | I80: 70 3 | J80: 19 | K80: 7.6
A81: 43 | B81: ТЕРм08-03-545-01 | C81: Коробка (ящик) с зажимами для кабелей и проводов сечением до 6 мм2, устанавливаемая на конструкции на стене или колонне, количество зажимов до 10 (1 шт.) | D81: 3 | E81: 160,78 43,86 | F81: 2.36 | G81: 482 | H81: 132 | I81: 7 | J81: 3.31 | K81: 9.93
A82: 44 | B82: ТЕРм08-02-152-06 | C82: Стойка сборных кабельных конструкций (без полок), масса до 4 кг (100 шт.) | D82: 0,08 0,01*8 | E82: 2253,78 384,82 | F82: 390,23 12,01 | G82: 180 | H82: 31 | I82: 31 1 | J82: 28.4 | K82: 2.27
A83: 45 | B83: ТЕРм08-02-152-01 прим. | C83: Профиль (К239) (1 т) | D83: 0,0208 0,001*5,2*4 | E83: 21846,04 1368,55 | F83: 863,32 38,4 | G83: 454 | H83: 28 | I83: 18 1 | J83: 101 | K83: 2.1
A84: 46 | B84: ТЕРм08-02-395-01 | C84: Лоток металлический штампованный по установленным конструкциям, ширина лотка до 200 мм (1 т) | D84: 0,04792 0,001*2*(4*0,84+10*1,27+4*0,4+10*0,63) | E84: 2242,32 894,38 | F84: 1248,2 337,7 | G84: 107 | H84: 43 | I84: 60 16 | J84: 67.5 | K84: 3.23
A85: 47 | B85: ТЕРм08-02-152-07 прим. | C85: Консоль, масса до 0,4 кг (100 шт.) | D85: 0,14 0,01*14 | E85: 62,76 27,91 | F85: 32,15 2 | G85: 9 | H85: 4 | I85: 5 | J85: 2.06 | K85: 0.29
A86: 48 | B86: ТЕРм08-01-087-03 | C86: Металлические конструкции (1 т) | D86: 0,1 0,001*100 | E86: 18456,73 842,81 | F86: 643,96 31,67 | G86: 1846 | H86: 84 | I86: 64 3 | J86: 62.2 | K86: 6.22
A87: Итого прямые затраты по разделу в ценах 2001г. | G87: 101735 | H87: 6607 | I87: 12164 2398 | K87: 492.06
A88: Накладные расходы | G88: 8436
A89: В том числе, справочно:
A90: 80% ФОТ (от 796) (Поз. 2-3, 7-8, 10-11, 13-14, 16, 18-19) | G90: 637
A91: 95% ФОТ (от 8209) (Поз. 4, 21-22, 24-25, 27-28, 30, 32-48) | G91: 7799
A92: Сметная прибыль | G92: 5814
A93: В том числе, справочно:
A94: 60% ФОТ (от 796) (Поз. 2-3, 7-8, 10-11, 13-14, 16, 18-19) | G94: 478
A95: 65% ФОТ (от 8209) (Поз. 4, 21-22, 24-25, 27-28, 30, 32-48) | G95: 5336
A96: Итого по разделу 1 Монтажные работы и оборудование | G96: 115985 | K96: 492.06
A97: Раздел 2. Материалы, не учтенные ценником
A98: 49 | B98: г. Москва, "База электроники" III кв. 2013 г. | C98: Клапан запорный стальной ОБ22.044.015-08 Цена: 638,40:1,18:5,59х1,03х1,02 (шт.) | D98: 4 | E98: 101.68 | G98: 407
A99: 50 | B99: г. Москва, "Сфера Премиум" III кв. 2013 г. | C99: Ручной извещатель пожарный OP1-W01-B-10-230VAC Цена: 964,00:5,59х1,03х1,02 (шт.) | D99: 7 | E99: 181.18 | G99: 1268
A100: 51 | B100: г. Москва, "Сфера Премиум" III кв. 2013 г. | C100: Оповещатель "Орбита С3" Цена: 346,00:1,18:5,59х1,03х1,02 (шт.) | D100: 1 | E100: 55.11 | G100: 55
A101: 52 | B101: г. Подольск, "Подольсккабель" III кв. 2013 г. | C101: Кабель КВВГнг-LS, сеч. 4х1,5 Цена: 24272,60:1,18:5,59х1,03х1,02 (1000 м) | D101: 0,68 0,001*680 | E101: 3865.98 | G101: 2629
A102: 53 | B102: г. Подольск, "Подольсккабель" III кв. 2013 г. | C102: Кабель КВВГнг-LS, сеч. 7х1,5 Цена: 42397,40:1,18:5,59х1,03х1,02 (1000 м) | D102: 0,15 0,001*150 | E102: 6752.78 | G102: 1013
A103: 54 | B103: г. Подольск, "Подольсккабель" III кв. 2013 г. | C103: Кабель КВВГнг-FRLS, сеч. 4х1,5 Цена: 76169,00:1,18:5,59х1,03х1,02 (1000 м) | D103: 0,19 0,001*190 | E103: 12131.7 | G103: 2305
A104: 55 | B104: ТСЦ-502-0495 | C104: Провода силовые для электрических установок на напряжение до 450 В с медной жилой марки ПВ1, сечением 1,5 мм2 (1000 м) | D104: 0,8 0,001*800 | E104: 1464 | G104: 1171
A105: 56 | B105: ТСЦ-502-0497 | C105: Провода силовые для электрических установок на напряжение до 450 В с медной жилой марки ПВ1, сечением 2,5 мм2 (1000 м) | D105: 0,06 0,001*60 | E105: 2230 | G105: 134
A106: 57 | B106: ТСЦ-103-0002 | C106: Трубы стальные сварные водогазопроводные с резьбой черные легкие (неоцинкованные) диаметр условного прохода 20 мм, толщина стенки 2,5 мм (м) | D106: 410 | E106: 14.72 | G106: 6035
A107: 58 | B107: ТСЦ-103-0004 | C107: Трубы стальные сварные водогазопроводные с резьбой черные легкие (неоцинкованные) диаметр условного прохода 32 мм, толщина стенки 2,8 мм (м) | D107: 55 | E107: 26.35 | G107: 1449
A108: 59 | B108: ТСЦ-103-0006 | C108: Трубы стальные сварные водогазопроводные с резьбой черные легкие (неоцинкованные) диаметр условного прохода 50 мм, толщина стенки 3 мм (м) | D108: 20 | E108: 40.14 | G108: 803
...

Sheet 04-03-14--4-1545
A1: ______________ | I1: ____________
A2: " _____ " ________________ 2014 г. | I2: "______ " _______________2014 г.
D3: Реконструкция комплекса по переработке РАО (пл. 7Б)
D4: (наименование стройки)
D6: ЛОКАЛЬНЫЙ СМЕТНЫЙ РАСЧЕТ № 04-03-14/4-1545/314-2965
D7: (локальная смета)
A9: на | B9: Перевод сетей 6 кВ, Здание 765
D10: (наименование работ и затрат, наименование объекта)
B12: Основание: р.ч. 0503.07Б.0000 - ЭС, инв. №314-738; 314-62/ДСП, ПОС инв. №311-208/ДСП
B13: Сметная стоимость _______________________________________________________________________________________________ | D13: ___________________________43,932 | F13: тыс. руб.
B14: строительных работ _______________________________________________________________________________________________ | D14: _______________________________________________________________________________________________6,216 | F14: тыс. руб.
B15: монтажных работ _______________________________________________________________________________________________ | D15: _______________________________________________________________________________________________37,716 | F15: тыс. руб.
B16: Средства на оплату труда _______________________________________________________________________________________________ | D16: ___________________________4,891 | F16: тыс. руб.
B17: Сметная трудоемкость _______________________________________________________________________________________________ | D17: _______________________________________________________________________________________________340,45 | F17: чел.час
B18: Трудозатраты механизаторов _______________________________________________________________________________________________ | D18: _______________________________________________________________________________________________47,8 | F18: чел.час
B19: Общая длина кабеля/стоимость 1 пм ___________________________________________130/337,94 руб.
B20: Составлен(а) в по состоянию на 01.01.2000 г. (редакция 2009)
A23: № пп | B23: Шифр и номер позиции норматива | C23: Наименование работ и затрат, единица измерения | D23: Количество | E23: Стоимость единицы, руб. | G23: Общая стоимость, руб. | J23: Затраты труда рабочих, чел.-ч, не занятых обслуживанием машин
E24: всего | F24: эксплуата- ции машин | G24: Всего | H24: оплаты труда | I24: эксплуата- ция машин
E25: оплаты труда | F25: в т.ч. оплаты труда | I25: в т.ч. оплаты труда | J25: на единицу | K25: всего
A26: 1 | B26: 2 | C26: 3 | D26: 4 | E26: 5 | F26: 6 | G26: 7 | H26: 8 | I26: 9 | J26: 10 | K26: 11
A27: Раздел 1. Монтажные работы и оборудование
A29: Откопать существующий кабель
A30: 1 | B30: ТЕРм08-02-148-04 Кдем=0,6 | C30: Кабель до 35 кВ в проложенных трубах, блоках и коробах, масса 1 м кабеля до 6 кг (100 м кабеля) | D30: 0,02 2*0,01 | E30: 1073,15 234,14 | F30: 839,01 82,98 | G30: 21 | H30: 5 | I30: 16 2 | J30: 17.28 | K30: 0.35
A31: Устройство постели для двух кабелей
A32: 2 | B32: ТЕРм08-02-142-01 | C32: Устройство постели при одном кабеле в траншее (100 м кабеля) | D32: 0,36 (40-4)*0,01 | E32: 1549,97 89,84 | F32: 1458,33 90,82 | G32: 558 | H32: 32 | I32: 525 33 | J32: 6.63 | K32: 2.39
A33: 3 | B33: ТЕРм08-02-142-02 | C33: На каждый последующий кабель добавлять к расценке 08-02-142-01 (100 м кабеля) | D33: 0,36 (40-4)*0,01 | E33: 452,33 33,74 | F33: 417,92 26,03 | G33: 163 | H33: 12 | I33: 150 9 | J33: 2.49 | K33: 0.9
A34: Устройство постели для четырёх кабелей
A35: 4 | B35: ТЕРм08-02-142-01 | C35: Устройство постели при одном кабеле в траншее (100 м кабеля) | D35: 0,05 5*0,01 | E35: 1549,97 89,84 | F35: 1458,33 90,82 | G35: 77 | H35: 4 | I35: 73 5 | J35: 6.63 | K35: 0.33
A36: 5 | B36: ТЕРм08-02-142-02 | C36: На каждый последующий кабель добавлять к норме 08-01-142-1 (100 м кабеля) | D36: 0,15 0,05*3 | E36: 452,33 33,74 | F36: 417,92 26,03 | G36: 68 | H36: 5 | I36: 63 4 | J36: 2.49 | K36: 0.37
A37: 6 | B37: ТЕРм08-02-148-04 | C37: Кабель до 35 кВ в проложенных трубах, блоках и коробах, масса 1 м кабеля до 6 кг (100 м кабеля) | D37: 0,04 0,01*4 | E37: 1879,03 390,24 | F37: 1398,34 138,3 | G37: 75 | H37: 16 | I37: 56 6 | J37: 28.8 | K37: 1.15
A38: 7 | B38: ТЕРм08-02-141-04 | C38: Кабель до 35 кВ в готовых траншеях без покрытий, масса 1 м: до 6 кг (100 м кабеля) | D38: 1,26 0,01*(75+55-4) | E38: 1606,72 295,39 | F38: 1194,52 113,96 | G38: 2024 | H38: 372 | I38: 1505 144 | J38: 21.8 | K38: 27.47
A39: Поктрытие кирпичом двух кабелей
A40: 8 | B40: ТЕРм08-02-143-01 | C40: Покрытие кабеля, проложенного в траншее, кирпичом: одного кабеля (100 м кабеля) | D40: 0,36 (40-4)*0,01 | E40: 1329,11 88,21 | F40: 1239,14 77,17 | G40: 478 | H40: 32 | I40: 446 28 | J40: 6.51 | K40: 2.34
A41: 9 | B41: ТЕРм08-02-143-02 | C41: Покрытие кабеля, проложенного в траншее кирпичом каждого последующего (100 м кабеля) | D41: 0,36 (40-4)*0,01 | E41: 789,31 46,07 | F41: 742,32 46,23 | G41: 284 | H41: 17 | I41: 267 17 | J41: 3.4 | K41: 1.22
A42: Поктрытие кирпичом четырёх кабелей
A43: 10 | B43: ТЕРм08-02-143-01 | C43: Покрытие кабеля, проложенного в траншее, кирпичом: одного кабеля (100 м кабеля) | D43: 0,05 5*0,01 | E43: 1329,11 88,21 | F43: 1239,14 77,17 | G43: 66 | H43: 4 | I43: 62 4 | J43: 6.51 | K43: 0.33
A44: 11 | B44: ТЕРм08-02-143-02 | C44: Покрытие кабеля, проложенного в траншее, кирпичом: каждого последующего (100 м кабеля) | D44: 0,15 0,05*3 | E44: 789,31 46,07 | F44: 742,32 46,23 | G44: 118 | H44: 7 | I44: 111 7 | J44: 3.4 | K44: 0.51
A45: 12 | B45: ТЕРм08-02-472-10 прим | C45: Проводник заземляющий: из медного изолированного провода сечением 25 мм2 открыто по строительным основаниям (100 м) | D45: 0,045 4,5*0,01 | E45: 4732,43 617,45 | F45: 45,38 0,55 | G45: 213 | H45: 28 | I45: 2 | J45: 46.6 | K45: 2.1
A46: 13 | B46: ТЕРм08-02-155-01 прим | C46: Ввод кабелей в здания (1 проход кабеля) | D46: 6 | E46: 22,58 6,37 | G46: 135 | H46: 38 | J46: 0.47 | K46: 2.82
A47: 14 | B47: ТЕРм08-02-165-06 | C47: Муфта концевая эпоксидная для 3-жильного кабеля напряжением до 10 кВ, сечение одной жилы до 70 мм2 (1 шт.) | D47: 6 4+2 | E47: 917,78 90,11 | F47: 822,2 95,55 | G47: 5507 | H47: 541 | I47: 4933 573 | J47: 6.65 | K47: 39.9
A48: 15 | B48: ТЕРм08-02-167-07 | C48: Муфта соединительная эпоксидная для 3-4-жильного кабеля напряжением до 10 кВ, сечение жил до 70 мм2 (1 шт.) | D48: 2 | E48: 347,23 110,84 | F48: 5,85 0,36 | G48: 694 | H48: 222 | I48: 12 1 | J48: 8.18 | K48: 16.36
A49: 16 | B49: ТЕРм08-02-143-01 прим. с к=0,5 | C49: Разделительная перегородка из кирпича (100 м кабеля) | D49: 0,45 0,01*45 | E49: 664,56 44,11 | F49: 619,57 38,59 | G49: 299 | H49: 20 | I49: 279 17 | J49: 3.255 | K49: 1.46
A50: Итого прямые затраты по разделу в ценах 2001г. | G50: 10780 | H50: 1355 | I50: 8500 850 | K50: 100
A51: Накладные расходы | G51: 2095
A52: Сметная прибыль | G52: 1433
A53: Итого по разделу 1 Монтажные работы и оборудование | G53: 14308 | K53: 100
A54: Электромонтажные работы на других объектах | G54: 14308 | K54: 100
A55: Итого | G55: 14308 | K55: 100
A56: В том числе:
A57: Материалы | G57: 925
A58: Машины и механизмы | G58: 8500
A59: ФОТ | G59: 2205
A60: Накладные расходы | G60: 2095
A61: Сметная прибыль | G61: 1433
A62: Итого по разделу 1 Монтажные работы и оборудование | G62: 14308 | K62: 100
A63: Раздел 2. Материалы, не учтённые ценником
A64: 17 | B64: ТСЦ-501-0433 прим. | C64: Кабели силовые на напряжение 6000 В для прокладке в земле с алюминиевыми жилами в свинцовой оболочке марки АСБ, с числом жил - 3 и сечением 70 мм2 (1000 м) | D64: 0,075 0,001*75 | E64: 131984 | G64: 9899
A65: 18 | B65: ТСЦ-501-0432 прим. | C65: Кабели силовые на напряжение 6000 В для прокладке в земле с алюминиевыми жилами в свинцовой оболочке марки АСБ, с числом жил - 3 и сечением 50 мм2 (1000 м) | D65: 0,055 0,001*55 | E65: 113686 | G65: 6253
A66: 19 | B66: ТСЦ-502-0780 прим. | C66: Муфта термоусаживаемая концевая внутренней установки для кабеля с пропитанной бумажной изоляцией на напряжение до 10 кВ, марки КВТп10-70/120 с болтовыми наконечниками и комплектом пайки для присоединения заземления (компл.) | D66: 6 4+2 | E66: 466.96 | G66: 2802
A67: 20 | B67: ТСЦ-502-0769 прим. | C67: Муфта термоусаживаемая соединительная для кабеля с полиэтиленовой или бумажной изоляцией на напряжение до 10 кВ, марки СТп-10-3х(70-120) мм2 (шт.) | D67: 2 | E67: 1361.14 | G67: 2722
A68: 21 | B68: ТСЦ-502-0426 | C68: Провода неизолированные медные гибкие для электрических установок и антенн марки МГ, сечением 16 мм2 (т) | D68: 0,000653 0,145*4,5*0,001 | E68: 83959 | G68: 55
A69: 22 | B69: ТСЦ-408-0122 | C69: Песок природный для строительных работ средний (м3) | D69: 7.1 | E69: 135.61 | G69: 963
A70: 23 | B70: ТСЦ-404-0007 | C70: Кирпич керамический одинарный, размером 250х120х65 мм, марка 150 (1000 шт.) | D70: 0,625 0,001*625 | E70: 1141.94 | G70: 714
A71: Итого прямые затраты по разделу в ценах 2001г. | G71: 23408
A72: Итого по разделу 2 Материалы, не учтённые ценником | G72: 23408
A73: Раздел 3. Строительные работы
A74: 24 | B74: ТЕР34-02-001-03 | C74: Устройство трубопроводов из асбестоцементных труб с соединением полиэтиленовыми муфтами до 2 отверстий (1 канало-километр трубопровода) | D74: 0,004 0,001*4 | E74: 18879,28 1715,04 | G74: 76 | H74: 7 | J74: 144 | K74: 0.58
A75: Итого прямые затраты по разделу в ценах 2001г. | G75: 76 | H75: 7 | K75: 0.58
A76: Накладные расходы | G76: 7
A77: Сметная прибыль | G77: 5
A78: Итого по разделу 3 Строительные работы | G78: 88 | K78: 0.58
A79: Раздел 4. Земляные работы
A80: Откопать существующий кабель
A81: 25 | B81: ТЕР01-02-057-03 | C81: Разработка грунта вручную в траншеях глубиной до 2 м без креплений с откосами, группа грунтов: 3 (100 м3 грунта) | D81: 0,0144 0,36*4*0,01 | E81: 3543,18 3543,18 | G81: 51 | H81: 51 | J81: 322.4 | K81: 4.64
A82: 26 | B82: ТЕР01-02-061-02 | C82: Засыпка вручную траншей, пазух котлованов и ям, группа грунтов 2 (100 м3 грунта) | D82: 0,0144 0,36*4*0,01 | E82: 1027,4 1027,4 | G82: 15 | H82: 15 | J82: 97.2 | K82: 1.4
A84: 27 | B84: ТЕР01-02-057-03 | C84: Разработка грунта вручную в траншеях глубиной до 2 м без креплений с откосами, группа грунтов: 3, при пересечении с кабелями (100 м3 грунта) | D84: 0,11232 4*2,6*0,54*2*0,01 | E84: 3543,18 3543,18 | G84: 398 | H84: 398 | J84: 322.4 | K84: 36.21
A85: 28 | B85: ТЕР01-02-057-03 | C85: Разработка грунта вручную в траншеях глубиной до 2 м без креплений с откосами, группа грунтов: 3 (100 м3 грунта) | D85: 0,52668 (105+108)*0,3*0,01-0,11232 | E85: 2725,52 2725,52 | G85: 1435 | H85: 1435 | J85: 248 | K85: 130.62
A86: 29 | B86: ТЕР01-01-009-09 | C86: Разработка грунта в траншеях экскаватором "обратная лопата" с ковшом вместимостью 0,65 (0,5-1) м3 в отвал, группа грунтов: 3 (1000 м3 грунта) | D86: 0,01491 (10,5+10,8)*0,7*0,001 | E86: 5315.48 | F86: 5315,48 559,04 | G86: 79 | I86: 79 8
A87: 30 | B87: ТЕР01-02-061-02 | C87: Засыпка вручную траншей, пазух котлованов и ям, группа грунтов 2 (100 м3 грунта) | D87: 0,0639 (10,5+10,8)*0,3*0,01 | E87: 1027,4 1027,4 | G87: 66 | H87: 66 | J87: 97.2 | K87: 6.21
A88: 31 | B88: ТЕР01-01-034-06 | C88: Засыпка траншей и котлованов с перемещением грунта до 5 м бульдозерами мощностью 121 (165) кВт (л.с.), группа грунтов: 3 (1000 м3 грунта) | D88: 0,01491 (10,5+10,8)*0,7*0,001 | E88: 573.73 | F88: 573,73 57,51 | G88: 9 | I88: 9 1
A89: 32 | B89: ТЕР01-02-003-01 | C89: Уплотнение грунта вибрационными катками 2,2 т на первый проход по одному следу при толщине: 25 см (1000 м3 уплотненного грунта) | D89: 0,01491 (10,5+10,8)*0,7*0,001 | E89: 1486.94 | F89: 1486,94 249,63 | G89: 22 | I89: 22 4
A90: Котлован под муфту
A91: 33 | B91: ТЕР01-02-056-03 | C91: Разработка грунта вручную в траншеях шириной более 2 м и котлованах площадью сечения до 5 м2 с креплениями, глубина траншей и котлованов до 2 м, группа грунтов 3 (100 м3 грунта) | D91: 0,14 2*7/100 | E91: 3979,97 3979,97 | G91: 557 | H91: 557 | J91: 337 | K91: 47.18
A92: 34 | B92: ТЕР01-02-061-02 | C92: Засыпка вручную траншей, пазух котлованов и ям, группа грунтов 2 (100 м3 грунта) | D92: 0,14 2*7/100 | E92: 1027,4 1027,4 | G92: 144 | H92: 144 | J92: 97.2 | K92: 13.61
A93: Итого прямые затраты по разделу в ценах 2001г. | G93: 2776 | H93: 2666 | I93: 110 13 | K93: 239.87
A94: Накладные расходы | G94: 2145
A95: Сметная прибыль | G95: 1207
A96: Итого по разделу 4 Земляные работы | G96: 6128 | K96: 239.87
A97: ИТОГИ ПО СМЕТЕ:
A98: Итого прямые затраты по смете в ценах 2001г. | G98: 37040 | H98: 4028 | I98: 8610 863 | K98: 340.45
A99: Накладные расходы | G99: 4247
A100: Сметная прибыль | G100: 2645
A101: ВСЕГО по смете | G101: 43932 | K101: 340.45
A102: Итоги по разделу 1 Монтажные работы и оборудование :
A103: Электромонтажные работы на других объектах:
A104: Итого Поз. 1-16 | G104: 10780 | H104: 1355 | I104: 8500 850 | K104: 100
A105: Накладные расходы 95% ФОТ (от 2 205) | G105: 2095
A106: Сметная прибыль 65% ФОТ (от 2 205) | G106: 1433
A107: Итого c накладными и см. прибылью | G107: 14308 | K107: 100
...

Sheet 02-01-22--4-1544
A1: СОГЛАСОВАНО: | I1: УТВЕРЖДАЮ:
A4: ______________ | I4: ____________
A5: " _____ " ________________ 2014 г. | I5: "______ " _______________2014 г.
D6: Реконструкция комплекса по переработке РАО (пл. 7Б)
D7: (наименование стройки)
D9: ЛОКАЛЬНЫЙ СМЕТНЫЙ РАСЧЕТ № 02-01-22/4-1544/314-2972
D10: (локальная смета)
A12: на | B12: Активное оборудование ЛВС, Здание 765
D13: (наименование работ и затрат, наименование объекта)
B15: Основание: р.ч.0503.7Б.0765-СС инв. №314-740, 314-739
B16: Сметная стоимость _______________________________________________________________________________________________ | D16: ___________________________38,240 | F16: тыс. руб.
B17: монтажных работ _______________________________________________________________________________________________ | D17: _______________________________________________________________________________________________27,713 | F17: тыс. руб.
B18: оборудования _______________________________________________________________________________________________ | D18: _______________________________________________________________________________________________10,527 | F18: тыс. руб.
B19: Средства на оплату труда _______________________________________________________________________________________________ | D19: ___________________________2,793 | F19: тыс. руб.
B20: Сметная трудоемкость _______________________________________________________________________________________________ | D20: _______________________________________________________________________________________________130,01 | F20: чел.час
B21: Трудозатраты механизаторов _______________________________________________________________________________________________ | D21: _______________________________________________________________________________________________47,39 | F21: чел.час
B22: Составлен(а) в ценах по состоянию на 01.01.2000 г. (редакция 2009)
A25: № пп | B25: Шифр и номер позиции норматива | C25: Наименование работ и затрат, единица измерения | D25: Количество | E25: Стоимость единицы, руб. | G25: Общая стоимость, руб. | J25: Затраты труда рабочих, чел.-ч, не занятых обслуживанием машин
E26: всего | F26: эксплуата- ции машин | G26: Всего | H26: оплаты труда | I26: эксплуата- ция машин
E27: оплаты труда | F27: в т.ч. оплаты труда | I27: в т.ч. оплаты труда | J27: на единицу | K27: всего
A28: 1 | B28: 2 | C28: 3 | D28: 4 | E28: 5 | F28: 6 | G28: 7 | H28: 8 | I28: 9 | J28: 10 | K28: 11
A29: Раздел 1. Монтажные работы и оборудование
A30: Учтён территориальный коэффициент к заработной плате К=1,2:1,15=1,0434
A31: Транспортные расходы (3%), заготовительно-складские расходы (2%) на материалы; (1,2%) на оборудование
A32: К= 4,48 - индекс пересчета стоимости оборудования от цен на III квартал 2014 г. к ценам на 01.01.2000г.(письмо Минстроя РФ №15285-ЕС/08 от 04.08.14)
A33: К= 4,4 - индекс пересчета стоимости оборудования от цен на IV квартал 2014 г. к ценам на 01.01.2000г.(письмо Минстроя РФ №25374-ЮР/08 от 13.11.14)
A34: К= 5,71 - индекс пересчета стоимости материалов от цен на IV квартал 2014 г. к ценам на 01.01.2000г.(письмо Минстроя РФ №25374-ЮР/08 от 13.11.14)
A36: Активное оборудование ЛВС
A37: 1 О | B37: ООО "АйТи-Практика", г.Екатеринбург III кв. 2014 г. | C37: Коммутатор управляемый D-LINK DES-3526 Цена:305,04$*54,49:1,18:4,48х1,03х1,012 (шт) | D37: 1 | E37: 3337 | G37: 3337
A38: 2 | B38: ТЕРм10-04-100-06 прим | C38: Установка коммутатора (1 шт.) | D38: 1 | E38: 308,79 94,85 | G38: 309 | H38: 95 | J38: 7 | K38: 7
A39: 3 О | B39: ООО "АйТи-Практика", г.Екатеринбург III кв. 2014 г. | C39: Медиаконвертер DМC-515 SC Цена:68.22$*54,49:4,48:1,18х1,03х1,012 (шт) | D39: 1 | E39: 746.3 | G39: 746
A40: 4 О | B40: ООО "АйТи-Практика", г.Екатеринбург III кв. 2014 г. прим. | C40: Медиаконвертер DМS-615 SC Цена:68.22$*54,49:4,48х1,03х1,012 (шт) | D40: 1 | E40: 746.3 | G40: 746
A41: 5 | B41: ТЕРм11-04-008-02 прим | C41: Установка медиаконвертера (1 шт.) | D41: 2 1+1 | E41: 26,66 25,07 | F41: 1.09 | G41: 53 | H41: 50 | I41: 2 | J41: 2.06 | K41: 4.12
A42: 6 О | B42: г. Екатеринбург Amelta IV кв. 2014 г. | C42: Источник бесперебойного питания VGD-1000 RM 2U Цена:20652,19:1,18:4,4х1,03х1,012 (шт) | D42: 1 | E42: 4146.19 | G42: 4146
A43: 7 | B43: ТЕРм10-08-003-03 | C43: Блок питания и контроля (1 шт.) | D43: 1 | E43: 59,97 51,77 | F43: 0.37 | G43: 60 | H43: 52 | J43: 3.6 | K43: 3.6
A44: 8 О | B44: г. Екатеринбург Amelta | C44: Внутренний SNMP-адаптер для ИБП Цена:7729,36:1,18:4,4х1,03х1,012 (шт) | D44: 1 | E44: 1551.77 | G44: 1552
A45: 9 | B45: ТЕРм11-04-008-01 прим | C45: Установка SNMP-адаптера (1 шт.) | D45: 1 | E45: 13,88 12,54 | F45: 1.09 | G45: 14 | H45: 13 | I45: 1 | J45: 1.03 | K45: 1.03
A46: 10 | B46: ТЕРм08-03-591-08 прим | C46: Розетка оптическая (100 шт.) | D46: 0.01 | E46: 813,8 603,5 | F46: 29,99 0,73 | G46: 8 | H46: 6 | J46: 43.2 | K46: 0.43
A47: 11 | B47: ТЕРм10-04-100-01 прим | C47: Установка комплекта телекоммуникационного шкафа (1 шт.) | D47: 1 | E47: 179,67 176,15 | G47: 180 | H47: 176 | J47: 13 | K47: 13
A48: 12 | B48: ТЕРм10-06-055-03 | C48: Установка, монтаж УССЛК с учетом измерений в процессе монтажа на волоконно-оптическом кабеле ГТС с числом волокон 12 (коммуник. панель) (1 УССЛК) | D48: 2 | E48: 3559,09 744,48 | F48: 2789,9 345,2 | G48: 7118 | H48: 1489 | I48: 5580 690 | J48: 44 | K48: 88
A49: 13 | B49: ТЕРм10-06-050-01 | C49: Прокладка, проверка затухания и ввод ШСС в УССЛК (100 м шнура) | D49: 0,6 0,01*(2*2+2*3+1*2+2*24) | E49: 55,28 54,2 | G49: 33 | H49: 33 | J49: 4 | K49: 2.4
A50: 14 | B50: ТЕРм08-02-395-02 | C50: Лоток металлический штампованный по установленным конструкциям, ширина лотка до 400 мм (1 т) | D50: 0,1795 0,001*(20*5,1+20*0,02+20*0,02+20*0,01+50*0,06+6*0,03+20*0,85+20*0,95+60*0,022+20*1,0+20*0,8) | E50: 1949,24 769,83 | F50: 1103,09 281,5 | G50: 350 | H50: 138 | I50: 198 51 | J50: 58.1 | K50: 10.43
A51: Итого прямые затраты по разделу в ценах 2001г. | G51: 18652 | H51: 2052 | I51: 5781 741 | K51: 130.01
A52: Накладные расходы | G52: 2739
A53: Сметная прибыль | G53: 1811
A54: Итоги по разделу 1 Монтажные работы и оборудование :
A55: Итого Монтажные работы | G55: 12675 | K55: 130.01
A56: Итого Оборудование | G56: 10527
A57: Итого | G57: 23202 | K57: 130.01
A58: В том числе:
A59: Материалы | G59: 292
A60: Машины и механизмы | G60: 5781
A61: ФОТ | G61: 2793
A62: Оборудование | G62: 10527
A63: Накладные расходы | G63: 2739
A64: Сметная прибыль | G64: 1811
A65: Итого по разделу 1 Монтажные работы и оборудование | G65: 23202 | K65: 130.01
A66: Раздел 2. Материалы, не учтенные ценником
A67: 15 | B67: ООО "АйТи-Практика", г.Екатеринбург | C67: Основание розетки с рамкой для одной розетки AMP2-966740-2 Цена:10,71*54,49:1,18:5,71х1,03х1,02 (шт) | D67: 1 | E67: 91 | G67: 91
A68: 16 | B68: ООО "АйТи-Практика", г.Екатеринбург | C68: Розетка оптическая AMP2-969733-2 Цена:45,84*54,49:1,18:5,71х1,03х1,02 (шт) | D68: 1 | E68: 389.48 | G68: 389
A69: Стоимость расходных материалов (дюбели, хомуты) учтена расценками на монтаж оборудования ЛВС
A70: 17 | B70: г. Екатеринбург "Optcom" | C70: Шкаф напольный ESTAR DRK 36U 66 Цена:22205,4:1,18:5,71х1,03х1,02 (шт) | D70: 1 | E70: 3462.41 | G70: 3462
A71: 18 | B71: г. Екатеринбург "Optcom" | C71: Комплект уголков ESTAR М44 RLD60 Цена:753,49:1,18:5,71х1,03х1,02 (шт) | D71: 1 | E71: 117.49 | G71: 117
A72: 19 | B72: г. Екатеринбург "Optcom" | C72: 19" 1U горизонтальный кабель-организатор ESTAR Е44 ORG1U Цена:811,18:1,18:5,71х1,03х1,02 (шт) | D72: 3 | E72: 126.48 | G72: 379
A73: 20 | B73: г. Екатеринбург "Optcom" | C73: Кабельное кольцо ESTAR К44 RING Цена:446,66:1,18:5,71х1,03х1,02 (шт) | D73: 10 | E73: 69.65 | G73: 697
A74: 21 | B74: г. Екатеринбург "Optcom" | C74: Модуль вентиляторный ESTAR М44 HV4F Цена:5950,70:1,18:5,71х1,03х1,02 (шт) | D74: 1 | E74: 927.87 | G74: 928
A75: 22 | B75: г. Екатеринбург "Optcom" | C75: 19" 1U блок розеток ESTAR Е44 PWC07 Цена:2945,91:1,18:5,71х1,03х1,02 (шт) | D75: 1 | E75: 459.34 | G75: 459
A76: 23 | B76: г. Екатеринбург "Optcom" | C76: Комплект проводов заземления с эквипотенциальной шиной ESTAR М44 PEB01 Цена:1358,39:1,18:5,71х1,03х1,02 (шт) | D76: 1 | E76: 211.81 | G76: 212
A77: 24 | B77: г. Екатеринбург "Optcom" | C77: Полка стационарная ESTAR Е44 SBR60 Цена:1006,76:1,18:5,71х1,03х1,02 (шт) | D77: 1 | E77: 156.98 | G77: 157
A78: 25 | B78: г. Екатеринбург "Optcom" | C78: Набор винт-шайба М6 ESTAR KFS 6Х15 Цена:14,50:1,18:5,71х1,03х1,02 (уп) | D78: 20 | E78: 2.26 | G78: 45
A79: 26 | B79: г. Екатеринбург "Optcom" | C79: Кабель питания , вилка "евро", розетка АС-101 3 м Цена:63,00:1,18:5,71х1,03х1,02 (шт) | D79: 1 | E79: 9.82 | G79: 10
A80: 27 | B80: ООО "АйТи-Практика", г.Екатеринбург | C80: Коммутационная панель 19"с 12 SC дуплексными соединителями АМР0-1418733-1 Цена:8400,00:1,18:5,71х1,03х1,02 (шт) | D80: 2 | E80: 1309.78 | G80: 2620
A81: 28 | B81: ООО "АйТи-Практика", г.Екатеринбург | C81: Лоток на 24 гильзы АМР Е-96145-000 Цена:175:1,18:5,71х1,03х1,02 (шт) | D81: 2 | E81: 27.29 | G81: 55
... A85: 32 | B85: ООО "АйТи-Практика", г.Екатеринбург | C85: SC-PC Pigtail 2m АМР 233266-2 Цена:589,4:1,18:5,71х1,03х1,02 (шт) | D85: 24 | E85: 91.9 | G85: 2206
A86: 33 | B86: ООО "АйТи-Практика", г.Екатеринбург | C86: Проволочный лоток 60х400 3м Niedax GR60/400 Цена:277,2:1,18:5,71х1,03х1,02 (м) | D86: 60 20*3 | E86: 10.11 | G86: 607
A87: 34 | B87: ООО "АйТи-Практика", г.Екатеринбург | C87: Соединитель Niedax VB50 Цена:129,8530,38:1,18:5,71х1,03х1,02 (шт) | D87: 20 | E87: 41.05 | G87: 821
A88: 35 | B88: ООО "АйТи-Практика", г.Екатеринбург | C88: Универсальный соединитель Multivia UURS Цена:27,65:1,18:5,71х1,03х1,02 (шт) | D88: 20 | E88: 1.01 | G88: 20
A89: 36 | B89: ООО "АйТи-Практика", г.Екатеринбург | C89: Фиксатор для крепления лотка Niedax GRSM6 Цена:7,0:1,18:5,71х1,03х1,02 (шт) | D89: 20 | E89: 0.26 | G89: 5
A90: 37 | B90: ООО "АйТи-Практика", г.Екатеринбург | C90: Соединитель Niedax GRVS4 Цена:22,4:1,18:5,71х1,03х1,02 (шт) | D90: 50 | E90: 0.82 | G90: 41
A91: 38 | B91: ООО "АйТи-Практика", г.Екатеринбург | C91: Фиксатор для вертикальной прокладки Multivia CVD40S Цена:144,2:1,18:5,71х1,03х1,02 (шт) | D91: 6 | E91: 5.26 | G91: 32
A92: 39 | B92: ООО "АйТи-Практика", г.Екатеринбург | C92: Двойная консоль Niedax KTDL400 Цена:260,75:1,18:5,71х1,03х1,02 (шт) | D92: 20 | E92: 9.51 | G92: 190
A93: 40 | B93: ООО "АйТи-Практика", г.Екатеринбург | C93: Cтойка одиночная Niedax HUF50/600 Цена:212,1:1,18:5,71х1,03х1,02 (шт) | D93: 20 | E93: 7.74 | G93: 155
A94: 41 | B94: ООО "АйТи-Практика", г.Екатеринбург | C94: Винты с гайками Niedax FLM8х16F Цена:6,65:1,18:5,71х1,03х1,02 (шт) | D94: 60 | E94: 0.24 | G94: 14
A95: 42 | B95: ООО "АйТи-Практика", г.Екатеринбург | C95: Консоль стандартная Niedax КТА600 Цена:241,5:1,18:5,71х1,03х1,02 (шт) | D95: 20 | E95: 8.81 | G95: 176
A96: 43 | B96: ООО "АйТи-Практика", г.Екатеринбург | C96: Консоль стандартная Niedax КТА400 Цена:144,2:1,18:5,71х1,03х1,02 (шт) | D96: 20 | E96: 5.26 | G96: 105
A97: Итого прямые затраты по разделу в ценах 2001г. | G97: 15038
A98: Итоги по разделу 2 Материалы, не учтенные ценником :
A99: Материалы для монтажных работ | G99: 15038
A100: Итого | G100: 15038
A101: В том числе:
A102: Материалы | G102: 15038
A103: Итого по разделу 2 Материалы, не учтенные ценником | G103: 15038
A104: ИТОГИ ПО СМЕТЕ:
A105: Итого прямые затраты по смете в ценах 2001г. | G105: 33690 | H105: 2052 | I105: 5781 741 | K105: 130.01
A106: Накладные расходы | G106: 2739
A107: Сметная прибыль | G107: 1811
A108: Итоги по смете:
A109: Итоги по разделу 1 Монтажные работы и оборудование :
A110: Итоги по Монтажным работам
A111: Монтаж радиотелевизионного и электронного оборудования:
...

Sheet 05-05-08--4-1551
A1: СОГЛАСОВАНО: | I1: УТВЕРЖДАЮ:
A4: ______________ | I4: ____________
A5: " _____ " ________________ 2014 г. | I5: "______ " _______________2014 г.
D6: Реконструкция комплекса по переработке РАО. Площадка 7Б
D7: (наименование стройки)
D9: ЛОКАЛЬНЫЙ СМЕТНЫЙ РАСЧЕТ № 05-05-08/4-1551/314-2984
D10: (локальная смета)
A12: на | B12: Пожарную сигнализацию, Здание 765А
D13: (наименование работ и затрат, наименование объекта)
B15: Основание: р.ч. 0503.07Б.0765 - СС1 инв. № 314-849, 314-131/ДСП
B16: Сметная стоимость монтажных работ _______________________________________________________________________________________________ | D16: ___________________________7,158 | F16: тыс. руб.
B17: Средства на оплату труда _______________________________________________________________________________________________ | D17: ___________________________0,995 | F17: тыс. руб.
B18: Сметная трудоемкость _______________________________________________________________________________________________ | D18: _______________________________________________________________________________________________61,77 | F18: чел.час
B19: Трудозатраты механизаторов _______________________________________________________________________________________________ | D19: _______________________________________________________________________________________________9,54 | F19: чел.час
B20: Составлен(а) в ценах по состоянию на 01.01.2000 г. (редакция 2009 г.)
A22: № пп | B22: Шифр и номер позиции норматива | C22: Наименование работ и затрат, единица измерения | D22: Количество | E22: Стоимость единицы, руб. | G22: Общая стоимость, руб. | J22: Затраты труда рабочих, чел.-ч, не занятых обслуживанием машин
E23: всего | F23: эксплуата- ции машин | G23: Всего | H23: оплаты труда | I23: эксплуата- ция машин
E24: оплаты труда | F24: в т.ч. оплаты труда | I24: в т.ч. оплаты труда | J24: на единицу | K24: всего
A25: 1 | B25: 2 | C25: 3 | D25: 4 | E25: 5 | F25: 6 | G25: 7 | H25: 8 | I25: 9 | J25: 10 | K25: 11
A26: Раздел 1. Монтажные работы
A27: Учтены индексы перехода от текущих цен к ценам 2000 года:
A28: К=5,59 к стоимости материалов (прил.1 письмо Минрегиона РФ №21331-СД/10 от 12.11.2013г.)
A29: Заготовительно-складские расходы 2% от стоимости материалов, 3% - транспортные расходы
A30: 1 | B30: ТЕРм08-02-148-01 | C30: Кабель до 35 кВ в проложенных трубах, блоках и коробах, масса 1 м кабеля до 1 кг (100 м кабеля) | D30: 2 0,01*(30+30+10+60+60+10) | E30: 798,84 168,02 | F30: 544,81 57,87 | G30: 1598 | H30: 336 | I30: 1090 116 | J30: 12.4 | K30: 24.8
A31: 2 | B31: ТЕРм10-06-034-23 | C31: Устройство для вывода кабеля из канализации на стену с рытьем и засыпкой, без прохода через стену (100 шт.) | D31: 0,06 0,01*6 | E31: 20608,15 6775 | G31: 1236 | H31: 407 | J31: 500 | K31: 30
A32: 3 | B32: ТЕРм08-02-155-01 | C32: Герметизация проходов при вводе кабелей во взрывоопасные помещения уплотнительной массой (1 проход кабеля) | D32: 6 | E32: 22,58 6,37 | G32: 135 | H32: 38 | J32: 0.47 | K32: 2.82
A33: 4 | B33: ТЕРм08-02-407-02 | C33: Труба стальная по установленным конструкциям, по стенам с креплением скобами, диаметр до 40 мм (100 м) | D33: 0,1 0,01*10 | E33: 3009,12 549,88 | F33: 1234,04 433,04 | G33: 301 | H33: 55 | I33: 123 43 | J33: 41.5 | K33: 4.15
A34: Итого прямые затраты по разделу в ценах 2001г. | G34: 3270 | H34: 836 | I34: 1213 159 | K34: 61.77
A35: Накладные расходы | G35: 966
A36: В том числе, справочно:
A37: 95% ФОТ (от 588) (Поз. 1, 3-4) | G37: 559
A38: 100% ФОТ (от 407) (Поз. 2) | G38: 407
A39: Сметная прибыль | G39: 647
A40: В том числе, справочно:
A41: 65% ФОТ (от 995) (Поз. 1, 3-4, 2) | G41: 647
A42: Итого по разделу 1 Монтажные работы | G42: 4883 | K42: 61.77
A43: Раздел 2. Материалы, не учтенные ценником
A44: 5 | B44: г. Подольск, "Подольскпаритет" III кв. 2013 г. | C44: Кабель КСРЭВнг-FRLS, сеч. 2х0,5 Цена: 9550,00:1,18:5,59х1,02х1,03 (1000 м) | D44: 0,07 0,001*70 | E44: 1521.06 | G44: 106
A45: 6 | B45: г. Екатеринбург, "Стронекс" III кв. 2013 г. | C45: Кабель КПСЭнг-FRHF, сеч. 2х1,5 Цена: 95193,00:1,18:5,59х1,02х1,03 (1000 м) | D45: 0,13 0,001*130 | E45: 15161.72 | G45: 1971
A46: 7 | B46: ТСЦ-103-0133 прим. | C46: Трубы стальные электросварные прямошовные со снятой фаской из стали марок БСт2кп-БСт4кп и БСт2пс-БСт4пс наружный диаметр 40 мм, толщина стенки 1,6 мм (м) | D46: 10 | E46: 19.8 | G46: 198
A47: Итого прямые затраты по разделу в ценах 2001г. | G47: 2275
A48: Итого по разделу 2 Материалы, не учтенные ценником | G48: 2275
A49: ИТОГИ ПО СМЕТЕ:
A50: Итого прямые затраты по смете в ценах 2001г. | G50: 5545 | H50: 836 | I50: 1213 159 | K50: 61.77
A51: Накладные расходы | G51: 966
A52: В том числе, справочно:
A53: 95% ФОТ (от 588) (Поз. 1, 3-4) | G53: 559
A54: 100% ФОТ (от 407) (Поз. 2) | G54: 407
A55: Сметная прибыль | G55: 647
A56: В том числе, справочно:
A57: 65% ФОТ (от 995) (Поз. 1, 3-4, 2) | G57: 647
A58: ВСЕГО по смете | G58: 7158 | K58: 61.77
A59: Итоги по разделу 1 Монтажные работы :
A60: Электромонтажные работы на других объектах:
A61: Итого Поз. 1, 3-4 | G61: 2034 | H61: 429 | I61: 1213 159 | K61: 31.77
A62: Накладные расходы 95% ФОТ (от 588) | G62: 559
A63: Сметная прибыль 65% ФОТ (от 588) | G63: 382
A64: Итого c накладными и см. прибылью | G64: 2975 | K64: 31.77
A65: Прокладка и монтаж сетей связи:
A66: Итого Поз. 2 | G66: 1236 | H66: 407 | K66: 30
A67: Накладные расходы 100% ФОТ (от 407) | G67: 407
A68: Сметная прибыль 65% ФОТ (от 407) | G68: 265
A69: Итого c накладными и см. прибылью | G69: 1908 | K69: 30
A70: Итого | G70: 4883 | K70: 61.77
A71: Итого по разделу 1 Монтажные работы | G71: 4883 | K71: 61.77
A72: Итоги по разделу 2 Материалы, не учтенные ценником :
A73: Материалы для монтажных работ:
A74: Итого Поз. 5-7 | G74: 2275
A75: Итого | G75: 2275
A76: Итого по разделу 2 Материалы, не учтенные ценником | G76: 2275
A77: Итого | G77: 7158 | K77: 61.77
A78: В том числе:
A79: Материалы | G79: 3496
A80: Машины и механизмы | G80: 1213
A81: ФОТ | G81: 995
A82: Накладные расходы | G82: 966
A83: Сметная прибыль | G83: 647
A84: ВСЕГО по смете | G84: 7158 | K84: 61.77
A86: Составил инженер: ___________________________К.Н. Денисова
A87: (должность, подпись, расшифровка)
A89: Проверил нач.группы: ___________________________Т.В. Гетманова
A90: (должность, подпись, расшифровка)

Sheet 05-05-09--4-1552
A1: СОГЛАСОВАНО: | I1: УТВЕРЖДАЮ:
A4: ______________ | I4: ____________
A5: " _____ " ________________ 2014 г. | I5: "______ " _______________2014 г.
D6: Реконструкция комплекса по переработке РАО. Площадка 7Б
D7: (наименование стройки)
D9: ЛОКАЛЬНЫЙ СМЕТНЫЙ РАСЧЕТ № 05-05-09/4-1552/314-2984
D10: (локальная смета)
A12: на | B12: Охранную сигнализацию, Здание 765Б
D13: (наименование работ и затрат, наименование объекта)
B15: Основание: р.ч. 0503.07Б.0765 - СС1 инв. № 314-849, 314-131/ДСП
B16: Сметная стоимость _______________________________________________________________________________________________ | D16: ___________________________13,592 | F16: тыс. руб.
B17: строительных работ _______________________________________________________________________________________________ | D17: _______________________________________________________________________________________________7,265 | F17: тыс. руб.
B18: монтажных работ _______________________________________________________________________________________________ | D18: _______________________________________________________________________________________________6,327 | F18: тыс. руб.
B19: Средства на оплату труда _______________________________________________________________________________________________ | D19: ___________________________1,561 | F19: тыс. руб.
B20: Сметная трудоемкость _______________________________________________________________________________________________ | D20: _______________________________________________________________________________________________111,37 | F20: чел.час
B21: Трудозатраты механизаторов _______________________________________________________________________________________________ | D21: _______________________________________________________________________________________________11,98 | F21: чел.час
B22: Составлен(а) в ценах по состоянию на 01.01.2000 г. (редакция 2009 г.)
A25: № пп | B25: Шифр и номер позиции норматива | C25: Наименование работ и затрат, единица измерения | D25: Количество | E25: Стоимость единицы, руб. | G25: Общая стоимость, руб. | J25: Затраты труда рабочих, чел.-ч, не занятых обслуживанием машин
E26: всего | F26: эксплуата- ции машин | G26: Всего | H26: оплаты труда | I26: эксплуата- ция машин
E27: оплаты труда | F27: в т.ч. оплаты труда | I27: в т.ч. оплаты труда | J27: на единицу | K27: всего
A28: 1 | B28: 2 | C28: 3 | D28: 4 | E28: 5 | F28: 6 | G28: 7 | H28: 8 | I28: 9 | J28: 10 | K28: 11
A29: Раздел 1. Монтажные работы
A30: Учтены индексы перехода от текущих цен к ценам 2000 года:
A31: К=5,59 к стоимости материалов (прил.1 письмо Минрегиона РФ №21331-СД/10 от 12.11.2013г.)
A32: Заготовительно-складские расходы 2% от стоимости материалов, 3% - транспортные расходы
A34: 1 | B34: ТЕРм08-02-148-01 | C34: Кабель до 35 кВ в проложенных трубах, блоках и коробах, масса 1 м кабеля до 1 кг (100 м кабеля) | D34: 0,7 0,01*(30+30+10) | E34: 798,84 168,02 | F34: 544,81 57,87 | G34: 559 | H34: 118 | I34: 381 41 | J34: 12.4 | K34: 8.68
A35: 2 | B35: ТЕРм08-02-396-05 | C35: Короб металлический по стенам и потолкам, длина 2 м (100 м) | D35: 0,24 0,01*24 | E35: 1840,21 498,2 | F35: 788,16 202,95 | G35: 442 | H35: 120 | I35: 189 49 | J35: 37.6 | K35: 9.02
A36: 3 | B36: ТЕРм10-01-052-07 | C36: Кроссировка в шкафу (10 шт. (кроссировок)) | D36: 1 0,1*10 | E36: 16,51 15,62 | G36: 17 | H36: 16 | J36: 1 | K36: 1
A37: 4 | B37: ТЕРм10-06-028-01 прим. | C37: Муфта прямая на кабеле в котлованах, емкость до 10х2 (1 шт.) | D37: 2 | E37: 288,16 76,68 | F37: 83,32 10,31 | G37: 576 | H37: 153 | I37: 167 21 | J37: 6 | K37: 12
A38: 5 | B38: ТСЦ-502-0641 | C38: Муфта защитная для кабелей связи соединительная марки МЗС-25 (шт.) | D38: -2 | E38: 35.35 | G38: -71
A39: 6 | B39: ТЕРм10-06-034-23 | C39: Устройство для вывода кабеля из канализации на стену с рытьем и засыпкой, без прохода через стену (100 шт.) | D39: 0,02 0,01*2 | E39: 20608,15 6775 | G39: 412 | H39: 136 | J39: 500 | K39: 10
A40: 7 | B40: ТЕРм08-02-155-01 | C40: Герметизация проходов при вводе кабелей во взрывоопасные помещения уплотнительной массой (1 проход кабеля) | D40: 2 | E40: 22,58 6,37 | G40: 45 | H40: 13 | J40: 0.47 | K40: 0.94
A41: 8 | B41: ТЕРм10-06-032-02 | C41: Прослушивание и измерение переходных затуханий на парных кабелях, емкость до 100х2 (1 кабель) | D41: 1 | E41: 55,28 54,2 | G41: 55 | H41: 54 | J41: 4 | K41: 4
A42: 9 | B42: ТЕРм10-06-032-01 | C42: Комплекс измерений постоянным током смонтированных парных кабелей до и после включения в оконечные устройства (100 пар) | D42: 0,3 0,01*30 | E42: 188,66 176,15 | G42: 57 | H42: 53 | J42: 13 | K42: 3.9
A43: 10 | B43: ТЕРм08-02-407-02 | C43: Труба стальная по установленным конструкциям, по стенам с креплением скобами, диаметр до 40 мм (100 м) | D43: 0,1 0,01*10 | E43: 3009,12 549,88 | F43: 1234,04 433,04 | G43: 301 | H43: 55 | I43: 123 43 | J43: 41.5 | K43: 4.15
A44: 11 | B44: ТЕРм08-02-177-01 | C44: Указатель месторасположения трассы кабелей, проложенных в земле (1 шт.) | D44: 1 | E44: 33,09 8,67 | G44: 33 | H44: 9 | J44: 0.64 | K44: 0.64
A45: 12 | B45: ТЕРм08-02-152-08 | C45: Полка кабельная, устанавливаемая на стойках, масса до 0,7 кг (100 шт.) | D45: 0,12 0,01*12 | E45: 122,93 30,49 | F45: 87,68 5,46 | G45: 15 | H45: 4 | I45: 11 1 | J45: 2.25 | K45: 0.27
A46: 13 | B46: ТЕРм08-02-152-01 | C46: Полка-кронштейн из угловой стали (1 т) | D46: 0,007 0,001*2*3,50 | E46: 21846,04 1368,55 | F46: 863,32 38,4 | G46: 153 | H46: 10 | I46: 6 | J46: 101 | K46: 0.71
A47: 14 | B47: ТСЦ-201-0843 | C47: Конструкции стальные индивидуальные решетчатые сварные массой до 0,1 т (т) | D47: -0.007 | E47: 16144.61 | G47: -113
A48: Итого прямые затраты по разделу в ценах 2001г. | G48: 2481 | H48: 741 | I48: 877 155 | K48: 55.31
A49: Накладные расходы | G49: 870
A50: В том числе, справочно:
A51: 80% ФОТ (от 16) (Поз. 3) | G51: 13
A52: 95% ФОТ (от 463) (Поз. 1-2, 7, 10-14) | G52: 440
A53: 100% ФОТ (от 417) (Поз. 4-6, 8-9) | G53: 417
A54: Сметная прибыль | G54: 582
A55: В том числе, справочно:
A56: 60% ФОТ (от 16) (Поз. 3) | G56: 10
A57: 65% ФОТ (от 880) (Поз. 1-2, 7, 10-14, 4-6, 8-9) | G57: 572
A58: Итого по разделу 1 Монтажные работы | G58: 3933 | K58: 55.31
A59: Раздел 2. Материалы, не учтенные ценником
A60: 15 | B60: г. Екатеринбург, "Стронекс" III кв. 2013 г. | C60: Кабель ТППэпЗ, сеч. 10х2х0,5 Цена: 25696,00:1,18:5,59х1,02х1,03 (1000 м) | D60: 0,07 0,001*70 | E60: 4092.69 | G60: 286
A61: 16 | B61: ТСЦ-502-0581 | C61: Провода кроссовые станционные с изоляцией из поливинилхлоридного пластиката марки ПКСВ с двумя медными однопроволочными жилами диаметром 0,5 мм (1000 м) | D61: 0,02 0,001*20 | E61: 750 | G61: 15
A62: 17 | B62: ТСЦ-103-0133 прим. | C62: Трубы стальные электросварные прямошовные со снятой фаской из стали марок БСт2кп-БСт4кп и БСт2пс-БСт4пс наружный диаметр 40 мм, толщина стенки 1,6 мм (м) | D62: 10 | E62: 19.8 | G62: 198
A63: 18 | B63: г.Тверь, "ДКС" III кв. 2013 г. | C63: Лоток металлический 100х50х2000, код 35252 Цена: 205,29:1,18:5,59х1,02х1,03 (м) | D63: 24 | E63: 32.7 | G63: 785
A64: 19 | B64: г.Тверь, "ДКС" III кв. 2013 г. | C64: Крышка металлическая для лотка, код 35512 Цена: (138,69*2):1,18:5,59х1,02х1,03 (шт.) | D64: 12 | E64: 44.18 | G64: 530
A65: 20 | B65: г.Тверь, "ДКС" III кв. 2013 г. | C65: Накладка для лотка, код 37352 Цена: 26,60:1,18:5,59х1,02х1,03 (шт.) | D65: 12 | E65: 4.24 | G65: 51
A66: 21 | B66: г.Тверь, "ДКС" III кв. 2013 г. | C66: Держатель кабеля, код 37562 Цена: 26,78:1,18:5,59х1,02х1,03 (шт.) | D66: 12 | E66: 4.27 | G66: 51
A67: 22 | B67: г.Тверь, "ДКС" III кв. 2013 г. | C67: Накладка для крышки лотка, код 37392 Цена: 44,77:1,18:5,59х1,02х1,03 (шт.) | D67: 12 | E67: 7.13 | G67: 86
A68: 23 | B68: г.Тверь, "ДКС" III кв. 2013 г. | C68: Консоль BBL4010 Цена: 115,54:1,18:5,59х1,02х1,03 (шт.) | D68: 12 | E68: 18.4 | G68: 221
A69: 24 | B69: г.Тверь, "ДКС" III кв. 2013 г. | C69: Профиль BPL-29 Цена: 362,76:1,18:5,59х1,02х1,03 (шт.) | D69: 2 | E69: 57.78 | G69: 116
A70: 25 | B70: г. Москва, "Спецглавснаб" III кв. 2013 г. | C70: Муфта МПП 0.1 в к-те с ТУТ Цена: 173,70:1,18:5,59х1,02х1,03 (шт.) | D70: 2 | E70: 27.67 | G70: 55
A71: Итого прямые затраты по разделу в ценах 2001г. | G71: 2394
A72: Итого по разделу 2 Материалы, не учтенные ценником | G72: 2394
A73: Раздел 3. Земляные работы
A74: 26 | B74: ТЕР01-02-057-03 | C74: Разработка грунта вручную в траншеях глубиной до 2 м без креплений с откосами, группа грунтов 3 (100 м3 грунта) | D74: 0,105 0,01*35*0,3 | E74: 2725,52 2725,52 | G74: 286 | H74: 286 | J74: 248 | K74: 26.04
A75: 27 | B75: ТЕР01-02-061-02 | C75: Засыпка вручную траншей, пазух котлованов и ям, группа грунтов 2 (100 м3 грунта) | D75: 0,105 0,01*35*0,3 | E75: 1027,4 1027,4 | G75: 108 | H75: 108 | J75: 97.2 | K75: 10.21
A76: 28 | B76: ТЕР01-01-009-15 | C76: Разработка грунта в траншеях экскаватором «обратная лопата» с ковшом вместимостью 0,5 (0,5-0,63) м3, в отвал группа грунтов 3 (1000 м3 грунта) | D76: 0,0245 0,001*35*0,7 | E76: 5264.61 | F76: 5264,61 617,46 | G76: 129 | I76: 129 15
A77: 29 | B77: ТЕР01-01-034-03 | C77: Засыпка траншей и котлованов с перемещением грунта до 5 м бульдозерами мощностью 96 кВт (130 л.с.), группа грунтов 3 (1000 м3 грунта) | D77: 0,0245 0,001*35*0,7 | E77: 1188.11 | F77: 1188,11 124,87 | G77: 29 | I77: 29 3
A78: 30 | B78: ТЕР01-02-005-02 | C78: Уплотнение грунта пневматическими трамбовками, группа грунтов 3-4 (100 м3 уплотненного грунта) | D78: 0,245 0,01*35*0,7 | E78: 721,54 179,67 | F78: 541,87 56,7 | G78: 177 | H78: 44 | I78: 133 14 | J78: 14.96 | K78: 3.67
A79: Итого прямые затраты по разделу в ценах 2001г. | G79: 729 | H79: 438 | I79: 291 32 | K79: 39.92
A80: Накладные расходы | G80: 387
A81: В том числе, справочно:
A82: 80% ФОТ (от 394) (Поз. 26-27) | G82: 315
A83: 95% ФОТ (от 76) (Поз. 28-30) | G83: 72
A84: Сметная прибыль | G84: 215
A85: В том числе, справочно:
A86: 45% ФОТ (от 394) (Поз. 26-27) | G86: 177
A87: 50% ФОТ (от 76) (Поз. 28-30) | G87: 38
A88: Итого по разделу 3 Земляные работы | G88: 1331 | K88: 39.92
A89: Раздел 4. Строительные работы
A90: 31 | B90: ТЕР34-02-003-01 | C90: Устройство трубопроводов из полиэтиленовых труб до 2 отверстий (в к-те с муфтами, кольцами, заглушками, кластерами) (1 канало-километр трубопровода) | D90: 0,06 0,001*60 | E90: 69321,68 1584,03 | G90: 4159 | H90: 95 | J90: 133 | K90: 7.98
A91: 32 | B91: ТЕР23-01-001-01 | C91: Устройство основания под трубопроводы песчаного (10 м3 основания) | D91: 0,3 0,1*3 | E91: 1636,02 117,4 | F91: 26,91 5,47 | G91: 491 | H91: 35 | I91: 8 2 | J91: 10.2 | K91: 3.06
A92: 33 | B92: ТЕР23-01-001-02 | C92: Устройство основания под трубопроводы щебеночного (10 м3 основания) | D92: 0,5 0,1*5 | E92: 1816,24 117,4 | F92: 39,21 7,97 | G92: 908 | H92: 59 | I92: 20 4 | J92: 10.2 | K92: 5.1
A93: Итого прямые затраты по разделу в ценах 2001г. | G93: 5558 | H93: 189 | I93: 28 6 | K93: 16.14
A94: Накладные расходы | G94: 225
A95: В том числе, справочно:
A96: 100% ФОТ (от 95) (Поз. 31) | G96: 95
A97: 130% ФОТ (от 100) (Поз. 32-33) | G97: 130
A98: Сметная прибыль | G98: 151
A99: В том числе, справочно:
A100: 65% ФОТ (от 95) (Поз. 31) | G100: 62
A101: 89% ФОТ (от 100) (Поз. 32-33) | G101: 89
A102: Итого по разделу 4 Строительные работы | G102: 5934 | K102: 16.14
A103: ИТОГИ ПО СМЕТЕ:
A104: Итого прямые затраты по смете в ценах 2001г. | G104: 11162 | H104: 1368 | I104: 1196 193 | K104: 111.37
A105: Накладные расходы | G105: 1482
A106: В том числе, справочно:
A107: 80% ФОТ (от 410) (Поз. 3, 26-27) | G107: 328
A108: 95% ФОТ (от 539) (Поз. 1-2, 7, 10-14, 28-30) | G108: 512
...

Sheet 05-05-10--4-1553
A1: СОГЛАСОВАНО: | I1: УТВЕРЖДАЮ:
A4: ______________ | I4: ____________
A5: " _____ " ________________ 2014 г. | I5: "______ " _______________2014 г.
D6: Реконструкция комплекса по переработке РАО. Площадка 7Б
D7: (наименование стройки)
D9: ЛОКАЛЬНЫЙ СМЕТНЫЙ РАСЧЕТ № 05-05-10/4-1553/314-2984
D10: (локальная смета)
A12: на | B12: Телефонизацию, Здание 765Б
D13: (наименование работ и затрат, наименование объекта)
B15: Основание: р.ч. 0503.07Б.0765 - СС1 инв. № 314-849, 314-131/ДСП
B16: Сметная стоимость _______________________________________________________________________________________________ | D16: ___________________________11,546 | F16: тыс. руб.
B17: строительных работ _______________________________________________________________________________________________ | D17: _______________________________________________________________________________________________4,114 | F17: тыс. руб.
B18: монтажных работ _______________________________________________________________________________________________ | D18: _______________________________________________________________________________________________5,215 | F18: тыс. руб.
B19: оборудования _______________________________________________________________________________________________ | D19: _______________________________________________________________________________________________2,217 | F19: тыс. руб.
B20: Средства на оплату труда _______________________________________________________________________________________________ | D20: ___________________________1,787 | F20: тыс. руб.
B21: Сметная трудоемкость _______________________________________________________________________________________________ | D21: _______________________________________________________________________________________________135,85 | F21: чел.час
B22: Трудозатраты механизаторов _______________________________________________________________________________________________ | D22: _______________________________________________________________________________________________8,46 | F22: чел.час
B23: Составлен(а) в ценах по состоянию на 01.01.2000 г. (редакция 2009 г.)
A25: № пп | B25: Шифр и номер позиции норматива | C25: Наименование работ и затрат, единица измерения | D25: Количество | E25: Стоимость единицы, руб. | G25: Общая стоимость, руб. | J25: Затраты труда рабочих, чел.-ч, не занятых обслуживанием машин
E26: всего | F26: эксплуата- ции машин | G26: Всего | H26: оплаты труда | I26: эксплуата- ция машин
E27: оплаты труда | F27: в т.ч. оплаты труда | I27: в т.ч. оплаты труда | J27: на единицу | K27: всего
A28: 1 | B28: 2 | C28: 3 | D28: 4 | E28: 5 | F28: 6 | G28: 7 | H28: 8 | I28: 9 | J28: 10 | K28: 11
A29: Раздел 1. Монтажные работы
A30: Учтены индексы перехода от текущих цен к ценам 2000 года:
A31: К=4,37 к стоимости оборудования (прил.5 письмо Минрегиона РФ №21331-СД/10 от 12.11.2013г.),
A32: К=5,59 к стоимости материалов (прил.1 письмо Минрегиона РФ №21331-СД/10 от 12.11.2013г.)
A33: Заготовительно-складские расходы 2% от стоимости материалов, 1,2% от стоимости оборудования, 3% - транспортные расходы
A34: 1 | B34: ТЕРм10-06-003-01 | C34: Кабель, прокладываемый в траншее, масса 1м кабеля до 0,6 кг (1 км кабеля) | D34: 0,047 0,001*47 | E34: 1733,94 345,06 | F34: 1381,98 115,9 | G34: 81 | H34: 16 | I34: 65 5 | J34: 27 | K34: 1.27
A35: 2 | B35: ТЕРм08-02-148-01 прим. | C35: Кабель связи в проложенных трубах, блоках и коробах, масса 1 м кабеля до 1 кг (100 м кабеля) | D35: 0,64 0,01*(11+3+50) | E35: 798,84 168,02 | F35: 544,81 57,87 | G35: 511 | H35: 108 | I35: 349 37 | J35: 12.4 | K35: 7.94
A36: 3 | B36: ТЕРм10-01-055-02 | C36: Прокладка кабеля, масса 1 м до 1 кг, по стене кирпичной (100 м кабеля) | D36: 0,2 0,01*(10+10) | E36: 1837,57 474,14 | F36: 129,78 23,9 | G36: 368 | H36: 95 | I36: 26 5 | J36: 37.1 | K36: 7.42
A37: 4 | B37: ТЕРм10-01-052-07 | C37: Кроссировка в шкафу (10 шт. (кроссировок)) | D37: 2 0,1*20 | E37: 16,51 15,62 | G37: 33 | H37: 31 | J37: 1 | K37: 2
A38: 5 | B38: ТЕРм10-06-028-01 прим. | C38: Муфта соединительная на кабеле в котлованах, емкость до 10х2 (1 шт.) | D38: 2 | E38: 288,16 76,68 | F38: 83,32 10,31 | G38: 576 | H38: 153 | I38: 167 21 | J38: 6 | K38: 12
A39: 6 | B39: ТСЦ-502-0641 | C39: Муфта защитная для кабелей связи соединительная марки МЗС-25 (шт.) | D39: -2 | E39: 35.35 | G39: -71
A40: 7 | B40: ТЕРм10-06-034-23 | C40: Устройство для вывода кабеля из канализации на стену с рытьем и засыпкой, без прохода через стену (100 шт.) | D40: 0,02 0,01*2 | E40: 20608,15 6775 | G40: 412 | H40: 136 | J40: 500 | K40: 10
A41: 8 | B41: ТЕРм08-02-155-01 | C41: Герметизация проходов при вводе кабелей во взрывоопасные помещения уплотнительной массой (1 проход кабеля) | D41: 2 | E41: 22,58 6,37 | G41: 45 | H41: 13 | J41: 0.47 | K41: 0.94
A42: 9 | B42: ТЕРм10-06-032-02 | C42: Прослушивание и измерение переходных затуханий на парных кабелях, емкость до 100х2 (1 кабель) | D42: 1 | E42: 55,28 54,2 | G42: 55 | H42: 54 | J42: 4 | K42: 4
A43: 10 | B43: ТЕРм10-06-032-01 | C43: Комплекс измерений постоянным током смонтированных парных кабелей до и после включения в оконечные устройства (100 пар) | D43: 0,3 0,01*30 | E43: 188,66 176,15 | G43: 57 | H43: 53 | J43: 13 | K43: 3.9
A44: 11 | B44: ТЕРм08-02-407-02 | C44: Труба стальная по установленным конструкциям, по стенам с креплением скобами, диаметр до 40 мм (100 м) | D44: 0,03 0,01*3 | E44: 3009,12 549,88 | F44: 1234,04 433,04 | G44: 90 | H44: 16 | I44: 37 13 | J44: 41.5 | K44: 1.25
A45: 12 | B45: ТЕРм08-02-177-01 | C45: Указатель месторасположения трассы кабелей, проложенных в земле (1 шт.) | D45: 4 | E45: 33,09 8,67 | G45: 132 | H45: 35 | J45: 0.64 | K45: 2.56
A46: 13 О | B46: г. Москва, "ТЕЛТА" III кв. 2013 г. | C46: Аппарат телефонный настенный ТАШ-1319 Цена: 10970,00:1,18:4,37х1,012х1,03 (шт.) | D46: 1 | E46: 2217.49 | G46: 2217
A47: 14 | B47: ТЕРм10-02-030-03 | C47: Таксофон и аппарат телефонный в сырых помещениях (1 шт.) | D47: 1 | E47: 133,01 111,11 | G47: 133 | H47: 111 | J47: 8.2 | K47: 8.2
A48: 15 | B48: ТЕРм08-03-545-01 | C48: Коробка (ящик) с зажимами для кабелей и проводов сечением до 6 мм2, устанавливаемая на конструкции на стене или колонне, количество зажимов до 10 (1 шт.) | D48: 1 | E48: 160,78 43,86 | F48: 2.36 | G48: 161 | H48: 44 | I48: 2 | J48: 3.31 | K48: 3.31
A49: Итого прямые затраты по разделу в ценах 2001г. | G49: 4800 | H49: 865 | I49: 646 81 | K49: 64.79
A50: Накладные расходы | G50: 889
A51: В том числе, справочно:
A52: 80% ФОТ (от 242) (Поз. 3-4, 14) | G52: 194
A53: 95% ФОТ (от 266) (Поз. 2, 8, 11-12, 15) | G53: 253
A54: 100% ФОТ (от 417) (Поз. 5-7, 9-10) | G54: 417
A55: 120% ФОТ (от 21) (Поз. 1) | G55: 25
A56: Сметная прибыль | G56: 604
A57: В том числе, справочно:
A58: 60% ФОТ (от 242) (Поз. 3-4, 14) | G58: 145
A59: 65% ФОТ (от 683) (Поз. 2, 8, 11-12, 15, 5-7, 9-10) | G59: 444
A60: 70% ФОТ (от 21) (Поз. 1) | G60: 15
A61: Итого по разделу 1 Монтажные работы | G61: 6293 | K61: 64.79
A62: Раздел 2. Материалы, не учтенные ценником
A63: 16 | B63: ТСЦ-503-0455 | C63: Коробка телефонная распределительная марки КРТ-10 (шт.) | D63: 1 | E63: 55.3 | G63: 55
A64: 17 | B64: г. Екатеринбург, "Стронекс" III кв. 2013 г. | C64: Кабель телефонный ТППэпЗБ, емк. 10х2х0,5 Цена: 47811,00:1,18:5,59х1,02х1,03 (1000 м) | D64: 0,058 0,001*58 | E64: 7615.03 | G64: 442
A65: 18 | B65: г. Екатеринбург, "Стронекс" III кв. 2013 г. | C65: Кабель телефонный ТПВнг, емк. 10х2х0,5 Цена: 42328,00:1,18:5,59х1,02х1,03 (1000 м) | D65: 0,06 0,001*60 | E65: 6741.73 | G65: 405
A66: 19 | B66: ТСЦ-502-0581 | C66: Провода кроссовые станционные с изоляцией из поливинилхлоридного пластиката марки ПКСВ с двумя медными однопроволочными жилами диаметром 0,5 мм (1000 м) | D66: 0,04 0,001*40 | E66: 750 | G66: 30
A67: 20 | B67: г. Москва, "Спецглавснаб" III кв. 2013 г. | C67: Кабель распределительный РВШЭ, емк. 2х0,5 Цена: 15,71:1,18:5,59х1,02х1,03 (м) | D67: 10 | E67: 2.5 | G67: 25
A68: 21 | B68: г. Москва, "Спецглавснаб" III кв. 2013 г. | C68: Муфта МПП 0.1 в к-те с ТУТ Цена: 173,70:1,18:5,59х1,02х1,03 (шт.) | D68: 2 | E68: 27.67 | G68: 55
A69: 22 | B69: ТСЦ-503-0453 прим. | C69: Коробка универсальная марки УК-2П (шт.) | D69: 10 | E69: 6.79 | G69: 68
A70: 23 | B70: ТСЦ-103-0133 прим. | C70: Трубы стальные электросварные прямошовные со снятой фаской из стали марок БСт2кп-БСт4кп и БСт2пс-БСт4пс наружный диаметр 40 мм, толщина стенки 1,6 мм (м) | D70: 3 | E70: 19.8 | G70: 59
A71: Итого прямые затраты по разделу в ценах 2001г. | G71: 1139
A72: Итого по разделу 2 Материалы, не учтенные ценником | G72: 1139
A73: Раздел 3. Земляные работы
A74: 24 | B74: ТЕР01-02-057-03 | C74: Разработка грунта вручную в траншеях глубиной до 2 м без креплений с откосами, группа грунтов 3 (100 м3 грунта) | D74: 0,165 0,01*55*0,3 | E74: 2725,52 2725,52 | G74: 450 | H74: 450 | J74: 248 | K74: 40.92
A75: 25 | B75: ТЕР01-02-061-02 | C75: Засыпка вручную траншей, пазух котлованов и ям, группа грунтов 2 (100 м3 грунта) | D75: 0,165 0,01*55*0,3 | E75: 1027,4 1027,4 | G75: 170 | H75: 170 | J75: 97.2 | K75: 16.04
A76: 26 | B76: ТЕР01-01-009-15 | C76: Разработка грунта в траншеях экскаватором «обратная лопата» с ковшом вместимостью 0,5 (0,5-0,63) м3, в отвал группа грунтов 3 (1000 м3 грунта) | D76: 0,0385 0,001*55*0,7 | E76: 5264.61 | F76: 5264,61 617,46 | G76: 203 | I76: 203 24
A77: 27 | B77: ТЕР01-01-034-03 | C77: Засыпка траншей и котлованов с перемещением грунта до 5 м бульдозерами мощностью 96 кВт (130 л.с.), группа грунтов 3 (1000 м3 грунта) | D77: 0,0385 0,001*55*0,7 | E77: 1188.11 | F77: 1188,11 124,87 | G77: 46 | I77: 46 5
A78: 28 | B78: ТЕР01-02-005-02 | C78: Уплотнение грунта пневматическими трамбовками, группа грунтов 3-4 (100 м3 уплотненного грунта) | D78: 0,385 0,01*55*0,7 | E78: 721,54 179,67 | F78: 541,87 56,7 | G78: 278 | H78: 69 | I78: 209 22 | J78: 14.96 | K78: 5.76
A79: Итого прямые затраты по разделу в ценах 2001г. | G79: 1147 | H79: 689 | I79: 458 51 | K79: 62.72
A80: Накладные расходы | G80: 610
A81: В том числе, справочно:
A82: 80% ФОТ (от 620) (Поз. 24-25) | G82: 496
A83: 95% ФОТ (от 120) (Поз. 26-28) | G83: 114
A84: Сметная прибыль | G84: 339
A85: В том числе, справочно:
A86: 45% ФОТ (от 620) (Поз. 24-25) | G86: 279
A87: 50% ФОТ (от 120) (Поз. 26-28) | G87: 60
A88: Итого по разделу 3 Земляные работы | G88: 2096 | K88: 62.72
A89: Раздел 4. Строительные работы
A90: 29 | B90: ТЕР34-02-003-01 | C90: Устройство трубопроводов из полиэтиленовых труб до 2 отверстий (в к-те с муфтами, кольцами, заглушками) (1 канало-километр трубопровода) | D90: 0,009 0,001*9 | E90: 69321,68 1584,03 | G90: 624 | H90: 14 | J90: 133 | K90: 1.2
A91: 30 | B91: ТЕР23-01-001-01 | C91: Устройство основания под трубопроводы песчаного (10 м3 основания) | D91: 0,5 0,1*5 | E91: 1636,02 117,4 | F91: 26,91 5,47 | G91: 818 | H91: 59 | I91: 13 3 | J91: 10.2 | K91: 5.1
A92: 31 | B92: ТЕР23-01-001-02 | C92: Устройство основания под трубопроводы щебеночного (10 м3 основания) | D92: 0,2 0,1*2 | E92: 1816,24 117,4 | F92: 39,21 7,97 | G92: 363 | H92: 23 | I92: 8 2 | J92: 10.2 | K92: 2.04
A93: Итого прямые затраты по разделу в ценах 2001г. | G93: 1805 | H93: 96 | I93: 21 5 | K93: 8.34
A94: Накладные расходы | G94: 127
A95: В том числе, справочно:
A96: 100% ФОТ (от 14) (Поз. 29) | G96: 14
A97: 130% ФОТ (от 87) (Поз. 30-31) | G97: 113
A98: Сметная прибыль | G98: 86
A99: В том числе, справочно:
A100: 65% ФОТ (от 14) (Поз. 29) | G100: 9
A101: 89% ФОТ (от 87) (Поз. 30-31) | G101: 77
A102: Итого по разделу 4 Строительные работы | G102: 2018 | K102: 8.34
A103: ИТОГИ ПО СМЕТЕ:
A104: Итого прямые затраты по смете в ценах 2001г. | G104: 8891 | H104: 1650 | I104: 1125 137 | K104: 135.85
A105: Накладные расходы | G105: 1626
A106: В том числе, справочно:
...

Sheet 05-05-11--4-1554
A1: СОГЛАСОВАНО: | I1: УТВЕРЖДАЮ:
A4: ______________ | I4: ____________
A5: " _____ " ________________ 2014 г. | I5: "______ " _______________2014 г.
D6: Реконструкция комплекса по переработке РАО. Площадка 7Б
D7: (наименование стройки)
D9: ЛОКАЛЬНЫЙ СМЕТНЫЙ РАСЧЕТ № 05-05-11/4-1554/314-2984
D10: (локальная смета)
A12: на | B12: Пожарную сигнализацию, Здание 765Б
D13: (наименование работ и затрат, наименование объекта)
B15: Основание: р.ч. 0503.07Б.0765 - СС1 инв. № 314-849, 314-131/ДСП
B16: Сметная стоимость _______________________________________________________________________________________________ | D16: ___________________________15,832 | F16: тыс. руб.
B17: монтажных работ _______________________________________________________________________________________________ | D17: _______________________________________________________________________________________________14,924 | F17: тыс. руб.
B18: оборудования _______________________________________________________________________________________________ | D18: _______________________________________________________________________________________________0,908 | F18: тыс. руб.
B19: Средства на оплату труда _______________________________________________________________________________________________ | D19: ___________________________2,284 | F19: тыс. руб.
B20: Сметная трудоемкость _______________________________________________________________________________________________ | D20: _______________________________________________________________________________________________160,49 | F20: чел.час
B21: Трудозатраты механизаторов _______________________________________________________________________________________________ | D21: _______________________________________________________________________________________________7,05 | F21: чел.час
B22: Составлен(а) в ценах по состоянию на 01.01.2000 г. (редакция 2009 г.)
A25: № пп | B25: Шифр и номер позиции норматива | C25: Наименование работ и затрат, единица измерения | D25: Количество | E25: Стоимость единицы, руб. | G25: Общая стоимость, руб. | J25: Затраты труда рабочих, чел.-ч, не занятых обслуживанием машин
E26: всего | F26: эксплуата- ции машин | G26: Всего | H26: оплаты труда | I26: эксплуата- ция машин
E27: оплаты труда | F27: в т.ч. оплаты труда | I27: в т.ч. оплаты труда | J27: на единицу | K27: всего
A28: 1 | B28: 2 | C28: 3 | D28: 4 | E28: 5 | F28: 6 | G28: 7 | H28: 8 | I28: 9 | J28: 10 | K28: 11
A29: Раздел 1. Монтажные работы
A30: Учтены индексы перехода от текущих цен к ценам 2000 года:
A31: К=4,37 к стоимости оборудования (прил.5 письмо Минрегиона РФ №21331-СД/10 от 12.11.2013г.),
A32: К=5,59 к стоимости материалов (прил.1 письмо Минрегиона РФ №21331-СД/10 от 12.11.2013г.)
A33: Заготовительно-складские расходы 2% от стоимости материалов, 1,2% от стоимости оборудования, 3% - транспортные расходы
A35: 1 | B35: ТЕРм10-01-055-02 | C35: Прокладка кабеля, масса 1 м до 1 кг, по стене кирпичной (100 м кабеля) | D35: 1,55 0,01*(120+30+5) | E35: 1837,57 474,14 | F35: 129,78 23,9 | G35: 2848 | H35: 735 | I35: 201 37 | J35: 37.1 | K35: 57.51
A36: 2 | B36: ТЕРм10-06-003-01 | C36: Кабель, прокладываемый в траншее, масса 1м кабеля до 0,6 кг (1 км кабеля) | D36: 0,078 0,001*78 | E36: 1733,94 345,06 | F36: 1381,98 115,9 | G36: 135 | H36: 27 | I36: 108 9 | J36: 27 | K36: 2.11
A37: 3 | B37: ТЕРм08-02-148-01 | C37: Кабель до 35 кВ в проложенных трубах, блоках и коробах, масса 1 м кабеля до 1 кг (100 м кабеля) | D37: 1,08 0,01*(22+6+80) | E37: 798,84 168,02 | F37: 544,81 57,87 | G37: 863 | H37: 181 | I37: 588 62 | J37: 12.4 | K37: 13.39
A38: 4 | B38: ТЕРм10-06-034-23 | C38: Устройство для вывода кабеля из канализации на стену с рытьем и засыпкой, без прохода через стену (100 шт.) | D38: 0,04 0,01*4 | E38: 20608,15 6775 | G38: 824 | H38: 271 | J38: 500 | K38: 20
A39: 5 | B39: ТЕРм08-02-155-01 | C39: Герметизация проходов при вводе кабелей во взрывоопасные помещения уплотнительной массой (1 проход кабеля) | D39: 4 | E39: 22,58 6,37 | G39: 90 | H39: 25 | J39: 0.47 | K39: 1.88
A40: 6 О | B40: г. Москва, "Болид" III кв. 2013 г. | C40: Прибор приемно-контрольный охранно-пожарный "С2000-4" Цена: 1501,15:1,18:4,37х1,012х1,03 (шт.) | D40: 1 | E40: 303.44 | G40: 303
A41: 7 | B41: ТЕРм10-08-001-04 | C41: Приборы ПС на 4 луча (1 шт.) | D41: 1 | E41: 58,33 48,15 | F41: 0.83 | G41: 58 | H41: 48 | I41: 1 | J41: 3.3 | K41: 3.3
A42: 8 О | B42: ТСЦ-509-0584 | C42: Резисторы (шт.) | D42: 18 5+13 | E42: 1.19 | G42: 21
A43: 9 | B43: ТЕРм11-03-001-01 | C43: Приборы, устанавливаемые на металлоконструкциях, щитах и пультах, масса до 5 кг (1 шт.) | D43: 18 5+13 | E43: 8,41 7,26 | G43: 151 | H43: 131 | J43: 0.52 | K43: 9.36
A44: 10 | B44: ТЕРм10-04-101-10 | C44: Ключ или кнопка на панели (1 шт.) | D44: 5 | E44: 21,13 12,78 | G44: 106 | H44: 64 | J44: 1 | K44: 5
A45: 11 | B45: ТЕРм10-08-002-02 | C45: Извещатель ПС автоматический дымовой, фотоэлектрический, радиоизотопный, световой в нормальном исполнении (1 шт.) | D45: 13 | E45: 28,38 22,76 | F45: 0.46 | G45: 369 | H45: 296 | I45: 6 | J45: 1.68 | K45: 21.84
A46: 12 О | B46: г. Москва, "Болид" III кв. 2013 г., прим. | C46: Устройство контроля шлейфов УКШ-02 Цена: 163,55:1,18:4,37х1,012х1,03 (шт.) | D46: 2 | E46: 33.06 | G46: 66
A47: 13 | B47: ТЕРм10-08-001-12 | C47: Устройства промежуточные на количество лучей 5 (1 шт.) | D47: 2 | E47: 126,21 116,72 | F47: 0.37 | G47: 252 | H47: 233 | I47: 1 | J47: 8 | K47: 16
A48: 14 О | B48: г. Москва, "Болид" III кв. 2013 г., прим. | C48: Резервированный источник питания РИП-24-1А-2х4,5 Цена: 1777,61:1,18:4,37х1,012х1,03 (шт.) | D48: 1 | E48: 359.33 | G48: 359
A49: 15 | B49: ТЕРм10-02-016-06 | C49: Отдельно устанавливаемый преобразователь или блок питания (1 шт.) | D49: 1 | E49: 256,7 157,76 | F49: 33,83 6,87 | G49: 257 | H49: 158 | I49: 34 7 | J49: 10.1 | K49: 10.1
A50: 16 О | B50: г. Москва, "Болид" III кв. 2013 г. | C50: Аккумуляторная батарея Delta DTM 4,5 А*ч, 12В Цена: 394,13:1,18:4,37х1,012х1,03 (шт.) | D50: 2 | E50: 79.67 | G50: 159
A51: Итого прямые затраты по разделу в ценах 2001г. | G51: 6861 | H51: 2169 | I51: 939 115 | K51: 160.49
A52: Накладные расходы | G52: 1944
A53: В том числе, справочно:
A54: 80% ФОТ (от 1645) (Поз. 1, 7, 9, 11, 13, 15) | G54: 1316
A55: 92% ФОТ (от 64) (Поз. 10) | G55: 59
A56: 95% ФОТ (от 268) (Поз. 3, 5) | G56: 255
A57: 100% ФОТ (от 271) (Поз. 4) | G57: 271
A58: 120% ФОТ (от 36) (Поз. 2) | G58: 43
A59: Сметная прибыль | G59: 1404
A60: В том числе, справочно:
A61: 60% ФОТ (от 1645) (Поз. 1, 7, 9, 11, 13, 15) | G61: 987
A62: 65% ФОТ (от 603) (Поз. 3, 5, 4, 10) | G62: 392
A63: 70% ФОТ (от 36) (Поз. 2) | G63: 25
A64: Итого по разделу 1 Монтажные работы | G64: 10209 | K64: 160.49
A65: Раздел 2. Материалы, не учтенные ценником
A66: 17 | B66: г. Москва, "Болид" III кв. 2013 г. | C66: Извещатель пожарный ручной ИПР 3СУ Цена: 126,00:1,18:5,59х1,02х1,03 (шт.) | D66: 5 | E66: 20.07 | G66: 100
A67: 18 | B67: г. Москва, "Болид" III кв. 2013 г. | C67: Извещатель пожарный дымовой оптико-электронный ИП 212-3СМ Цена: 179,00:1,18:5,59х1,02х1,03 (шт.) | D67: 13 | E67: 28.51 | G67: 371
A68: 19 | B68: г. Подольск, "Подольскпаритет" III кв. 2013 г. | C68: Кабель КСРЭВнг-FRLS, сеч. 2х0,5 Цена: 9550,00:1,18:5,59х1,02х1,03 (1000 м) | D68: 0,12 0,001*120 | E68: 1521.06 | G68: 183
A69: 20 | B69: г. Москва, "Спецкабель" III кв. 2013 г. | C69: КабельКПСВВБВм, сеч. 2х2х1,0 Цена: 142968,00:1,18:5,59х1,02х1,03 (1000 м) | D69: 0,216 0,001*216 | E69: 22771.02 | G69: 4919
A70: 21 | B70: г. Екатеринбург, "Стронекс" III кв. 2013 г. | C70: Кабель ВВГнг-FRLS, сеч. 3х1,5 Цена: 62250,00:1,18:5,59х1,02х1,03 (1000 м) | D70: 0,005 0,001*5 | E70: 9914.78 | G70: 50
A71: Итого прямые затраты по разделу в ценах 2001г. | G71: 5623
A72: Итого по разделу 2 Материалы, не учтенные ценником | G72: 5623
A73: ИТОГИ ПО СМЕТЕ:
A74: Итого прямые затраты по смете в ценах 2001г. | G74: 12484 | H74: 2169 | I74: 939 115 | K74: 160.49
A75: Накладные расходы | G75: 1944
A76: В том числе, справочно:
A77: 80% ФОТ (от 1645) (Поз. 1, 7, 9, 11, 13, 15) | G77: 1316
A78: 92% ФОТ (от 64) (Поз. 10) | G78: 59
A79: 95% ФОТ (от 268) (Поз. 3, 5) | G79: 255
A80: 100% ФОТ (от 271) (Поз. 4) | G80: 271
A81: 120% ФОТ (от 36) (Поз. 2) | G81: 43
A82: Сметная прибыль | G82: 1404
A83: В том числе, справочно:
A84: 60% ФОТ (от 1645) (Поз. 1, 7, 9, 11, 13, 15) | G84: 987
A85: 65% ФОТ (от 603) (Поз. 3, 5, 4, 10) | G85: 392
A86: 70% ФОТ (от 36) (Поз. 2) | G86: 25
A87: ВСЕГО по смете | G87: 15832 | K87: 160.49
A88: Итоги по разделу 1 Монтажные работы :
A89: Итоги по Монтажным работам
A90: Монтаж оборудования:
A91: Итого Поз. 1, 7, 9, 11, 13, 15 | G91: 3935 | H91: 1601 | I91: 243 44 | K91: 118.11
A92: Накладные расходы 80% ФОТ (от 1 645) | G92: 1316
A93: Сметная прибыль 60% ФОТ (от 1 645) | G93: 987
A94: Итого c накладными и см. прибылью | G94: 6238 | K94: 118.11
A95: Прокладка и монтаж междугородных линий связи:
A96: Итого Поз. 2 | G96: 135 | H96: 27 | I96: 108 9 | K96: 2.11
A97: Накладные расходы 120% ФОТ (от 36) | G97: 43
A98: Сметная прибыль 70% ФОТ (от 36) | G98: 25
A99: Итого c накладными и см. прибылью | G99: 203 | K99: 2.11
A100: Электромонтажные работы на других объектах:
A101: Итого Поз. 3, 5 | G101: 953 | H101: 206 | I101: 588 62 | K101: 15.27
A102: Накладные расходы 95% ФОТ (от 268) | G102: 255
A103: Сметная прибыль 65% ФОТ (от 268) | G103: 174
A104: Итого c накладными и см. прибылью | G104: 1382 | K104: 15.27
A105: Прокладка и монтаж сетей связи:
A106: Итого Поз. 4 | G106: 824 | H106: 271 | K106: 20
A107: Накладные расходы 100% ФОТ (от 271) | G107: 271
A108: Сметная прибыль 65% ФОТ (от 271) | G108: 176
...

Sheet 05-05-12--4-1555
A1: СОГЛАСОВАНО: | I1: УТВЕРЖДАЮ:
A4: ______________ | I4: ____________
A5: " _____ " ________________ 2014 г. | I5: "______ " _______________2014 г.
D6: Реконструкция комплекса по переработке РАО. Площадка 7Б
D7: (наименование стройки)
D9: ЛОКАЛЬНЫЙ СМЕТНЫЙ РАСЧЕТ № 05-05-12/4-1555/314-2984
D10: (локальная смета)
A12: на | B12: Пожарную сигнализацию, Здание 765
D13: (наименование работ и затрат, наименование объекта)
B15: Основание: р.ч. 0503.07Б.0765- СС1 инв. № 314-849, 314-131/ДСП
B16: Сметная стоимость монтажных работ _______________________________________________________________________________________________ | D16: ___________________________5,800 | F16: тыс. руб.
B17: Средства на оплату труда _______________________________________________________________________________________________ | D17: ___________________________0,899 | F17: тыс. руб.
B18: Сметная трудоемкость _______________________________________________________________________________________________ | D18: _______________________________________________________________________________________________66,84 | F18: чел.час
B19: Трудозатраты механизаторов _______________________________________________________________________________________________ | D19: _______________________________________________________________________________________________4,92 | F19: чел.час
B20: Составлен(а) в ценах по состоянию на 01.01.2000 г. (редакция 2009 г.)
A23: № пп | B23: Шифр и номер позиции норматива | C23: Наименование работ и затрат, единица измерения | D23: Количество | E23: Стоимость единицы, руб. | G23: Общая стоимость, руб. | J23: Затраты труда рабочих, чел.-ч, не занятых обслуживанием машин
E24: всего | F24: эксплуата- ции машин | G24: Всего | H24: оплаты труда | I24: эксплуата- ция машин
E25: оплаты труда | F25: в т.ч. оплаты труда | I25: в т.ч. оплаты труда | J25: на единицу | K25: всего
A26: 1 | B26: 2 | C26: 3 | D26: 4 | E26: 5 | F26: 6 | G26: 7 | H26: 8 | I26: 9 | J26: 10 | K26: 11
A27: Раздел 1. Монтажные работы
A28: Учтены индексы перехода от текущих цен к ценам 2000 года:
A29: К=4,37 к стоимости оборудования (прил.5 письмо Минрегиона РФ №21331-СД/10 от 12.11.2013г.),
A30: К=5,59 к стоимости материалов (прил.1 письмо Минрегиона РФ №21331-СД/10 от 12.11.2013г.)
A31: Заготовительно-складские расходы 2% от стоимости материалов, 1,2% от стоимости оборудования, 3% - транспортные расходы
A33: 1 | B33: ТЕРм10-06-026-01 | C33: Прокладка кабеля в подземной канализации, масса 1 м кабеля до 1 кг (1 км) | D33: 0,4 0,001*(200+200) | E33: 6327,57 1633,36 | F33: 2052,48 172,13 | G33: 2531 | H33: 653 | I33: 821 69 | J33: 136 | K33: 54.4
A34: 2 | B34: ТЕРм08-02-396-05 | C34: Короб металлический по стенам и потолкам, длина 2 м (100 м) | D34: 0,04 0,01*4 | E34: 1840,21 498,2 | F34: 788,16 202,95 | G34: 74 | H34: 20 | I34: 32 8 | J34: 37.6 | K34: 1.5
A35: 3 | B35: ТЕРм10-06-034-23 | C35: Устройство для вывода кабеля из канализации на стену с рытьем и засыпкой, без прохода через стену (100 шт.) | D35: 0,02 0,01*2 | E35: 20608,15 6775 | G35: 412 | H35: 136 | J35: 500 | K35: 10
A36: 4 | B36: ТЕРм08-02-155-01 | C36: Герметизация проходов при вводе кабелей во взрывоопасные помещения уплотнительной массой (1 проход кабеля) | D36: 2 | E36: 22,58 6,37 | G36: 45 | H36: 13 | J36: 0.47 | K36: 0.94
A37: Итого прямые затраты по разделу в ценах 2001г. | G37: 3062 | H37: 822 | I37: 853 77 | K37: 66.84
A38: Накладные расходы | G38: 897
A39: В том числе, справочно:
A40: 95% ФОТ (от 41) (Поз. 2, 4) | G40: 39
A41: 100% ФОТ (от 858) (Поз. 1, 3) | G41: 858
A42: Сметная прибыль | G42: 585
A43: В том числе, справочно:
A44: 65% ФОТ (от 899) (Поз. 1, 3, 2, 4) | G44: 585
A45: Итого по разделу 1 Монтажные работы | G45: 4544 | K45: 66.84
A46: Раздел 2. Материалы, не учтенные ценником
A47: 5 | B47: г. Подольск, "Подольскпаритет" III кв. 2013 г. | C47: Кабель КСРЭВнг-FRLS, сеч. 2х2х0,97 Цена: 39415,00:1,18:5,59х1,02х1,03 (1000 м) | D47: 0,2 0,001*200 | E47: 6277.77 | G47: 1256
A48: Итого прямые затраты по разделу в ценах 2001г. | G48: 1256
A49: Итого по разделу 2 Материалы, не учтенные ценником | G49: 1256
A50: ИТОГИ ПО СМЕТЕ:
A51: Итого прямые затраты по смете в ценах 2001г. | G51: 4318 | H51: 822 | I51: 853 77 | K51: 66.84
A52: Накладные расходы | G52: 897
A53: В том числе, справочно:
A54: 95% ФОТ (от 41) (Поз. 2, 4) | G54: 39
A55: 100% ФОТ (от 858) (Поз. 1, 3) | G55: 858
A56: Сметная прибыль | G56: 585
A57: В том числе, справочно:
A58: 65% ФОТ (от 899) (Поз. 1, 3, 2, 4) | G58: 585
A59: ВСЕГО по смете | G59: 5800 | K59: 66.84
A60: Итоги по разделу 1 Монтажные работы :
A61: Прокладка и монтаж сетей связи:
A62: Итого Поз. 1, 3 | G62: 2943 | H62: 789 | I62: 821 69 | K62: 64.4
A63: Накладные расходы 100% ФОТ (от 858) | G63: 858
A64: Сметная прибыль 65% ФОТ (от 858) | G64: 558
A65: Итого c накладными и см. прибылью | G65: 4359 | K65: 64.4
A66: Электромонтажные работы на других объектах:
A67: Итого Поз. 2, 4 | G67: 119 | H67: 33 | I67: 32 8 | K67: 2.44
A68: Накладные расходы 95% ФОТ (от 41) | G68: 39
A69: Сметная прибыль 65% ФОТ (от 41) | G69: 27
A70: Итого c накладными и см. прибылью | G70: 185 | K70: 2.44
A71: Итого | G71: 4544 | K71: 66.84
A72: Итого по разделу 1 Монтажные работы | G72: 4544 | K72: 66.84
A73: Итоги по разделу 2 Материалы, не учтенные ценником :
A74: Материалы для монтажных работ:
A75: Итого Поз. 5 | G75: 1256
A76: Итого | G76: 1256
A77: Итого по разделу 2 Материалы, не учтенные ценником | G77: 1256
A78: Итого | G78: 5800 | K78: 66.84
A79: В том числе:
A80: Материалы | G80: 2643
A81: Машины и механизмы | G81: 853
A82: ФОТ | G82: 899
A83: Накладные расходы | G83: 897
A84: Сметная прибыль | G84: 585
A85: ВСЕГО по смете | G85: 5800 | K85: 66.84
A89: Составил инженер: ___________________________К.Н. Денисова
A90: (должность, подпись, расшифровка)
A92: Проверил нач.группы: ___________________________Т.В. Гетманова
A93: (должность, подпись, расшифровка)

Sheet 05-05-13--4-1556
A1: СОГЛАСОВАНО: | I1: УТВЕРЖДАЮ:
A4: ______________ | I4: ____________
A5: " _____ " ________________ 2014 г. | I5: "______ " _______________2014 г.
D6: Реконструкция комплекса по переработке РАО. Площадка 7Б
D7: (наименование стройки)
D9: ЛОКАЛЬНЫЙ СМЕТНЫЙ РАСЧЕТ № 05-05-13/4-1556/314-2984
D10: (локальная смета)
A12: на | B12: Охранную сигнализацию, Здание 765
D13: (наименование работ и затрат, наименование объекта)
B15: Основание: р.ч. 0503.07Б.0000 - СС1 инв. № 314-849, 314-131/ДСП
B16: Сметная стоимость монтажных работ _______________________________________________________________________________________________ | D16: ___________________________15,479 | F16: тыс. руб.
B17: Средства на оплату труда _______________________________________________________________________________________________ | D17: ___________________________1,989 | F17: тыс. руб.
B18: Сметная трудоемкость _______________________________________________________________________________________________ | D18: _______________________________________________________________________________________________134,45 | F18: чел.час
B19: Трудозатраты механизаторов _______________________________________________________________________________________________ | D19: _______________________________________________________________________________________________13,19 | F19: чел.час
B20: Составлен(а) в ценах по состоянию на 01.01.2000 г. (редакция 2009 г.)
A23: № пп | B23: Шифр и номер позиции норматива | C23: Наименование работ и затрат, единица измерения | D23: Количество | E23: Стоимость единицы, руб. | G23: Общая стоимость, руб. | J23: Затраты труда рабочих, чел.-ч, не занятых обслуживанием машин
E24: всего | F24: эксплуата- ции машин | G24: Всего | H24: оплаты труда | I24: эксплуата- ция машин
E25: оплаты труда | F25: в т.ч. оплаты труда | I25: в т.ч. оплаты труда | J25: на единицу | K25: всего
A26: 1 | B26: 2 | C26: 3 | D26: 4 | E26: 5 | F26: 6 | G26: 7 | H26: 8 | I26: 9 | J26: 10 | K26: 11
A27: Раздел 1. Монтажные работы
A28: Учтены индексы перехода от текущих цен к ценам 2000 года:
A29: К=5,59 к стоимости материалов (прил.1 письмо Минрегиона РФ №21331-СД/10 от 12.11.2013г.)
A30: Заготовительно-складские расходы 2% от стоимости материалов, 3% - транспортные расходы
A32: 1 | B32: ТЕРм10-06-026-02 | C32: Прокладка кабеля в подземной канализации, масса 1 м кабеля до 2 кг (1 км) | D32: 0,2 0,001*200 | E32: 7628,91 2209,84 | F32: 2765,81 231,96 | G32: 1526 | H32: 442 | I32: 553 46 | J32: 184 | K32: 36.8
A33: 2 | B33: ТЕРм10-01-052-07 | C33: Кроссировка в шкафу (10 шт. (кроссировок)) | D33: 20 0,1*200 | E33: 16,51 15,62 | G33: 330 | H33: 312 | J33: 1 | K33: 20
A34: 3 | B34: ТЕРм10-06-028-05 прим. | C34: Муфта прямая на кабеле в котлованах, емкость до 100х2 (1 шт.) | D34: 2 | E34: 653,66 166,14 | F34: 193,15 23,9 | G34: 1307 | H34: 332 | I34: 386 48 | J34: 13 | K34: 26
A35: 4 | B35: ТСЦ-502-0642 | C35: Муфта защитная для кабелей связи соединительная марки МЗС-35 (шт.) | D35: -2 | E35: 58.81 | G35: -118
A36: 5 | B36: ТЕРм08-02-409-01 | C36: Труба винипластовая по установленным конструкциям, по стенам и колоннам с креплением скобами, диаметр до 25 мм (100 м) | D36: 0,45 0,01*45 | E36: 2435,2 315,35 | F36: 611,58 248,83 | G36: 1096 | H36: 142 | I36: 275 112 | J36: 23.8 | K36: 10.71
A37: 6 | B37: ТЕРм10-06-034-23 | C37: Устройство для вывода кабеля из канализации на стену с рытьем и засыпкой, без прохода через стену (100 шт.) | D37: 0,02 0,01*2 | E37: 20608,15 6775 | G37: 412 | H37: 136 | J37: 500 | K37: 10
A38: 7 | B38: ТЕРм08-02-155-01 | C38: Герметизация проходов при вводе кабелей во взрывоопасные помещения уплотнительной массой (1 проход кабеля) | D38: 2 | E38: 22,58 6,37 | G38: 45 | H38: 13 | J38: 0.47 | K38: 0.94
A39: 8 | B39: ТЕРм10-06-032-02 | C39: Прослушивание и измерение переходных затуханий на парных кабелях, емкость 100х2 (1 кабель) | D39: 1 | E39: 55,28 54,2 | G39: 55 | H39: 54 | J39: 4 | K39: 4
A40: 9 | B40: ТЕРм10-06-032-01 | C40: Комплекс измерений постоянным током смонтированных парных кабелей до и после включения в оконечные устройства (100 пар) | D40: 2 0,01*200 | E40: 188,66 176,15 | G40: 377 | H40: 352 | J40: 13 | K40: 26
A41: Итого прямые затраты по разделу в ценах 2001г. | G41: 5030 | H41: 1783 | I41: 1214 206 | K41: 134.45
A42: Накладные расходы | G42: 1914
A43: В том числе, справочно:
A44: 80% ФОТ (от 312) (Поз. 2) | G44: 250
A45: 95% ФОТ (от 267) (Поз. 5, 7) | G45: 254
A46: 100% ФОТ (от 1410) (Поз. 1, 3, 6, 8-9) | G46: 1410
A47: Сметная прибыль | G47: 1278
A48: В том числе, справочно:
A49: 60% ФОТ (от 312) (Поз. 2) | G49: 187
A50: 65% ФОТ (от 1677) (Поз. 1, 3, 6, 8-9, 5, 7) | G50: 1091
A51: Итого по разделу 1 Монтажные работы | G51: 8222 | K51: 134.45
A52: Раздел 2. Материалы, не учтенные ценником
A53: 10 | B53: г. Екатеринбург, "Стронекс" III кв. 2013 г. | C53: Кабель ТППэпЗ, сеч. 100х2х0,5 Цена: 205864,00:1,18:5,59х1,02х1,03 (1000 м) | D53: 0,2 0,001*200 | E53: 32788.68 | G53: 6558
A54: 11 | B54: ТСЦ-502-0581 | C54: Провода кроссовые станционные с изоляцией из поливинилхлоридного пластиката марки ПКСВ с двумя медными однопроволочными жилами диаметром 0,5 мм (1000 м) | D54: 0,4 0,001*400 | E54: 750 | G54: 300
A55: 12 | B55: г. Москва, "Спецглавснаб" III кв. 2013 г. | C55: Муфта МПП 1 в к-те с ТУТ Цена: 253,45:1,18:5,59х1,02х1,03 (шт.) | D55: 2 | E55: 40.37 | G55: 81
A56: 13 | B56: ТСЦ-507-0915 | C56: Трубы поливинилхлоридные (ПВХ) диаметром 25 мм (м) | D56: 45 | E56: 6.96 | G56: 313
A57: 14 | B57: г. Тверь, "ДКС" III кв. 2013 г. | C57: Муфта для труб гофрированных диам 25 мм, код 50825 Цена: 6,42:1,18:5,59х1,02х1,03 (шт.) | D57: 5 | E57: 1.02 | G57: 5
A58: Итого прямые затраты по разделу в ценах 2001г. | G58: 7257
A59: Итого по разделу 2 Материалы, не учтенные ценником | G59: 7257
A60: ИТОГИ ПО СМЕТЕ:
A61: Итого прямые затраты по смете в ценах 2001г. | G61: 12287 | H61: 1783 | I61: 1214 206 | K61: 134.45
A62: Накладные расходы | G62: 1914
A63: В том числе, справочно:
A64: 80% ФОТ (от 312) (Поз. 2) | G64: 250
A65: 95% ФОТ (от 267) (Поз. 5, 7) | G65: 254
A66: 100% ФОТ (от 1410) (Поз. 1, 3, 6, 8-9) | G66: 1410
A67: Сметная прибыль | G67: 1278
A68: В том числе, справочно:
A69: 60% ФОТ (от 312) (Поз. 2) | G69: 187
A70: 65% ФОТ (от 1677) (Поз. 1, 3, 6, 8-9, 5, 7) | G70: 1091
A71: ВСЕГО по смете | G71: 15479 | K71: 134.45
A72: Итоги по разделу 1 Монтажные работы :
A73: Прокладка и монтаж сетей связи:
A74: Итого Поз. 1, 3, 6, 8-9 | G74: 3677 | H74: 1316 | I74: 939 94 | K74: 102.8
A75: Накладные расходы 100% ФОТ (от 1 410) | G75: 1410
A76: Сметная прибыль 65% ФОТ (от 1 410) | G76: 917
A77: Итого c накладными и см. прибылью | G77: 6004 | K77: 102.8
A78: Монтаж оборудования:
A79: Итого Поз. 2 | G79: 330 | H79: 312 | K79: 20
A80: Накладные расходы 80% ФОТ (от 312) | G80: 250
A81: Сметная прибыль 60% ФОТ (от 312) | G81: 187
A82: Итого c накладными и см. прибылью | G82: 767 | K82: 20
A83: Материалы для монтажных работ:
A84: Итого Поз. 4 | G84: -118
A85: Электромонтажные работы на других объектах:
A86: Итого Поз. 5, 7 | G86: 1141 | H86: 155 | I86: 275 112 | K86: 11.65
A87: Накладные расходы 95% ФОТ (от 267) | G87: 254
A88: Сметная прибыль 65% ФОТ (от 267) | G88: 174
A89: Итого c накладными и см. прибылью | G89: 1569 | K89: 11.65
A90: Итого | G90: 8222 | K90: 134.45
A91: Итого по разделу 1 Монтажные работы | G91: 8222 | K91: 134.45
A92: Итоги по разделу 2 Материалы, не учтенные ценником :
A93: Материалы для монтажных работ:
A94: Итого Поз. 10-14 | G94: 7257
A95: Итого | G95: 7257
A96: Итого по разделу 2 Материалы, не учтенные ценником | G96: 7257
A97: Итого | G97: 15479 | K97: 134.45
A98: В том числе:
A99: Материалы | G99: 9290
A100: Машины и механизмы | G100: 1214
A101: ФОТ | G101: 1989
A102: Накладные расходы | G102: 1914
A103: Сметная прибыль | G103: 1278
A104: ВСЕГО по смете | G104: 15479 | K104: 134.45
A108: Составил инженер: ___________________________К.Н. Денисова
A109: (должность, подпись, расшифровка)
A111: Проверил нач.группы: ___________________________Т.В. Гетманова
A112: (должность, подпись, расшифровка)

Sheet 19-4-2098
A1: СОГЛАСОВАНО: | M1: УТВЕРЖДАЮ:
A4: _________________ | M4: _________________
A5: " _____ " ________________ 2014 г. | M5: "______ " _______________2014 г.
G7: (наименование стройки)
G9: ЛОКАЛЬНЫЙ СМЕТНЫЙ РАСЧЕТ № 313-2042/19-4-2098
G10: (локальная смета)
C12: на | D12: Охранная сигнализация здания 776. Система физической защиты
G13: (наименование работ и затрат, наименование объекта)
D15: Основание:
D16: Сметная стоимость _______________________________________________________________________________________________ | J16: ___________________________127,903 | L16: тыс. руб.
D17: строительных работ _______________________________________________________________________________________________ | J17: _______________________________________________________________________________________________10,048 | L17: тыс. руб.
D18: монтажных работ _______________________________________________________________________________________________ | J18: _______________________________________________________________________________________________34,142 | L18: тыс. руб.
D19: оборудования _______________________________________________________________________________________________ | J19: _______________________________________________________________________________________________83,713 | L19: тыс. руб.
D20: Средства на оплату труда _______________________________________________________________________________________________ | J20: ___________________________8,025 | L20: тыс. руб.
D21: Сметная трудоемкость _______________________________________________________________________________________________ | J21: _______________________________________________________________________________________________494,51 | L21: чел.час
D22: Составлен(а) в текущих (прогнозных) ценах по состоянию на ______________
A25: № пп | B25: Обосно- вание | C25: Наименование | D25: Ед. изм. | E25: Кол. | F25: Стоимость единицы, руб. | J25: Общая стоимость, руб. | O25: Т/з осн. раб.на ед. | P25: Т/з осн. раб. Всего | Q25: Общая масса обору-дования, т
F26: Всего | G26: В том числе | J26: Обору- дование | K26: Всего | L26: В том числе
G27: Осн.З/п | H27: Эк.Маш | I27: З/пМех | L27: Осн.З/п | M27: Эк.Маш | N27: З/пМех
A28: 1 | B28: 2 | C28: 3 | D28: 4 | E28: 5 | F28: 6 | G28: 7 | H28: 8 | I28: 9 | J28: 10 | K28: 11 | L28: 12 | M28: 13 | N28: 14 | O28: 15 | P28: 16 | Q28: 17
A29: Раздел 1. Монтажные работы и оборудование
A30: 1 О | B30: Техносвязь 2013г | C30: Коммутатор связи Каскад-14Р в составе :конструктив для кросс-платы на 6 посадочных мест-1шт, источник питания-1шт, управляющий модуль-1шт, плата МАК01/П-1шт, плата МАК01/8-1шт. Цена 200783/1,18/3,9*1,03*1,012 | D30: компл. | E30: 1 | F30: 45477.65 | J30: 45478 | K30: 45478
A31: 2 | B31: ТЕРм10-02-016-04 Постан.Правит.Свердл.обл. от 10.11.10 №1616-ПП | C31: Коммутатор диспетчерской или директорской связи с усилительным устройством и стативом, емкость до 50 номеров | D31: 1 номер | E31: 40 | F31: 195.28 | G31: 69.82 | H31: 13.07 | I31: 2.66 | K31: 7811 | L31: 2793 | M31: 523 | N31: 106 | O31: 4.47 | P31: 178.8 | Q31: 0.04
A32: 3 | B32: ТЕРм10-02-017-01 Постан.Правит.Свердл.обл. от 10.11.10 №1616-ПП | C32: Устройство телефонное (концентратор) | D32: 1 шт. | E32: 1 | F32: 469.18 | G32: 433.6 | K32: 469 | L32: 434 | O32: 32 | P32: 32 | Q32: 0.024
A33: 4 | B33: ТЕРм10-06-034-02 Постан.Правит.Свердл.обл. от 10.11.10 №1616-ПП | C33: Шкаф телефонный распределительный емкостью до 600х2 при установке в готовой нише | D33: 1 шкаф | E33: 1 | F33: 551.03 | G33: 168.14 | H33: 112.35 | I33: 13.9 | K33: 551 | L33: 168 | M33: 112 | N33: 14 | O33: 14 | P33: 14 | Q33: 0.001
A34: 5 | B34: ТЕРм10-06-034-12 Постан.Правит.Свердл.обл. от 10.11.10 №1616-ПП | C34: Коробка распределительная настенная на кабеле с пластмассовой оболочкой | D34: 1 коробка | E34: 1 | F34: 85.55 | G34: 27.1 | H34: 42.92 | I34: 5.31 | K34: 86 | L34: 27 | M34: 43 | N34: 5 | O34: 2 | P34: 2
A35: 6 О | B35: НПО "Промавтоматика" г. Екатеринбург 2013г | C35: Аппарат телефонный ТАШ-2305. Цена 8600/1,18/3,9*1,03*1,012 | D35: 1 шт. | E35: 3 | F35: 1947.91 | J35: 5844 | K35: 5844
A36: 7 | B36: ТЕРм10-02-030-02 Постан.Правит.Свердл.обл. от 10.11.10 №1616-ПП | C36: Аппарат телефонный системы ЦБ или АТС настенный | D36: 1 шт. | E36: 3 | F36: 110.22 | G36: 97.56 | K36: 331 | L36: 293 | O36: 7.2 | P36: 21.6 | Q36: 0.006
A37: 8 | B37: ТЕРм10-04-066-05 Постан.Правит.Свердл.обл. от 10.11.10 №1616-ПП | C37: Звонок (кнопка тревожной сигнализации) | D37: 1 шт. | E37: 1 | F37: 13.89 | G37: 12.78 | K37: 14 | L37: 13 | O37: 1 | P37: 1 | Q37: 0.001
A38: 9 | B38: ТЕРм10-08-002-01 Постан.Правит.Свердл.обл. от 10.11.10 №1616-ПП | C38: Извещатель ПС автоматический тепловой электро-контактный, магнитоконтактный в нормальном исполнении | D38: 1 шт. | E38: 6 | F38: 13.84 | G38: 11.38 | H38: 0.17 | K38: 83 | L38: 68 | M38: 1 | O38: 0.84 | P38: 5.04
A39: 10 | B39: ТЕРм10-08-003-05 Постан.Правит.Свердл.обл. от 10.11.10 №1616-ПП | C39: Устройство оптико-(фото)электрическое, прибор оптико-электрический в одноблочном исполнении | D39: 1 шт. | E39: 1 | F39: 86.32 | G39: 78.05 | H39: 0.37 | K39: 86 | L39: 78 | O39: 5.76 | P39: 5.76
A40: 11 О | B40: НИКИРЭТ г.Заречный 2013г. | C40: Приемно-контрольный прибор "Фокус-СМ32". Цена 58174/1,18/3,9*1,03*1,012 | D40: компл. | E40: 2 | F40: 13176.5 | J40: 26353 | K40: 26353
A41: 12 | B41: ТЕРм10-08-003-01 Постан.Правит.Свердл.обл. от 10.11.10 №1616-ПП | C41: Прибор сигнализирующий емкостной | D41: 1 шт. | E41: 2 | F41: 118.78 | G41: 108.98 | H41: 0.37 | K41: 238 | L41: 218 | M41: 1 | O41: 7.92 | P41: 15.84
A42: 13 | B42: ТЕРм10-06-034-12 Постан.Правит.Свердл.обл. от 10.11.10 №1616-ПП | C42: Коробка распределительная настенная на кабеле с пластмассовой оболочкой | D42: 1 коробка | E42: 2 | F42: 85.55 | G42: 27.1 | H42: 42.92 | I42: 5.31 | K42: 171 | L42: 54 | M42: 86 | N42: 11 | O42: 2 | P42: 4
A43: 14 О | B43: НИКИРЭТ г.Заречный 2013г. | C43: Источник питания БП-048 БАЖВ.436.234.002. Цена 7375/1,18/3,9*1,03*1,012 | D43: 1 шт. | E43: 1 | F43: 1670.45 | J43: 1670 | K43: 1670
A44: 15 | B44: ТЕРм10-08-003-06 Постан.Правит.Свердл.обл. от 10.11.10 №1616-ПП | C44: Устройство оптико-(фото)электрическое, блок питания и контроля | D44: 1 шт. | E44: 1 | F44: 97.17 | G44: 84.04 | H44: 0.49 | K44: 97 | L44: 84 | O44: 5.76 | P44: 5.76
A45: 16 О | B45: Санкт-Петербург D-Link 2013г | C45: Медиаконвектор DMC-515SC. Цена 2411.52/1,18/3,9*1,03*1,012 | D45: 1 шт. | E45: 2 | F45: 546.21 | J45: 1092 | K45: 1092
A46: 17 | B46: ТЕРм10-08-003-07 Постан.Правит.Свердл.обл. от 10.11.10 №1616-ПП | C46: Устройство оптико-(фото)электрическое, комплект преобразователей (излучатель, фотоприемник) | D46: 1 компл. | E46: 2 | F46: 104.48 | G46: 87.8 | H46: 1 | K46: 209 | L46: 176 | M46: 2 | O46: 6.48 | P46: 12.96
A47: 18 О | B47: МОХА 2013г | C47: 2-х портовый усовершенствованный асинхронный сервис NRort 5230А Цена 7232/1,18/3,9*1,03*1,012 | D47: 1 шт. | E47: 2 | F47: 1638.06 | J47: 3276 | K47: 3276
A48: 19 | B48: ТЕРм10-08-003-04 Постан.Правит.Свердл.обл. от 10.11.10 №1616-ПП | C48: Устройство ультразвуковое, преобразователь (излучатель или приемник) | D48: 1 шт. | E48: 2 | F48: 55.9 | G48: 48.78 | H48: 0.37 | K48: 112 | L48: 98 | M48: 1 | O48: 3.6 | P48: 7.2
A49: 20 | B49: ТЕРм08-02-148-01 Постан.Правит.Свердл.обл. от 10.11.10 №1616-ПП | C49: Кабель до 35 кВ в проложенных трубах, блоках и коробах, масса 1 м кабеля до 1 кг | D49: 100 м кабеля | E49: 12.2 | F49: 798.84 | G49: 168.02 | H49: 544.81 | I49: 57.87 | K49: 9746 | L49: 2050 | M49: 6647 | N49: 706 | O49: 12.4 | P49: 151.28
A50: 21 | B50: ТЕРм08-02-472-10 Постан.Правит.Свердл.обл. от 10.11.10 №1616-ПП | C50: Проводник заземляющий из медного изолированного провода сечением 25 мм2 открыто по строительным основаниям | D50: 100 м | E50: 0.12 | F50: 4732.43 | G50: 617.45 | H50: 45.38 | I50: 0.55 | K50: 568 | L50: 74 | M50: 5 | O50: 46.6 | P50: 5.59
A51: 22 | B51: ТЕРм08-02-407-01 Постан.Правит.Свердл.обл. от 10.11.10 №1616-ПП | C51: Труба стальная по установленным конструкциям, по стенам с креплением скобами, диаметр до 25 мм | D51: 100 м | E51: 0.1 | F51: 2527.2 | G51: 408.1 | H51: 897.93 | I51: 320.97 | K51: 253 | L51: 41 | M51: 90 | N51: 32 | O51: 30.8 | P51: 3.08
A52: 23 | B52: ТЕРм08-02-396-05 Постан.Правит.Свердл.обл. от 10.11.10 №1616-ПП | C52: Короб металлический по стенам и потолкам, длина 2 м | D52: 100 м | E52: 0.5 | F52: 1840.21 | G52: 498.2 | H52: 788.16 | I52: 202.95 | K52: 920 | L52: 249 | M52: 394 | N52: 101 | O52: 37.6 | P52: 18.8
A53: 24 | B53: ТЕРм08-02-152-04 Постан.Правит.Свердл.обл. от 10.11.10 №1616-ПП | C53: Стойка сборных кабельных конструкций (без полок), масса до 1,6 кг | D53: 100 шт. | E53: 0.25 | F53: 1466.89 | G53: 384.82 | H53: 317.16 | I53: 7.46 | K53: 367 | L53: 96 | M53: 79 | N53: 2 | O53: 28.4 | P53: 7.1
A54: 25 | B54: ТЕРм08-02-152-07 Постан.Правит.Свердл.обл. от 10.11.10 №1616-ПП | C54: Полка кабельная, устанавливаемая на стойках, масса до 0,4 кг | D54: 100 шт. | E54: 0.25 | F54: 62.76 | G54: 27.91 | H54: 32.15 | I54: 2 | K54: 16 | L54: 7 | M54: 8 | N54: 1 | O54: 2.06 | P54: 0.52
A55: 26 | B55: ТЕРм10-06-037-08 Постан.Правит.Свердл.обл. от 10.11.10 №1616-ПП | C55: Ящик для трубных проводок протяжной или коробка, размер до 200х200 мм | D55: 1 шт. | E55: 2 | F55: 14.87 | G55: 13.09 | H55: 0.31 | K55: 30 | L55: 26 | M55: 1 | O55: 1.09 | P55: 2.18 | Q55: 0.007
A56: Итого прямые затраты по разделу в ценах 2001г. | K56: 105871 | L56: 7047 | M56: 7993 | N56: 978 | P56: 494.51
A57: Накладные расходы | K57: 6986
A58: Сметная прибыль | K58: 4998
A59: Итого по разделу 1 Монтажные работы и оборудование | K59: 117855 | P59: 494.51
A60: Итого Монтажные работы | K60: 34142 | P60: 494.51
A61: Итого Оборудование | K61: 83713
A62: Итого | K62: 117855 | P62: 494.51
A63: В том числе:
A64: Материалы | K64: 7118
A65: Машины и механизмы | K65: 7993
A66: ФОТ | K66: 8025
A67: Оборудование | K67: 83713
A68: Накладные расходы | K68: 6986
A69: Сметная прибыль | K69: 4998
A70: Итого по разделу 1 Монтажные работы и оборудование | K70: 117855 | P70: 494.51
A71: Раздел 2. Материалы не учтенные ценником
A72: 27 | B72: Альфа-Телеком г.Екатеринбург 2013г | C72: Шкаф телефонный распределительный емк. 300пар ШРН2/300 Цена 5100/1,18/5,53*1,03*1,02 | D72: 1 шт. | E72: 1 | F72: 821.11 | K72: 821
A73: 28 | B73: Альфа-Телеком г.Екатеринбург 2013г | C73: Коробка распределительная КРТМ-2/20. Цена 1100/1,18/5,53*1,03*1,02 | D73: 1 шт. | E73: 1 | F73: 177.1 | K73: 177
A74: 29 | B74: СНПО "Элерон" г.Москва 2013г | C74: Кнопка тревожной сигнализции КТ-4 УК. Цена 3953/1,18/5,53*1,03*1,02 | D74: 1 шт. | E74: 1 | F74: 636.44 | K74: 636
A75: 30 | B75: НПП Магнито-контакт г.Рязань 2013г | C75: Датчик магнитоконтактный ИО102-6. Цена 63,5/1,18/5,53*1,03*1,02 | D75: 1 шт. | E75: 6 | F75: 10.22 | K75: 61
A76: 31 | B76: СНПО "Элерон" г.Москва 2013г | C76: Средство обнаружения микроволновое однопозиционное СМВ17П-01. Цена 8909/1,18/5,53*1,03*1,02 | D76: 1 шт. | E76: 1 | F76: 1434.36 | K76: 1434
A77: 32 | B77: ТСЦ-502-0582 Постан.Правит.Свердл.обл. от 10.11.10 №1616-ПП | C77: Провода с двумя параллельно уложенными медными жилами диаметром 1,2 мм, с полиэтиленовой изоляцией и с общей оболочкой из поливинилхлоридного пластиката марки ПРПВМ 1,2 | D77: 1000 м | E77: 0.055 | F77: 3120 | K77: 172
A78: 33 | B78: Подольсккабель 2013г | C78: Кабель малогабаритный КМПВнг-LS емк. 1*2*0,5. Цена 20697,2/1,18/5,53*1,03*1,02 | D78: 1000 м | E78: 0.055 | F78: 3332.28 | K78: 183
A79: 34 | B79: Подольсккабель 2013г | C79: Кабель малогабаритный КМПВнг-LS емк. 1*7*0,5. Цена 39069,8/1,18/5,53*1,03*1,02 | D79: 1000 м | E79: 0.01 | F79: 6290.3 | K79: 63
A80: 35 | B80: SRV/TRADE г.Москва 2013 | C80: Коммутационный шнур RJ45-RJ45. Цена 198/1,18/5,53*1,03*1,02 | D80: 1шт. | E80: 2 | F80: 31.88 | K80: 64
A81: 36 | B81: AMP Netconnect 2013г | C81: Коммуникационный кабель 9-125 мкм SC-SC одномодовый, 2м. цена 191/1,18/5,53*1,03*1,02 | D81: 1 шт. | E81: 2 | F81: 30.75 | K81: 62
A82: 37 | B82: Ампер - Сервис г.Екатеринбург 2013г | C82: Кабель телефонный распределительный ТПВнг-LS емк.20*2*0,5. Цена 58,75/1,18/5,53*1,03*1,02 | D82: м | E82: 15 | F82: 9.46 | K82: 142
A83: 38 | B83: Ампер - Сервис г.Екатеринбург 2013г | C83: Кабель телефонный распределительный ТСВнг емк.20*2*0,5. Цена 51,8/1,18/5,53*1,03*1,02 | D83: м | E83: 20 | F83: 8.34 | K83: 167
... A93: 48 | B93: ТСЦ-503-0461 Постан.Правит.Свердл.обл. от 10.11.10 №1616-ПП | C93: Разветвительная коробка У994 | D93: шт. | E93: 2 | F93: 20.82 | K93: 42
A94: Итого прямые затраты по разделу в ценах 2001г. | K94: 10048
A95: Итого по разделу 2 Материалы не учтенные ценником | K95: 10048
A96: ИТОГИ ПО СМЕТЕ:
A97: Итого прямые затраты по смете в ценах 2001г. | K97: 115919 | L97: 7047 | M97: 7993 | N97: 978 | P97: 494.51
A98: Накладные расходы | K98: 6986
A99: Сметная прибыль | K99: 4998
A100: ВСЕГО по смете | K100: 127903 | P100: 494.51
A101: Итого Строительные работы | K101: 10048
A102: Итого Монтажные работы | K102: 34142 | P102: 494.51
A103: Итого Оборудование | K103: 83713
A104: Итого | K104: 127903 | P104: 494.51
A105: В том числе:
A106: Материалы | K106: 7508
A107: Машины и механизмы | K107: 7993
A108: ФОТ | K108: 8025
A109: Оборудование | K109: 83713
A110: Накладные расходы | K110: 6986
A111: Сметная прибыль | K111: 4998
A112: ВСЕГО по смете | K112: 127903 | P112: 494.51
A116: Составил: ___________________________
A117: (должность, подпись, расшифровка)
A119: Проверил: ___________________________
A120: (должность, подпись, расшифровка)

Sheet 19-4-2099
A1: СОГЛАСОВАНО: | M1: УТВЕРЖДАЮ:
A4: _________________ | M4: _________________
A5: " _____ " ________________ 2014 г. | M5: "______ " _______________2014 г.
G7: (наименование стройки)
G9: ЛОКАЛЬНЫЙ СМЕТНЫЙ РАСЧЕТ № 313-2042/19-4-2099
G10: (локальная смета)
C12: на | D12: Охранная сигнализация периметра. Система физической защиты
G13: (наименование работ и затрат, наименование объекта)
D15: Основание:
D16: Сметная стоимость _______________________________________________________________________________________________ | J16: ___________________________680,291 | L16: тыс. руб.
D17: строительных работ _______________________________________________________________________________________________ | J17: _______________________________________________________________________________________________165,419 | L17: тыс. руб.
D18: монтажных работ _______________________________________________________________________________________________ | J18: _______________________________________________________________________________________________146,412 | L18: тыс. руб.
D19: оборудования _______________________________________________________________________________________________ | J19: _______________________________________________________________________________________________368,460 | L19: тыс. руб.
D20: Средства на оплату труда _______________________________________________________________________________________________ | J20: ___________________________34,585 | L20: тыс. руб.
D21: Сметная трудоемкость _______________________________________________________________________________________________ | J21: _______________________________________________________________________________________________2183,98 | L21: чел.час
D22: Составлен(а) в текущих (прогнозных) ценах по состоянию на ______________
A25: № пп | B25: Обосно- вание | C25: Наименование | D25: Ед. изм. | E25: Кол. | F25: Стоимость единицы, руб. | J25: Общая стоимость, руб. | O25: Т/з осн. раб.на ед. | P25: Т/з осн. раб. Всего | Q25: Общая масса обору-дования, т
F26: Всего | G26: В том числе | J26: Обору- дование | K26: Всего | L26: В том числе
G27: Осн.З/п | H27: Эк.Маш | I27: З/пМех | L27: Осн.З/п | M27: Эк.Маш | N27: З/пМех
A28: 1 | B28: 2 | C28: 3 | D28: 4 | E28: 5 | F28: 6 | G28: 7 | H28: 8 | I28: 9 | J28: 10 | K28: 11 | L28: 12 | M28: 13 | N28: 14 | O28: 15 | P28: 16 | Q28: 17
A29: Раздел 1. Монтажные работы и оборудование
A30: 1 О | B30: г.Озерск ЭнергоПром 2013г | C30: Шкаф утепленный обогреваемый напольный разм. 1400*600*530 КШО-Э-3. Цена 53540/1,18/3,9*1,03*1,012 | D30: 1 шт. | E30: 4 | F30: 12126.89 | J30: 48508 | K30: 48508
A31: 2 | B31: ТЕРм08-03-572-07 Постан.Правит.Свердл.обл. от 10.11.10 №1616-ПП | C31: Блок управления шкафного исполнения или распределительный пункт (шкаф), устанавливаемый на полу, высота и ширина до 1700х1100 мм | D31: 1 шт. | E31: 4 | F31: 685.88 | G31: 65.1 | H31: 129.15 | I31: 7.46 | K31: 2744 | L31: 260 | M31: 517 | N31: 30 | O31: 4.66 | P31: 18.64
A32: 3 О | B32: НИКИРЭТ г.Заречный 2013г | C32: Источник питания БП-048 БАЖВ.436.234.002. Цена 7375/1,18/3,9*1,03*1,012 | D32: 1 шт | E32: 4 | F32: 1670.45 | J32: 6682 | K32: 6682
A33: 4 | B33: ТЕРм10-08-003-06 Постан.Правит.Свердл.обл. от 10.11.10 №1616-ПП | C33: Источник питания БП-048 БАЖВ.436.234.002. | D33: 1 шт. | E33: 4 | F33: 97.17 | G33: 84.04 | H33: 0.49 | K33: 389 | L33: 336 | M33: 2 | O33: 5.76 | P33: 23.04
A34: 5 О | B34: СНПО Элерон 2013г | C34: Сигнализатор микроволновый СМД1.4М1. Цена 55292,16/1,18/3,9*0,13*1,012 | D34: 1 шт. | E34: 1 | F34: 12523.76 | J34: 12524 | K34: 12524
A35: 6 | B35: ТЕРм10-08-003-04 Постан.Правит.Свердл.обл. от 10.11.10 №1616-ПП | C35: Сигнализатор микроволновый | D35: 1 шт. | E35: 1 | F35: 55.9 | G35: 48.78 | H35: 0.37 | K35: 56 | L35: 49 | O35: 3.6 | P35: 3.6
A36: 7 О | B36: г.Дубна Дедал 2013г прим | C36: Сигнализатор вибрационной охраны периматра Дельфин-МП. Цена 203881/1,18/3,9*1,03*1,012 | D36: 1 шт. | E36: 4 | F36: 46179.36 | J36: 184717 | K36: 184717
A37: 8 | B37: ТЕРм10-08-001-02 Постан.Правит.Свердл.обл. от 10.11.10 №1616-ПП | C37: Сигнализатор вибрационной охраны периматра Дельфин-МП. | D37: 1 шт. | E37: 4 | F37: 187.59 | G37: 165.79 | H37: 0.46 | K37: 750 | L37: 663 | M37: 2 | O37: 11.7 | P37: 46.8
A38: 9 | B38: ТЕРм10-04-008-01 Постан.Правит.Свердл.обл. от 10.11.10 №1616-ПП | C38: Плата грозозащиты | D38: 1 шт. | E38: 4 | F38: 13.88 | G38: 12.54 | H38: 1.09 | K38: 56 | L38: 50 | M38: 4 | O38: 1.03 | P38: 4.12
A39: 10 | B39: ТЕРм10-08-005-03 Постан.Правит.Свердл.обл. от 10.11.10 №1616-ПП | C39: Провод двух- и трехжильный с разделительным основанием по стенам и потолкам, прокладываемый по основаниям бетонным и металлическим | D39: 100 м | E39: 10 | F39: 1540.77 | G39: 460.7 | H39: 28.6 | K39: 15408 | L39: 4607 | M39: 286 | O39: 34 | P39: 340
A40: 11 О | B40: СНПО Элерон 2013г | C40: Сигнализатор микроволновый СМД1.4М1. Цена 55292,16/1,18/3,9*1,03*1,012 | D40: 1 шт. | E40: 1 | F40: 12523.76 | J40: 12524 | K40: 12524
A41: 12 | B41: ТЕРм10-08-003-04 Постан.Правит.Свердл.обл. от 10.11.10 №1616-ПП | C41: Сигнализатор микроволновый | D41: 1 шт. | E41: 1 | F41: 55.9 | G41: 48.78 | H41: 0.37 | K41: 56 | L41: 49 | O41: 3.6 | P41: 3.6
A42: 13 О | B42: г.Дубна Дедал 2013г прим | C42: Сигнализатор вибрационной охраны периматра Дельфин-МП. Цена 203881/1,18/3,9*1,03*1,012 | D42: 1 шт. | E42: 1 | F42: 46179.36 | J42: 46179 | K42: 46179
A43: 14 | B43: ТЕРм10-08-001-02 Постан.Правит.Свердл.обл. от 10.11.10 №1616-ПП | C43: Сигнализатор вибрационной охраны периматра Дельфин-МП. | D43: 1 шт. | E43: 1 | F43: 187.59 | G43: 165.79 | H43: 0.46 | K43: 188 | L43: 166 | O43: 11.7 | P43: 11.7
A44: 15 | B44: ТЕРм11-04-008-01 Постан.Правит.Свердл.обл. от 10.11.10 №1616-ПП | C44: Плата грозозащиты | D44: 1 шт. | E44: 1 | F44: 13.88 | G44: 12.54 | H44: 1.09 | K44: 14 | L44: 13 | M44: 1 | O44: 1.03 | P44: 1.03
A45: 16 | B45: ТЕРм10-08-005-03 Постан.Правит.Свердл.обл. от 10.11.10 №1616-ПП | C45: Провод двух- и трехжильный с разделительным основанием по стенам и потолкам, прокладываемый по основаниям бетонным и металлическим | D45: 100 м | E45: 2 | F45: 1540.77 | G45: 460.7 | H45: 28.6 | K45: 3082 | L45: 921 | M45: 57 | O45: 34 | P45: 68
A46: 17 | B46: ТЕРм10-08-002-04 Постан.Правит.Свердл.обл. от 10.11.10 №1616-ПП | C46: Извещатель ОС автоматический контактный, магнитоконтактный на открывание окон, дверей | D46: 1 шт. | E46: 4 | F46: 13.47 | G46: 11.38 | K46: 54 | L46: 46 | O46: 0.84 | P46: 3.36
A47: 18 О | B47: СНПО Элерон 2013г | C47: Сигнализатор микроволновый СМД1.4М1. Цена 55292,16/1,18/3,9*1,03*1,012 | D47: 1 шт. | E47: 1 | F47: 12523.76 | J47: 12524 | K47: 12524
A48: 19 | B48: ТЕРм10-08-003-04 Постан.Правит.Свердл.обл. от 10.11.10 №1616-ПП | C48: Сигнализатор микроволновый | D48: 1 шт. | E48: 1 | F48: 55.9 | G48: 48.78 | H48: 0.37 | K48: 56 | L48: 49 | O48: 3.6 | P48: 3.6
A49: 20 | B49: ТЕРм10-06-034-13 Постан.Правит.Свердл.обл. от 10.11.10 №1616-ПП | C49: Коробка распределительная настенная на кабеле со свинцовой или алюминиевой оболочкой | D49: 1 коробка | E49: 4 | F49: 143.25 | G49: 40.65 | H49: 49.23 | I49: 6.09 | K49: 573 | L49: 163 | M49: 197 | N49: 24 | O49: 3 | P49: 12 | Q49: 0.0006
A50: 21 О | B50: НПО "Промавтоматика" г.Екатеринбург 2013г. | C50: Аппарат телефонный ТАШ-2305. Цена 8600/1,18/3,9*1,03*1,012 | D50: 1 шт. | E50: 23 | F50: 1947.91 | J50: 44802 | K50: 44802
A51: 22 | B51: ТЕРм10-02-030-03 Постан.Правит.Свердл.обл. от 10.11.10 №1616-ПП | C51: Таксофон и аппарат телефонный в сырых помещениях | D51: 1 шт. | E51: 23 | F51: 133.01 | G51: 111.11 | K51: 3059 | L51: 2556 | O51: 8.2 | P51: 188.6 | Q51: 0.069
A52: 23 | B52: ТЕРм10-04-066-05 Постан.Правит.Свердл.обл. от 10.11.10 №1616-ПП | C52: Звонок | D52: 1 шт. | E52: 23 | F52: 13.89 | G52: 12.78 | K52: 319 | L52: 294 | O52: 1 | P52: 23 | Q52: 0.023
A53: 24 | B53: ТЕРм08-02-471-04 Постан.Правит.Свердл.обл. от 10.11.10 №1616-ПП | C53: Заземлитель вертикальный из круглой стали диаметром 16 мм | D53: 10 шт. | E53: 1.4 | F53: 675.07 | G53: 109.84 | H53: 63.7 | I53: 2.55 | K53: 945 | L53: 154 | M53: 89 | N53: 4 | O53: 8.29 | P53: 11.61
A54: 25 | B54: ТЕРм08-02-148-01 Постан.Правит.Свердл.обл. от 10.11.10 №1616-ПП | C54: Кабель до 35 кВ в проложенных трубах, блоках и коробах, масса 1 м кабеля до 1 кг | D54: 100 м кабеля | E54: 53.75 | F54: 798.84 | G54: 168.02 | H54: 544.81 | I54: 57.87 | K54: 42938 | L54: 9031 | M54: 29284 | N54: 3111 | O54: 12.4 | P54: 666.5
A55: 26 | B55: ТЕРм10-06-026-01 Постан.Правит.Свердл.обл. от 10.11.10 №1616-ПП | C55: Прокладка кабеля в подземной канализации, масса 1 м кабеля до 1 кг | D55: 1 км | E55: 0.16 | F55: 6327.57 | G55: 1633.36 | H55: 2052.48 | I55: 172.13 | K55: 1012 | L55: 261 | M55: 328 | N55: 28 | O55: 136 | P55: 21.76
A56: 27 | B56: ТЕРм10-06-032-01 Постан.Правит.Свердл.обл. от 10.11.10 №1616-ПП | C56: Комплекс измерений постоянным током смонтированных парных кабелей до и после включения в оконечные устройства | D56: 100 пар | E56: 3.02 | F56: 188.66 | G56: 176.15 | K56: 570 | L56: 532 | O56: 13 | P56: 39.26
A57: 28 | B57: ТЕРм10-06-034-23 Постан.Правит.Свердл.обл. от 10.11.10 №1616-ПП | C57: Устройство для вывода кабеля из канализации на стену с рытьем и засыпкой, без прохода через стену | D57: 100 шт. | E57: 0.06 | F57: 20608.15 | G57: 6775 | K57: 1236 | L57: 407 | O57: 500 | P57: 30
A58: 29 | B58: ТЕРм08-02-155-01 Постан.Правит.Свердл.обл. от 10.11.10 №1616-ПП | C58: Герметизация проходов при вводе кабелей во взрывоопасные помещения уплотнительной массой | D58: 1 проход кабеля | E58: 6 | F58: 22.58 | G58: 6.37 | K58: 135 | L58: 38 | O58: 0.47 | P58: 2.82
A59: 30 | B59: ТЕРм08-02-396-01 Постан.Правит.Свердл.обл. от 10.11.10 №1616-ПП | C59: Короб металлический на конструкциях, кронштейнах, по фермам и колоннам, длина 2 м | D59: 100 м | E59: 9.21 | F59: 2088.43 | G59: 498.2 | H59: 950.56 | I59: 216.12 | K59: 19234 | L59: 4588 | M59: 8755 | N59: 1990 | O59: 37.6 | P59: 346.3
A60: 31 | B60: ТЕРм08-02-405-01 Постан.Правит.Свердл.обл. от 10.11.10 №1616-ПП | C60: Провод по установленным стальным конструкциям и панелям, сечение до 16 мм2 | D60: 100 м | E60: 0.12 | F60: 1533.01 | G60: 507.48 | H60: 145.97 | I60: 4.55 | K60: 184 | L60: 61 | M60: 18 | N60: 1 | O60: 38.3 | P60: 4.6
A61: Итого прямые затраты по разделу в ценах 2001г. | K61: 461518 | L61: 25294 | M61: 39540 | N61: 5188 | P61: 1873.94
A62: Накладные расходы | K62: 27602
A63: Сметная прибыль | K63: 19341
A64: Итого по разделу 1 Монтажные работы и оборудование | K64: 508461 | P64: 1873.94
A65: Итого Монтажные работы | K65: 140001 | P65: 1873.94
A66: Итого Оборудование | K66: 368460
A67: Итого | K67: 508461 | P67: 1873.94
A68: В том числе:
A69: Материалы | K69: 28224
A70: Машины и механизмы | K70: 39540
A71: ФОТ | K71: 30482
A72: Оборудование | K72: 368460
A73: Накладные расходы | K73: 27602
A74: Сметная прибыль | K74: 19341
A75: Итого по разделу 1 Монтажные работы и оборудование | K75: 508461 | P75: 1873.94
A76: Раздел 2. Контур заземления шкафа участкового (4 шт)
A77: 32 | B77: ТЕР01-02-057-03 Постан.Правит.Свердл.обл. от 10.11.10 №1616-ПП | C77: Разработка грунта вручную в траншеях глубиной до 2 м без креплений с откосами, группа грунтов 3 | D77: 100 м3 грунта | E77: 0.125 | F77: 2725.52 | G77: 2725.52 | K77: 341 | L77: 341 | O77: 248 | P77: 31
A78: 33 | B78: ТЕР01-02-061-02 Постан.Правит.Свердл.обл. от 10.11.10 №1616-ПП | C78: Засыпка вручную траншей, пазух котлованов и ям, группа грунтов 2 | D78: 100 м3 грунта | E78: 0.125 | F78: 1027.4 | G78: 1027.4 | K78: 128 | L78: 128 | O78: 97.2 | P78: 12.15
A79: 34 | B79: ТЕРм08-02-471-01 Постан.Правит.Свердл.обл. от 10.11.10 №1616-ПП | C79: Заземлитель вертикальный из угловой стали размером 50х50х5 мм | D79: 10 шт. | E79: 2 | F79: 933.5 | G79: 141.78 | H79: 71.23 | I79: 3.46 | K79: 1867 | L79: 284 | M79: 142 | N79: 7 | O79: 10.7 | P79: 21.4
A80: 35 | B80: ТЕРм08-02-472-02 Постан.Правит.Свердл.обл. от 10.11.10 №1616-ПП | C80: Заземлитель горизонтальный из стали полосовой сечением 160 мм2 | D80: 100 м | E80: 0.8 | F80: 1242.52 | G80: 219.95 | H80: 92.37 | I80: 4 | K80: 994 | L80: 176 | M80: 74 | N80: 3 | O80: 16.6 | P80: 13.28
A81: 36 | B81: ТЕРм08-02-471-03 Постан.Правит.Свердл.обл. от 10.11.10 №1616-ПП | C81: Заземлитель вертикальный из круглой стали диаметром 12 мм | D81: 10 шт. | E81: 0.4 | F81: 466.97 | G81: 109.84 | H81: 46.16 | I81: 1.46 | K81: 187 | L81: 44 | M81: 18 | N81: 1 | O81: 8.29 | P81: 3.32
A82: 37 | B82: ТЕРм08-02-472-11 Постан.Правит.Свердл.обл. от 10.11.10 №1616-ПП | C82: Перемычка заземляющая тросовая диаметром до 9,2 мм для строительных металлических конструкций | D82: 10 шт. | E82: 18 | F82: 64.73 | G82: 47.57 | H82: 7.95 | I82: 0.18 | K82: 1165 | L82: 856 | M82: 143 | N82: 3 | O82: 3.59 | P82: 64.62
A83: Итого прямые затраты по разделу в ценах 2001г. | K83: 4682 | L83: 1829 | M83: 377 | N83: 14 | P83: 145.77
A84: Накладные расходы | K84: 1680
A85: Сметная прибыль | K85: 1104
A86: Итого по разделу 2 Контур заземления шкафа участкового (4 шт) | K86: 7466 | P86: 145.77
A87: Раздел 3. Земляные работы
A88: 38 | B88: ТЕР01-02-057-03 Постан.Правит.Свердл.обл. от 10.11.10 №1616-ПП | C88: Разработка грунта вручную в траншеях глубиной до 2 м без креплений с откосами, группа грунтов 3 | D88: 100 м3 грунта | E88: 0.042 | F88: 2725.52 | G88: 2725.52 | K88: 114 | L88: 114 | O88: 248 | P88: 10.42
A89: 39 | B89: ТЕР01-02-061-02 Постан.Правит.Свердл.обл. от 10.11.10 №1616-ПП | C89: Засыпка вручную траншей, пазух котлованов и ям, группа грунтов 2 | D89: 100 м3 грунта | E89: 0.03 | F89: 1027.4 | G89: 1027.4 | K89: 31 | L89: 31 | O89: 97.2 | P89: 2.92
A90: 40 | B90: ТЕР01-01-022-15 Постан.Правит.Свердл.обл. от 10.11.10 №1616-ПП | C90: Разработка грунта в траншеях экскаватором «обратная лопата» с ковшом вместимостью 0,5 (0,5-0,63) м3, группа грунтов 3 | D90: 1000 м3 грунта | E90: 0.0054 | F90: 6443.25 | H90: 6443.25 | I90: 755.7 | K90: 35 | M90: 35 | N90: 4
A91: 41 | B91: СЦП3-3-9-1 | C91: Перевозка грузов автомобилями-самосвалами (работающими вне карьеров): расстояние 9 км, класс груза I | D91: т | E91: 10.422 | F91: 12.27 | H91: 12.27 | K91: 128 | M91: 128
A92: 42 | B92: ТЕР01-01-016-02 Постан.Правит.Свердл.обл. от 10.11.10 №1616-ПП | C92: Работа на отвале, группа грунтов 2-3 | D92: 1000 м3 грунта | E92: 0.0054 | F92: 478.65 | G92: 40.11 | H92: 433.44 | I92: 67.17 | K92: 3 | M92: 2 | O92: 3.65 | P92: 0.02
A93: 43 | B93: ТЕР01-01-037-01 Постан.Правит.Свердл.обл. от 10.11.10 №1616-ПП | C93: Засыпка траншей и котлованов предварительно разрыхленным скальным грунтом с перемещением до 10 м бульдозерами мощностью 79 кВт (108 л.с.) | D93: 1000 м3 грунта | E93: 0.0042 | F93: 2346.08 | H93: 2346.08 | I93: 372.24 | K93: 10 | M93: 10 | N93: 2
A94: 44 | B94: ТСЦ-408-0015 Постан.Правит.Свердл.обл. от 10.11.10 №1616-ПП | C94: Щебень из природного камня для строительных работ марка 800, фракция 20-40 мм | D94: м3 | E94: 4.2 | F94: 127.52 | K94: 536
A95: Итого прямые затраты по разделу в ценах 2001г. | K95: 857 | L95: 145 | M95: 175 | N95: 6 | P95: 13.36
A96: Накладные расходы | K96: 122
A97: Сметная прибыль | K97: 68
A98: Итого по разделу 3 Земляные работы | K98: 1047 | P98: 13.36
A99: Раздел 4. Строительные работы
A100: 45 | B100: ТЕР23-01-001-01 Постан.Правит.Свердл.обл. от 10.11.10 №1616-ПП | C100: Устройство основания под трубопроводы песчаного | D100: 10 м3 основания | E100: 0.12 | F100: 1636.02 | G100: 117.4 | H100: 26.91 | I100: 5.47 | K100: 196 | L100: 14 | M100: 3 | N100: 1 | O100: 10.2 | P100: 1.22
A101: 46 | B101: ТЕР22-01-011-01 Постан.Правит.Свердл.обл. от 10.11.10 №1616-ПП прим | C101: Укладка стальных водопроводных труб с гидравлическим испытанием диаметром 50 мм | D101: 1 км трубопровода | E101: 0.042 | F101: 45604.08 | G101: 4639.62 | H101: 2412.61 | I101: 302.08 | K101: 1915 | L101: 195 | M101: 101 | N101: 13 | O101: 318 | P101: 13.36
A102: 47 | B102: ТЕР07-01-055-08 Постан.Правит.Свердл.обл. от 10.11.10 №1616-ПП прим | C102: Устройство калиток с установкой столбов металлических | D102: 100 шт. | E102: 0.14 | F102: 12672.15 | G102: 11953.43 | H102: 441.05 | I102: 1.25 | K102: 1774 | L102: 1673 | M102: 62 | O102: 855.65 | P102: 119.79
A103: 48 | B103: НИКИРЭТ г.Заречный 2013г | C103: Грибок постовой. Цена (8700+560)/1,18/5,53*1,03*1,0075 | D103: 1 шт. | E103: 14 | F103: 1472.6 | K103: 20616
A104: 49 | B104: ТЕР06-01-001-01 Постан.Правит.Свердл.обл. от 10.11.10 №1616-ПП | C104: Устройство бетонной подготовки | D104: 100 м3 бетона, бутобетона и железобетона в деле | E104: 0.07 | F104: 9627.53 | G104: 1978.2 | H104: 4648.35 | I104: 327.6 | K104: 674 | L104: 138 | M104: 325 | N104: 23 | O104: 180 | P104: 12.6
A105: 50 | B105: ТСЦ-401-0026 Постан.Правит.Свердл.обл. от 10.11.10 №1616-ПП | C105: Бетон тяжелый, крупность заполнителя более 40 мм, класс В15 (М200) | D105: м3 | E105: 7.14 | F105: 563.13 | K105: 4021
A106: 51 | B106: ТЕР06-01-001-04 Постан.Правит.Свердл.обл. от 10.11.10 №1616-ПП | C106: Устройство бетонных фундаментов общего назначения под колонны объемом более 5 м3 | D106: 100 м3 бетона, бутобетона и железобетона в деле | E106: 0.012 | F106: 13887.65 | G106: 3944.56 | H106: 5922.19 | I106: 420.82 | K106: 167 | L106: 47 | M106: 71 | N106: 5 | O106: 328.44 | P106: 3.94
A107: 52 | B107: ТСЦ-401-0026 Постан.Правит.Свердл.обл. от 10.11.10 №1616-ПП | C107: Бетон тяжелый, крупность заполнителя более 40 мм, класс В15 (М200) | D107: м3 | E107: 1.224 | F107: 563.13 | K107: 689
A108: Итого прямые затраты по разделу в ценах 2001г. | K108: 30052 | L108: 2067 | M108: 562 | N108: 42 | P108: 150.91
...

Sheet 1720
A1: СОГЛАСОВАНО: | M1: УТВЕРЖДАЮ:
A4: _________________ | M4: _________________ | O4: Е.В. Гордеев
A5: " _____ " ________________ 2014 г. | M5: "______ " _______________2014 г.
E6: ФГУП "Комбинат "Электрохимприбор"
G7: (наименование стройки)
G9: ЛОКАЛЬНЫЙ СМЕТНЫЙ РАСЧЕТ №1720
G10: (локальная смета)
C12: на | D12: Монтаж наружного освещения. Площадки 7Б (инв.1112294)
G13: (наименование работ и затрат, наименование объекта)
D15: Основание: Техническое решение от 26.05.2014 №072-15/1796
D16: Сметная стоимость _______________________________________________________________________________________________ | J16: ___________________________137,742 | L16: тыс. руб.
D17: строительных работ _______________________________________________________________________________________________ | J17: _______________________________________________________________________________________________40,530 | L17: тыс. руб.
D18: монтажных работ _______________________________________________________________________________________________ | J18: _______________________________________________________________________________________________97,212 | L18: тыс. руб.
D19: Средства на оплату труда _______________________________________________________________________________________________ | J19: ___________________________7,200 | L19: тыс. руб.
D20: Сметная трудоемкость _______________________________________________________________________________________________ | J20: _______________________________________________________________________________________________419,5 | L20: чел.час
D21: Составлен(а) в базовых ценах 2001г. (в редакции 2009г.)
A24: № пп | B24: Обосно- вание | C24: Наименование | D24: Ед. изм. | E24: Кол. | F24: Стоимость единицы, руб. | J24: Общая стоимость, руб. | O24: Т/з осн. раб.на ед. | P24: Т/з осн. раб. Всего | Q24: Общая масса обору-дования, т
F25: Всего | G25: В том числе | J25: Обору- дование | K25: Всего | L25: В том числе
G26: Осн.З/п | H26: Эк.Маш | I26: З/пМех | L26: Осн.З/п | M26: Эк.Маш | N26: З/пМех
A27: 1 | B27: 2 | C27: 3 | D27: 4 | E27: 5 | F27: 6 | G27: 7 | H27: 8 | I27: 9 | J27: 10 | K27: 11 | L27: 12 | M27: 13 | N27: 14 | O27: 15 | P27: 16 | Q27: 17
A28: Раздел 1. Землянные работы
A29: 1 | B29: ТЕР01-02-057-03 | C29: Разработка грунта вручную в траншеях глубиной до 2 м без креплений с откосами, группа грунтов 3 НР (40 руб.): 80% от ФОТ СП (23 руб.): 45% от ФОТ | D29: 100 м3 грунта | E29: 0,0175 1,75 / 100 | F29: 2725.52 | G29: 2725.52 | K29: 48 | L29: 48 | O29: 248 | P29: 4.34
A30: 2 | B30: ТЕР01-01-009-09 | C30: Разработка грунта в траншеях экскаватором «обратная лопата» с ковшом вместимостью 0,65 (0,5-1) м3, группа грунтов 3 НР (5 руб.): 95% от ФОТ СП (3 руб.): 50% от ФОТ | D30: 1000 м3 грунта | E30: 0,00875 8,75 / 1000 | F30: 5315.48 | H30: 5315.48 | I30: 559.04 | K30: 47 | M30: 47 | N30: 5
A31: 3 | B31: ТЕР01-01-034-06 | C31: Засыпка траншей и котлованов с перемещением грунта до 5 м бульдозерами мощностью 121 кВт (165 л.с.), группа грунтов 3 НР (1 руб.): 95% от ФОТ СП (1 руб.): 50% от ФОТ | D31: 1000 м3 грунта | E31: 0,0105 10,5 / 1000 | F31: 573.73 | H31: 573.73 | I31: 57.51 | K31: 6 | M31: 6 | N31: 1
A32: Итого прямые затраты по разделу в ценах 2001г. | K32: 101 | L32: 48 | M32: 53 | N32: 6 | P32: 4.34
A33: Итого прямые затраты по разделу с учетом коэффициентов к итогам | K33: 103 | L33: 50 | M33: 53 | N33: 6 | P33: 4.34
A34: В том числе, справочно:
A35: Районный к-т 4,3% (Поз. 1) | K35: 2 | L35: 2
A36: Накладные расходы | K36: 46
A37: Сметная прибыль | K37: 26
A38: Итого по разделу 1 Землянные работы | K38: 175 | P38: 4.34
A39: Земляные работы, выполняемые ручным способом | K39: 113 | P39: 4.34
A40: Земляные работы, выполняемые механизированным способом | K40: 62
A41: Итого | K41: 175 | P41: 4.34
A42: В том числе:
A43: Машины и механизмы | K43: 53
A44: ФОТ | K44: 56
A45: Накладные расходы | K45: 46
A46: Сметная прибыль | K46: 26
A47: Итого по разделу 1 Землянные работы | K47: 175 | P47: 4.34
A48: Раздел 2. Монтажные работы
A49: 4 | B49: ТЕРм08-02-142-01 | C49: Устройство постели при одном кабеле в траншее НР (53 руб.): 95% от ФОТ СП (36 руб.): 65% от ФОТ | D49: 100 м кабеля | E49: 0,3 30 / 100 | F49: 1549.97 | G49: 89.84 | H49: 1458.33 | I49: 90.82 | K49: 465 | L49: 27 | M49: 437 | N49: 27 | O49: 6.63 | P49: 1.99
A50: 5 | B50: ТЕРм08-02-143-01 | C50: Покрытие кабеля, проложенного в траншее кирпичом одного кабеля НР (48 руб.): 95% от ФОТ СП (33 руб.): 65% от ФОТ | D50: 100 м кабеля | E50: 0,3 30 / 100 | F50: 1329.11 | G50: 88.21 | H50: 1239.14 | I50: 77.17 | K50: 399 | L50: 26 | M50: 372 | N50: 23 | O50: 6.51 | P50: 1.95
A51: 6 | B51: ТЕРм08-02-369-01 | C51: Светильник, устанавливаемый вне зданий с лампами накаливания НР (788 руб.): 95% от ФОТ СП (539 руб.): 65% от ФОТ | D51: 1 шт. | E51: 34 | F51: 125.2 | G51: 17.01 | H51: 57.27 | I51: 6.37 | K51: 4257 | L51: 578 | M51: 1947 | N51: 217 | O51: 1.15 | P51: 39.1
A52: 7 | B52: ТЕРм08-02-363-01 | C52: Кронштейны специальные на опорах для светильников сварные металлические, количество рожков 1 НР (637 руб.): 95% от ФОТ СП (436 руб.): 65% от ФОТ | D52: 1 шт. | E52: 9 | F52: 283.71 | G52: 46.92 | H52: 213.1 | I52: 24.57 | K52: 2553 | L52: 422 | M52: 1918 | N52: 221 | O52: 3.41 | P52: 30.69
A53: 8 | B53: ТЕРм08-02-363-02 | C53: Кронштейны специальные на опорах для светильников сварные металлические, количество рожков 2 НР (1179 руб.): 95% от ФОТ СП (807 руб.): 65% от ФОТ | D53: 1 шт. | E53: 13 | F53: 344.42 | G53: 62.61 | H53: 251.86 | I53: 28.94 | K53: 4477 | L53: 814 | M53: 3274 | N53: 376 | O53: 4.55 | P53: 59.15
A54: 9 | B54: ТЕРм08-02-412-02 прим | C54: Затягивание кабеля в проложенные трубы и металлические рукава первого одножильного или многожильного в общей оплетке, суммарное сечение до 6 мм2 НР (70 руб.): 95% от ФОТ СП (48 руб.): 65% от ФОТ | D54: 100 м | E54: 0.79 | F54: 676.59 | G54: 89.31 | H54: 5.85 | I54: 0.36 | K54: 535 | L54: 71 | M54: 5 | O54: 6.74 | P54: 5.32
A55: 10 | B55: ТЕРм08-01-087-03 | C55: Металлические конструкции НР (38 руб.): 95% от ФОТ СП (26 руб.): 65% от ФОТ | D55: 1 т | E55: 0,0436 (30+0,4*34)*0,001 | F55: 18456.73 | G55: 842.81 | H55: 643.96 | I55: 31.67 | K55: 805 | L55: 37 | M55: 28 | N55: 1 | O55: 62.2 | P55: 2.71
A56: 11 | B56: ТЕРм08-02-472-08 прим. | C56: Проводник заземляющий ЗП-6 НР (176 руб.): 95% от ФОТ СП (120 руб.): 65% от ФОТ | D56: 100 м | E56: 0.66 | F56: 1055.6 | G56: 266.33 | H56: 62.29 | I56: 2 | K56: 697 | L56: 176 | M56: 41 | N56: 1 | O56: 20.1 | P56: 13.27
A57: 12 | B57: ТЕРм08-01-082-01 прим. | C57: Зажимы, крюки, кожухи и прочее НР (893 руб.): 95% от ФОТ СП (611 руб.): 65% от ФОТ | D57: 100 шт. | E57: 1.41 | F57: 1335.56 | G57: 636.85 | H57: 33.85 | I57: 2 | K57: 1883 | L57: 898 | M57: 48 | N57: 3 | O57: 47 | P57: 66.27
A58: 13 | B58: ТЕР33-04-008-01 | C58: Подвеска неизолированных проводов ВЛ 0,38 кВ с помощью механизмов НР (189 руб.): 105% от ФОТ СП (108 руб.): 60% от ФОТ | D58: 1 км неизолированного провода при 20 опорах | E58: 0.6 | F58: 916.74 | G58: 231.24 | H58: 458.95 | I58: 56.29 | K58: 550 | L58: 139 | M58: 275 | N58: 34 | O58: 17.87 | P58: 10.72
A59: 14 | B59: ТЕРм08-02-407-10 | C59: Труба стальная по установленным конструкциям, в готовых бороздах, по основанию пола, диаметр до 100 мм НР (67 руб.): 95% от ФОТ СП (46 руб.): 65% от ФОТ | D59: 100 м | E59: 0,09 9 / 100 | F59: 2522.01 | G59: 722.13 | H59: 590.48 | I59: 34.4 | K59: 227 | L59: 65 | M59: 53 | N59: 3 | O59: 54.5 | P59: 4.91
A60: Итого прямые затраты по разделу в ценах 2001г. | K60: 16848 | L60: 3253 | M60: 8398 | N60: 906 | P60: 236.08
A61: Итого прямые затраты по разделу с учетом коэффициентов к итогам | K61: 17026 | L61: 3393 | M61: 8436 | N61: 944 | P61: 236.08
A62: В том числе, справочно:
A63: Районный к-т 4,3% (Поз. 13, 4-12, 14) | K63: 178 | L63: 140 | M63: 39 | N63: 39
A64: Накладные расходы | K64: 4138
A65: Сметная прибыль | K65: 2810
A66: Итого по разделу 2 Монтажные работы | K66: 23974 | P66: 236.08
A67: Раздел 3. Материалы
A68: 15 | B68: Цена поставщика | C68: Провод самонесущий СИП-4 сеч.4х25 мм2. Цена:58650,00/1,18/5,98*1,02=8477,84 | D68: 1000м | E68: 0.6 | F68: 8477.84 | K68: 5087
A69: 16 | B69: ТСЦ-509-1345 | C69: Светильник ЖКУ 10-250, с выпуклым стеклом | D69: шт. | E69: 34 | F69: 856.94 | K69: 29136
A70: 17 | B70: ТСЦ-509-0677 | C70: Лампы газоразрядные высокого давления типа ДНаТ 150 | D70: 10 шт. | E70: 3,5 35 / 10 | F70: 666.4 | K70: 2332
A71: 18 | B71: Цена поставщика | C71: Кронштейн для установки светильников К2К 2,5-2,5-180. Цена:5640,00/1,18/5,98*1,02=815,26 | D71: шт | E71: 13 | F71: 815.26 | K71: 10598
A72: 46 | B72: Цена поставщика | C72: Кронштейн для установки светильников К1К 2,5-2,5-180. Цена:3120,00/1,18/5,98*1,02=450,99 | D72: шт | E72: 9 | F72: 450.99 | K72: 4059
A73: 19 | B73: ТСЦ-501-8235 | C73: Кабель силовой с медными жилами с поливинилхлоридной изоляцией в поливинилхлоридной оболочке без защитного покрова ВВГ, напряжением 1,00 Кв, число жил 3 и сечением 1,5 мм2 | D73: 1000 м | E73: 0.79 | F73: 7745.6 | K73: 6119
A74: 20 | B74: Цена поставщика | C74: Крюк под сквозной SOT21.1. Цена:489,00/1,18/5,98*1,02=70,68 | D74: шт | E74: 18 | F74: 70.68 | K74: 1272
A75: 21 | B75: Цена поставщика | C75: Крюк накручивающийся PD2.2. Цена:666,00/1,18/5,98*1,02=96,27 | D75: шт | E75: 6 | F75: 96.27 | K75: 578
A76: 22 | B76: Цена поставщика | C76: Зажим поддерживающий SO136. Цена:1467,00/1,18/5,98*1,02=212,05 | D76: шт | E76: 17 | F76: 212.05 | K76: 3605
A77: 23 | B77: Цена поставщика | C77: Зажим поддерживающий SO140. Цена:442,00/1,18/5,98*1,02=63,89 | D77: шт | E77: 6 | F77: 63.89 | K77: 383
A78: 24 | B78: Цена поставщика | C78: Зажим натяжной SO158.1. Цена:217,00/1,18/5,98*1,02=31,37 | D78: шт | E78: 10 | F78: 31.37 | K78: 314
A79: 25 | B79: Цена поставщика | C79: Зажим соединительный SLIP22.1. Цена:346,00/1,18/5,98*1,02=50,01 | D79: шт | E79: 88 | F79: 50.01 | K79: 4401
A80: 26 | B80: Цена поставщика | C80: Зажим соединительный SLIP22.12. Цена:346,00/1,18/5,98*1,02=50,01 | D80: шт | E80: 22 | F80: 50.01 | K80: 1100
A81: 27 | B81: Цена поставщика | C81: Зажим плашечный SL37.1. Цена:103,00/1,18/5,98*1,02=14,89 | D81: шт | E81: 20 | F81: 14.89 | K81: 298
A82: 28 | B82: Цена поставщика | C82: Кожух защитный SP15. Цена:45,96/1,18/5,98*1,02=6,64 | D82: шт | E82: 20 | F82: 6.64 | K82: 133
... A86: 32 | B86: ТСЦ-103-0161 | C86: Трубы стальные электросварные прямошовные со снятой фаской из стали марок БСт2кп-БСт4кп и БСт2пс-БСт4пс наружный диаметр 108 мм, толщина стенки 4 мм | D86: м | E86: 9 | F86: 92.12 | K86: 829
A87: 33 | B87: ТСЦ-404-0007 | C87: Кирпич керамический одинарный, размером 250х120х65 мм, марка 150 | D87: 1000 шт. | E87: 0,208 208 / 1000 | F87: 1141.94 | K87: 238
A88: 34 | B88: ТСЦ-408-0122 | C88: Песок природный для строительных работ средний | D88: м3 | E88: 4.5 | F88: 135.61 | K88: 610
A89: 35 | B89: Цена поставщика | C89: DIN-рейка 20см. Цена:10,1/1,18/5,98*1,02=1,46 | D89: шт | E89: 1 | F89: 1.46 | K89: 1
A90: 36 | B90: Цена поставщика | C90: Выключатель автоматический трехполюсный 25А С ВА47-29. Цена:123/1,18/5,98*1,02=17,78 | D90: шт | E90: 2 | F90: 17.78 | K90: 36
A91: 37 | B91: Цена поставщика | C91: Уголок металлический 50х50х5. Цена:135/1,18/5,98*1,02=19,51 | D91: м | E91: 3 | F91: 19.51 | K91: 59
A92: Итого прямые затраты по разделу в ценах 2001г. | K92: 74092
A93: Итого по разделу 3 Материалы | K93: 74092
A94: Раздел 4. Строительные работы. Установка ж/б опор
A95: 38 | B95: ТЕР33-04-015-01 | C95: Устройство заземления опор ВЛ и подстанций НР (940 руб.): 105% от ФОТ СП (537 руб.): 60% от ФОТ | D95: 10 м шин заземления | E95: 40 | F95: 41.77 | G95: 21.44 | H95: 19.07 | K95: 1671 | L95: 858 | M95: 763 | O95: 1.8 | P95: 72
A96: 39 | B96: ТСЦ-101-1614 | C96: Сталь круглая углеродистая обыкновенного качества марки ВСт3пс5-1 диаметром 16 мм | D96: т | E96: 0.0711 | F96: 5721.78 | K96: 407
A97: 40 | B97: ТЕР33-04-016-02 | C97: Развозка конструкций и материалов опор ВЛ 0,38-10 кВ по трассе одностоечных железобетонных опор НР (306 руб.): 105% от ФОТ СП (175 руб.): 60% от ФОТ | D97: 1 опора | E97: 22 | F97: 58.81 | G97: 5.06 | H97: 53.75 | I97: 7.62 | K97: 1294 | L97: 111 | M97: 1183 | N97: 168 | O97: 0.44 | P97: 9.68
A98: 41 | B98: ТЕР33-04-016-05 | C98: Развозка конструкций и материалов опор ВЛ 0,38-10 кВ по трассе материалов оснастки одностоечных опор НР (105 руб.): 105% от ФОТ СП (60 руб.): 60% от ФОТ | D98: 1 опора | E98: 20 | F98: 16.39 | G98: 2.88 | H98: 13.51 | I98: 1.9 | K98: 328 | L98: 58 | M98: 270 | N98: 38 | O98: 0.25 | P98: 5
A99: 42 | B99: ТЕР33-04-016-06 | C99: Развозка конструкций и материалов опор ВЛ 0,38-10 кВ по трассе материалов оснастки сложных опор НР (12 руб.): 105% от ФОТ СП (7 руб.): 60% от ФОТ | D99: 1 опора | E99: 2 | F99: 18.89 | G99: 3.45 | H99: 15.44 | I99: 2.17 | K99: 38 | L99: 7 | M99: 31 | N99: 4 | O99: 0.3 | P99: 0.6
A100: 43 | B100: ТЕР33-04-003-01 | C100: Установка железобетонных опор ВЛ 0,38; 6-10 кВ с траверсами без приставок одностоечных НР (1305 руб.): 105% от ФОТ СП (746 руб.): 60% от ФОТ | D100: 1 опора | E100: 20 | F100: 267.85 | G100: 47.42 | H100: 163.32 | I100: 12.18 | K100: 5357 | L100: 948 | M100: 3266 | N100: 244 | O100: 3.8 | P100: 76
A101: 44 | B101: ТЕР33-04-003-02 | C101: Установка железобетонных опор ВЛ 0,38; 6-10 кВ с траверсами без приставок одностоечных с одним подкосом НР (278 руб.): 105% от ФОТ СП (159 руб.): 60% от ФОТ | D101: 1 опора | E101: 2 | F101: 539.36 | G101: 98.59 | H101: 383.66 | I101: 29.05 | K101: 1079 | L101: 197 | M101: 767 | N101: 58 | O101: 7.9 | P101: 15.8
A102: 45 | B102: ТСЦ-403-1173 | C102: Стойка железобетонная СЦс-0,8-10 /бетон В22,5 (М300), объем 0,271 м3, расход ар-ры 49,33 кг/ (серия 3.320-1) | D102: шт. | E102: 24 | F102: 1024.18 | K102: 24580
A103: Итого прямые затраты по разделу в ценах 2001г. | K103: 34754 | L103: 2179 | M103: 6280 | N103: 512 | P103: 179.08
A104: Итого прямые затраты по разделу с учетом коэффициентов к итогам | K104: 34870 | L104: 2273 | M104: 6302 | N104: 534 | P104: 179.08
A105: В том числе, справочно:
A106: Районный к-т 4,3% (Поз. 38-45) | K106: 116 | L106: 94 | M106: 22 | N106: 22
A107: Накладные расходы | K107: 2947
A108: Сметная прибыль | K108: 1684
A109: Итого по разделу 4 Строительные работы. Установка ж/б опор | K109: 39501 | P109: 179.08
A110: ИТОГИ ПО СМЕТЕ:
...

Sheet СМР
A1: Расчет начальной (максимальной) цены на
A2: выполнение строительно - монтажных работ по объектам ФГУП "Комбинат "Электрохимприбор"
A4: Наименование глав ССР, объектный сметных расчетов, локальных сметных расчетов, видов прочих работ | B4: Сметная стоимость строительства в базисном уровне цен на 01.01.2000г. по ССР | F4: Остаток сметной стоимости в базисном уровне цен на 01.01.2015 | J4: Сметная стоимость строительства в базисном уровне цен на 01.01.2000г., выставленная на конкурс | N4: Текущая стоимость на момент определения начальной (максимальной) цены | O4: № обосновывающего расчета | P4: 2015 год
B5: Всего | C5: СМР | D5: Оборудование | E5: Прочие | F5: Всего | G5: СМР | H5: Оборудование | I5: Прочие | J5: Всего | K5: СМР | L5: Оборудование | M5: Прочие | P5: СМР | Q5: Оборудование | R5: Прочие
A6: 1 | B6: 2 | C6: 3 | D6: 4 | E6: 5 | F6: 6 | G6: 7 | H6: 8 | I6: 9 | J6: 10 | K6: 11 | L6: 12 | M6: 13 | N6: 14 | O6: 15 | P6: 19 | Q6: 20 | R6: 21
A7: Система физической защиты, Здание 753А. Реконструкция комплекса по переработке ХВО | B7: =SUM(C7:E7) -> 58304 | C7: ='19-4-1223'!G101+'19-4-1223'!G108 -> 58304 | E7: 0 | F7: =SUM(G7:I7) -> 58304 | G7: =C7 -> 58304 | H7: =D7 -> 0 | I7: =E7 -> 0 | J7: =SUM(K7:M7) -> 58304 | K7: =G7 -> 58304 | L7: =H7 -> 0 | N7: =SUM(P7:R7) -> 334665 | O7: 312-2582/ 19-4-1223 | P7: =ROUND(K7*5.74,0) -> 334665 | Q7: =ROUND(L7*4.04,0) -> 0
A8: Автоматизация ИТП, Здание 753А. Реконструкция комплекса по переработке ХВО. | B8: =SUM(C8:E8) -> 37749 | C8: ='19-4-1230'!G197+'19-4-1230'!G208 -> 37749 | E8: 0 | F8: =SUM(G8:I8) -> 37749 | G8: =C8 -> 37749 | H8: =D8 -> 0 | I8: =E8 -> 0 | J8: =SUM(K8:M8) -> 37749 | K8: =G8 -> 37749 | L8: =H8 -> 0 | N8: =SUM(P8:R8) -> 216679 | O8: 312-2582/ 19-4-1230 | P8: =ROUND(K8*5.74,0) -> 216679 | Q8: =ROUND(L8*4.04,0) -> 0
A9: Автоматизация водоснабжения и водоотведения, Здание 765 | B9: =SUM(C9:E9) -> 77458 | C9: ='02-01-14--4-1541'!G148+'02-01-14--4-1541'!G159 -> 77458 | E9: 0 | F9: =SUM(G9:I9) -> 77458 | G9: =C9 -> 77458 | H9: =D9 -> 0 | J9: =SUM(K9:M9) -> 77458 | K9: =C9 -> 77458 | L9: =H9 -> 0 | N9: =SUM(P9:R9) -> 444609 | O9: 02-01-14/ 4-1541/ 314-2964 | P9: =ROUND(K9*5.74,0) -> 444609 | Q9: =ROUND(L9*4.48,0) -> 0
A10: Перевод сетей 6 кВ, Здание 765 | B10: =SUM(C10:E10) -> 43932 | C10: ='04-03-14--4-1545'!G143 -> 43932 | F10: =SUM(G10:I10) -> 43932 | G10: =C10 -> 43932 | H10: =D10 -> 0 | J10: =SUM(K10:M10) -> 43932 | K10: =G10 -> 43932 | L10: =H10 -> 0 | N10: =SUM(P10:R10) -> 252170 | O10: 04-03-14/ 4-1545/ 314-2965 | P10: =ROUND(K10*5.74,0) -> 252170 | Q10: =ROUND(L10*4.48,0) -> 0
A11: Активное оборудование ЛВС, Здание 765 | B11: =SUM(C11:E11) -> 27713 | C11: ='02-01-22--4-1544'!G131+'02-01-22--4-1544'!G142 -> 27713 | F11: =SUM(G11:I11) -> 27713 | G11: =C11 -> 27713 | H11: =D11 -> 0 | J11: =SUM(K11:M11) -> 27713 | K11: =G11 -> 27713 | L11: =H11 -> 0 | N11: =SUM(P11:R11) -> 159073 | O11: 02-01-22/ 4-1544/ 314-2972 | P11: =ROUND(K11*5.74,0) -> 159073 | Q11: =ROUND(L11*4.48,0) -> 0
A12: Пожарная сигнализация, Здание 765А | B12: =SUM(C12:E12) -> 7158 | C12: ='05-05-08--4-1551'!G84 -> 7158 | F12: =SUM(G12:I12) -> 7158 | G12: =C12 -> 7158 | H12: =D12 -> 0 | J12: =SUM(K12:M12) -> 7158 | K12: =G12 -> 7158 | L12: =H12 -> 0 | N12: =SUM(P12:R12) -> 41087 | O12: 05-05-08/ 4-1551/ 314-2984 | P12: =ROUND(K12*5.74,0) -> 41087 | Q12: =ROUND(L12*3.76,0) -> 0
A13: Охранная сигнализация, Здание 765Б | B13: =SUM(C13:E13) -> 13592 | C13: ='05-05-09--4-1552'!G175 -> 13592 | F13: =SUM(G13:I13) -> 13592 | G13: =C13 -> 13592 | H13: =D13 -> 0 | J13: =SUM(K13:M13) -> 13592 | K13: =G13 -> 13592 | L13: =H13 -> 0 | N13: =SUM(P13:R13) -> 78018 | O13: 05-05-09/ 4-1552/ 314-2984 | P13: =ROUND(K13*5.74,0) -> 78018 | Q13: =ROUND(L13*3.76,0) -> 0
A14: Телефонизация, Здание 765Б | B14: =SUM(C14:E14) -> 9329 | C14: ='05-05-10--4-1553'!G189-'05-05-10--4-1553'!G186 -> 9329 | F14: =SUM(G14:I14) -> 9329 | G14: =C14 -> 9329 | H14: =D14 -> 0 | J14: =SUM(K14:M14) -> 9329 | K14: =G14 -> 9329 | L14: =H14 -> 0 | N14: =SUM(P14:R14) -> 53548 | O14: 05-05-10/ 4-1553/ 314-2984 | P14: =ROUND(K14*5.74,0) -> 53548 | Q14: =ROUND(L14*4.48,0) -> 0
A15: Пожарная сигнализация, Здание 765Б | B15: =SUM(C15:E15) -> 14924 | C15: ='05-05-11--4-1554'!G115+'05-05-11--4-1554'!G126 -> 14924 | F15: =SUM(G15:I15) -> 14924 | G15: =C15 -> 14924 | H15: =D15 -> 0 | J15: =SUM(K15:M15) -> 14924 | K15: =G15 -> 14924 | L15: =H15 -> 0 | N15: =SUM(P15:R15) -> 85664 | O15: 05-05-11/ 4-1554/ 314-2984 | P15: =ROUND(K15*5.74,0) -> 85664 | Q15: =ROUND(L15*4.48,0) -> 0
A16: Пожарная сигнализация, Здание 765 | B16: =SUM(C16:E16) -> 5800 | C16: ='05-05-12--4-1555'!G85 -> 5800 | F16: =SUM(G16:I16) -> 5800 | G16: =C16 -> 5800 | H16: =D16 -> 0 | J16: =SUM(K16:M16) -> 5800 | K16: =G16 -> 5800 | L16: =H16 -> 0 | N16: =SUM(P16:R16) -> 33292 | O16: 05-05-12/ 4-1555/ 314-2984 | P16: =ROUND(K16*5.74,0) -> 33292 | Q16: =ROUND(L16*3.76,0) -> 0
A17: Охранная сигнализация, Здание 765 | B17: =SUM(C17:E17) -> 15479 | C17: ='05-05-13--4-1556'!G104 -> 15479 | F17: =SUM(G17:I17) -> 15479 | G17: =C17 -> 15479 | H17: =D17 -> 0 | J17: =SUM(K17:M17) -> 15479 | K17: =G17 -> 15479 | L17: =H17 -> 0 | N17: =SUM(P17:R17) -> 88849 | O17: 05-05-13/ 4-1556/ 314-2984 | P17: =ROUND(K17*5.74,0) -> 88849 | Q17: =ROUND(L17*3.76,0) -> 0
A18: Охранная сигнализация здания 776. Система физической защиты | B18: =SUM(C18:E18) -> 44190 | C18: ='19-4-2098'!K101+'19-4-2098'!K102 -> 44190 | F18: =SUM(G18:I18) -> 44190 | G18: =C18 -> 44190 | H18: =D18 -> 0 | J18: =SUM(K18:M18) -> 44190 | K18: =G18 -> 44190 | L18: =H18 -> 0 | N18: =SUM(P18:R18) -> 253651 | O18: 313-2042/ 19-4-2098 | P18: =ROUND(K18*5.74,0) -> 253651 | Q18: =ROUND(L18*4.04,0) -> 0
A19: Охранная сигнализация периметра. Система физической защиты | B19: =SUM(C19:E19) -> 311831 | C19: ='19-4-2099'!K131+'19-4-2099'!K132 -> 311831 | F19: =SUM(G19:I19) -> 311831 | G19: =C19 -> 311831 | H19: =D19 -> 0 | J19: =SUM(K19:M19) -> 311831 | K19: =G19 -> 311831 | L19: =H19 -> 0 | N19: =SUM(P19:R19) -> 1789910 | O19: 313-2042/ 19-4-2099 | P19: =ROUND(K19*5.74,0) -> 1789910 | Q19: =ROUND(L19*4.04,0) -> 0
A20: Монтаж наружного освещения. Площадки 7Б (инв.1112294) | B20: =SUM(C20:E20) -> 137742 | C20: ='1720'!K122+'1720'!K123 -> 137742 | F20: =SUM(G20:I20) -> 137742 | G20: =C20 -> 137742 | H20: =D20 -> 0 | J20: =SUM(K20:M20) -> 137742 | K20: =G20 -> 137742 | L20: =H20 -> 0 | N20: =SUM(P20:R20) -> 790639 | O20: 1720 | P20: =ROUND(K20*5.74,0) -> 790639 | Q20: =ROUND(L20*3.76,0) -> 0
A21: Монтаж инсенираторного коплекса. Площадка 7А, Здание 753А | B21: =SUM(C21:E21) -> 460039 | C21: 460039 | F21: =SUM(G21:I21) -> 460039 | G21: =C21 -> 460039 | J21: =SUM(K21:M21) -> 460039 | K21: =G21 -> 460039 | N21: =P21 -> 2640624 | O21: 7144 | P21: =ROUND(K21*5.74,0) -> 2640624
A22: Участок автодороги - автодорога к пл.7Б (инв.№ 1112289) | B22: =SUM(C22:E22) -> 649560 | C22: 649560 | F22: =SUM(G22:I22) -> 649560 | G22: =C22 -> 649560 | J22: =SUM(K22:M22) -> 649560 | K22: =G22 -> 649560 | N22: =SUM(P22:R22) -> 3728474 | O22: 7141 | P22: =ROUND(K22*5.74,0) -> 3728474
A23: Внутриплощадочная дорога (инв.№1112289). Площадка 7Б | B23: =SUM(C23:E23) -> 3153295 | C23: 3153295 | F23: =SUM(G23:I23) -> 3153295 | G23: =C23 -> 3153295 | J23: =SUM(K23:M23) -> 3153295 | K23: =G23 -> 3153295 | N23: =SUM(P23:R23) -> 18099913 | O23: на 7142 | P23: =ROUND(K23*5.74,0) -> 18099913
A24: Сети наружные водопровода (инв.№1112329). Площадка 7Б | B24: =SUM(C24:E24) -> 133684 | C24: 133684 | F24: =SUM(G24:I24) -> 133684 | G24: =C24 -> 133684 | J24: =SUM(K24:M24) -> 133684 | K24: =G24 -> 133684 | N24: =SUM(P24:R24) -> 767346 | O24: 7139 | P24: =ROUND(K24*5.74,0) -> 767346
A25: Сети наружные водопровода (инв.№1112329). Площадка 7Б | B25: =SUM(C25:E25) -> 51075 | C25: 51075 | F25: =SUM(G25:I25) -> 51075 | G25: =C25 -> 51075 | J25: =SUM(K25:M25) -> 51075 | K25: =G25 -> 51075 | N25: =SUM(P25:R25) -> 293171 | O25: 7140 | P25: =ROUND(K25*5.74,0) -> 293171
A26: Благоустройство. Площадка 7А | B26: =SUM(C26:E26) -> 101005 | C26: 101005 | F26: =SUM(G26:I26) -> 101005 | G26: =C26 -> 101005 | J26: =SUM(K26:M26) -> 101005 | K26: =G26 -> 101005 | N26: =SUM(P26:R26) -> 579769 | O26: 7147 | P26: =ROUND(K26*5.74,0) -> 579769
A27: Устройство ограждения кровли. Здание 765А. Площадка 7Б. | B27: =SUM(C27:E27) -> 3180 | C27: 3180 | F27: =SUM(G27:I27) -> 3180 | G27: =C27 -> 3180 | J27: =SUM(K27:M27) -> 3180 | K27: =G27 -> 3180 | N27: =SUM(P27:R27) -> 18253 | O27: 7146 | P27: =ROUND(K27*5.74,0) -> 18253
A28: Устройство ограждения пожарной лестницы. Здание 765А. Площадка 7Б | B28: =SUM(C28:E28) -> 1343 | C28: 1343 | F28: =SUM(G28:I28) -> 1343 | G28: =C28 -> 1343 | J28: =SUM(K28:M28) -> 1343 | K28: =G28 -> 1343 | N28: =SUM(P28:R28) -> 7709 | O28: 7145 | P28: =ROUND(K28*5.74,0) -> 7709
A29: Итого в ценах 2000 года: | B29: =SUM(B7:B28) -> 5358382 | C29: =SUM(C7:C25) -> 5252854 | D29: =SUM(D7:D25) -> 0 | E29: =SUM(E7:E10) -> 0 | F29: =SUM(G29:I29) -> 5358382 | G29: =SUM(G7:G28) -> 5358382 | H29: =SUM(H7:H25) -> 0 | J29: =SUM(J7:J28) -> 5358382 | K29: =SUM(K7:K28) -> 5358382 | L29: =SUM(L7:L25) -> 0 | M29: =SUM(M7:M10) -> 0 | N29: =SUM(N7:N28) -> 30757113 | P29: =SUM(P7:P28) -> 30757113
A30: НДС 18% | N30: =SUM(P30:R30) -> 5536280.3 | P30: =ROUND(P29*18%,2) -> 5536280.3
A31: Всего: | N31: =SUM(P31:R31) -> 36293393 | P31: =SUM(P29:P30) -> 36293393
A33: * В расчете использованы индексы:
A34: - 5,74 индекс изменения сметной стоимости СМР к ТЕР 2001 (письмо Минстроя России от 06.02.2015 года № 25374-ЮР/08 приложение 1, прочие объекты)
A37: И.о. начальника отдела капитального строительства
A38: ФГУП "Комбинат "Электрохимприбор" | H38: С.С. Батаев
A40: Инженер по проектно-сметной работе | H40: Н.А. Басова
A42: Согласовано | H42: отд. 028

Sheet НМЦ договора
A5: Определение начальной (максимальной) цены договора генерального подряда
A6: на выполнение строительно - монтажных работ по объектам ФГУП "Комбинат "Электрохимприбор"
A7: на 2015 год
A9: Способ закупки: открытый запрос предложений
G10: ц.2000г./текущие цены, руб.
A11: Наименование услуг и работ (затрат) | C11: Сметная стоимость строительства в базисном уровне цен на 01.01.2000 г. | D11: Сметная стоимость строительства в текущем уровне цен, пресчитанная на момент проведения процедуры закупки | F11: Начальная (максимальная) цена | G11: в том числе по годам строительства
G14: 2015 г.
A18: 1 | C18: 2 | D18: 3 | F18: 4 | G18: 5
A19: СМР | C19: =СМР!J29 -> 5358382 | D19: =СМР!P29 -> 30757113 | F19: =D19 -> 30757113 | G19: =F19 -> 30757113
A20: Оборудование | C20: 0 | D20: 0 | F20: =G20 -> 0 | G20: 0
A21: Прочие затраты | C21: 0 | D21: 0 | F21: =G21 -> 0 | G21: 0
A22: Всего: | C22: =SUM(C19:C21) -> 5358382 | D22: =F22 -> 30757113 | F22: =G22 -> 30757113 | G22: =SUM(G19:G21) -> 30757113
A23: НДС | D23: =СМР!P30 -> 5536280.3 | F23: =D23 -> 5536280.3 | G23: =D23 -> 5536280.3
A24: Итого с НДС | D24: =СМР!P31 -> 36293393 | F24: =SUM(F22:F23) -> 36293393 | G24: =SUM(G22:G23) -> 36293393
A26: В расчете использованы индексы:
A28: - 5,74 индекс изменения сметной стоимости СМР к ТЕР 2001 (письмо Минстроя России от 06.02.2015 года № 25374-ЮР/08 приложение 1, прочие объекты)
A30: И.о. начальника отдела капитального строительства
A31: ФГУП "Комбинат "Электрохимприбор" | G31: С.С. Батаев
A33: Инженер по проектно-сметной работе | G33: Н.А. Басова
A35: Согласовано | G35: отд. 028

Sheet СМР 7А
A1: Расчет начальной (максимальной) цены на
A2: выполнение строительно- монтажных работ по ______________________________________.
A4: Наименование глав ССР, объектный сметных расчетов, локальных сметных расчетов, видов прочих работ | B4: Сметная стоимость строительства в базисном уровне цен на 01.01.2000г. по ССР | F4: Остаток сметной стоимости в базисном уровне цен на 01.01.2015 | J4: Сметная стоимость строительства в базисном уровне цен на 01.01.2000г., выставленная на конкурс | N4: Текущая стоимость на момент определения начальной (максимальной) цены | O4: № обосновывающего расчета | P4: 2015 год
B5: Всего | C5: СМР | D5: Оборудование | E5: Прочие | F5: Всего | G5: СМР | H5: Оборудование | I5: Прочие | J5: Всего | K5: СМР | L5: Оборудование | M5: Прочие | P5: СМР | Q5: Оборудование | R5: Прочие
A6: 1 | B6: 2 | C6: 3 | D6: 4 | E6: 5 | F6: 6 | G6: 7 | H6: 8 | I6: 9 | J6: 10 | K6: 11 | L6: 12 | M6: 13 | N6: 14 | O6: 15 | P6: 19 | Q6: 20 | R6: 21
A7: Система физической защиты, Здание 753А. Реконструкция комплекса по переработке ХВО | B7: =SUM(C7:E7) -> 80719 | C7: ='19-4-1223'!G101+'19-4-1223'!G108 -> 58304 | D7: ='19-4-1223'!G112 -> 22415 | E7: 0 | F7: =SUM(G7:I7) -> 80719 | G7: =C7 -> 58304 | H7: =D7 -> 22415 | I7: =E7 -> 0 | J7: =SUM(K7:M7) -> 80719 | K7: =G7 -> 58304 | L7: =H7 -> 22415 | N7: =SUM(P7:R7) -> 425222 | O7: 312-2582/19-4-1223 | P7: =ROUND(K7*5.74,0) -> 334665 | Q7: =ROUND(L7*4.04,0) -> 90557
A8: Автоматизация ИТП, Здание 753А. Реконструкция комплекса по переработке ХВО. | B8: =SUM(C8:E8) -> 85698 | C8: ='19-4-1230'!G197+'19-4-1230'!G208 -> 37749 | D8: ='19-4-1230'!G201 -> 47949 | E8: 0 | F8: =SUM(G8:I8) -> 85698 | G8: =C8 -> 37749 | H8: =D8 -> 47949 | I8: =E8 -> 0 | J8: =SUM(K8:M8) -> 85698 | K8: =G8 -> 37749 | L8: =H8 -> 47949 | N8: =SUM(P8:R8) -> 410393 | O8: 312-2582/19-4-1230 | P8: =ROUND(K8*5.74,0) -> 216679 | Q8: =ROUND(L8*4.04,0) -> 193714
A9: Охранная сигнализация здания 776. Система физической защиты | B9: =SUM(C9:E9) -> 127903 | C9: ='19-4-2098'!K101+'19-4-2098'!K102 -> 44190 | D9: ='19-4-2098'!K103 -> 83713 | F9: =SUM(G9:I9) -> 127903 | G9: =C9 -> 44190 | H9: =D9 -> 83713 | J9: =SUM(K9:M9) -> 127903 | K9: =G9 -> 44190 | L9: =H9 -> 83713 | N9: =SUM(P9:R9) -> 591852 | O9: 313-2042/19-4-2098 | P9: =ROUND(K9*5.74,0) -> 253651 | Q9: =ROUND(L9*4.04,0) -> 338201
A10: Охранная сигнализация периметра. Система физической защиты | B10: =SUM(C10:E10) -> 680291 | C10: ='19-4-2099'!K131+'19-4-2099'!K132 -> 311831 | D10: ='19-4-2099'!K133 -> 368460 | F10: =SUM(G10:I10) -> 680291 | G10: =C10 -> 311831 | H10: =D10 -> 368460 | J10: =SUM(K10:M10) -> 680291 | K10: =G10 -> 311831 | L10: =H10 -> 368460 | N10: =SUM(P10:R10) -> 3278488 | O10: 313-2042/19-4-2099 | P10: =ROUND(K10*5.74,0) -> 1789910 | Q10: =ROUND(L10*4.04,0) -> 1488578
A11: Итого в ценах 2000 года: | B11: =SUM(C11:E11) -> 974611 | C11: =SUM(C7:C10) -> 452074 | D11: =SUM(D7:D10) -> 522537 | E11: =SUM(E7:E10) -> 0 | F11: =SUM(F7:F10) -> 974611 | G11: =SUM(G7:G10) -> 452074 | H11: =SUM(H7:H10) -> 522537 | I11: =SUM(I7:I10) -> 0 | J11: =SUM(J7:J10) -> 974611 | ... M11: =SUM(M7:M10) -> 0 | N11: =SUM(P11:R11) -> 4705955 | P11: =SUM(P7:P10) -> 2594905 | Q11: =SUM(Q7:Q10) -> 2111050 | R11: =SUM(R7:R10) -> 0
A12: НДС 18% | N12: =SUM(P12:R12) -> 847071.9 | P12: =ROUND(P11*18%,2) -> 467082.9 | Q12: =ROUND(Q11*18%,2) -> 379989
A13: Всего: | N13: =SUM(P13:R13) -> 5553026.9 | P13: =SUM(P11:P12) -> 3061987.9 | Q13: =SUM(Q11:Q12) -> 2491039

Sheet СМР 7Б
A1: Расчет начальной (максимальной) цены на
A2: выполнение строительно- монтажных работ по ______________________________________.
A4: Наименование глав ССР, объектный сметных расчетов, локальных сметных расчетов, видов прочих работ | B4: Сметная стоимость строительства в базисном уровне цен на 01.01.2000г. по ССР | F4: Остаток сметной стоимости в базисном уровне цен на 01.01.2015 | J4: Сметная стоимость строительства в базисном уровне цен на 01.01.2000г., выставленная на конкурс | N4: Текущая стоимость на момент определения начальной (максимальной) цены | O4: № обосновывающего расчета | P4: 2015 год
B5: Всего | C5: СМР | D5: Оборудование | E5: Прочие | F5: Всего | G5: СМР | H5: Оборудование | I5: Прочие | J5: Всего | K5: СМР | L5: Оборудование | M5: Прочие | P5: СМР | Q5: Оборудование | R5: Прочие
A6: 1 | B6: 2 | C6: 3 | D6: 4 | E6: 5 | F6: 6 | G6: 7 | H6: 8 | I6: 9 | J6: 10 | K6: 11 | L6: 12 | M6: 13 | N6: 14 | O6: 15 | P6: 19 | Q6: 20 | R6: 21
A7: Автоматизация водоснабжения и водоотведения, Здание 765 | B7: =SUM(C7:E7) -> 140380 | C7: ='02-01-14--4-1541'!G148+'02-01-14--4-1541'!G159 -> 77458 | D7: ='02-01-14--4-1541'!G152 -> 62922 | E7: 0 | F7: =SUM(G7:I7) -> 140380 | G7: =C7 -> 77458 | H7: =D7 -> 62922 | J7: =SUM(K7:M7) -> 140380 | K7: =C7 -> 77458 | L7: =H7 -> 62922 | N7: =SUM(P7:R7) -> 726500 | O7: 02-01-14/ 4-1541/314-2964 | P7: =ROUND(K7*5.74,0) -> 444609 | Q7: =ROUND(L7*4.48,0) -> 281891
A8: Перевод сетей 6 кВ, Здание 765 | B8: =SUM(C8:E8) -> 43932 | C8: ='04-03-14--4-1545'!G143 -> 43932 | D8: 0 | E8: 0 | F8: =SUM(G8:I8) -> 43932 | G8: =C8 -> 43932 | H8: =D8 -> 0 | J8: =SUM(K8:M8) -> 43932 | K8: =C8 -> 43932 | L8: =H8 -> 0 | N8: =SUM(P8:R8) -> 252170 | O8: 02-01-14/ 4-1541/314-2964 | P8: =ROUND(K8*5.74,0) -> 252170 | Q8: =ROUND(L8*4.48,0) -> 0
A9: Активное оборудование ЛВС, Здание 765 | B9: =SUM(C9:E9) -> 38240 | C9: ='02-01-22--4-1544'!G151-'СМР 7Б'!D9 -> 35501 | D9: ='02-01-22--4-1544'!G149 -> 2739 | F9: =SUM(G9:I9) -> 38240 | G9: =C9 -> 35501 | H9: =D9 -> 2739 | J9: =SUM(K9:M9) -> 38240 | K9: =G9 -> 35501 | L9: =H9 -> 2739 | N9: =SUM(P9:R9) -> 216047 | O9: 04-03-14/ 4-1545/314-2965 | P9: =ROUND(K9*5.74,0) -> 203776 | Q9: =ROUND(L9*4.48,0) -> 12271
A10: Пожарную сигнализацию, Здание 765А | B10: =SUM(C10:E10) -> 0 | F10: =SUM(G10:I10) -> 0 | G10: =C10 -> 0 | H10: =D10 -> 0 | J10: =SUM(K10:M10) -> 0 | K10: =G10 -> 0 | L10: =H10 -> 0 | N10: =SUM(P10:R10) -> 0 | O10: 02-01-22/4-1544/314-2972 | P10: =ROUND(K10*5.74,0) -> 0 | Q10: =ROUND(L10*4.48,0) -> 0
A11: Охранную сигнализацию, Здание 765Б | B11: =SUM(C11:E11) -> 0 | F11: =SUM(G11:I11) -> 0 | G11: =C11 -> 0 | H11: =D11 -> 0 | J11: =SUM(K11:M11) -> 0 | K11: =G11 -> 0 | L11: =H11 -> 0 | N11: =SUM(P11:R11) -> 0 | O11: 05-05-08/4-1551/314-2984 | P11: =ROUND(K11*5.74,0) -> 0 | Q11: =ROUND(L11*3.76,0) -> 0
A12: Телефонизацию, Здание 765Б | B12: =SUM(C12:E12) -> 0 | F12: =SUM(G12:I12) -> 0 | G12: =C12 -> 0 | H12: =D12 -> 0 | J12: =SUM(K12:M12) -> 0 | K12: =G12 -> 0 | L12: =H12 -> 0 | N12: =SUM(P12:R12) -> 0 | O12: 05-05-09/4-1552/314-2984 | P12: =ROUND(K12*5.74,0) -> 0 | Q12: =ROUND(L12*3.76,0) -> 0
A13: Пожарную сигнализацию, Здание 765Б | B13: =SUM(C13:E13) -> 0 | F13: =SUM(G13:I13) -> 0 | G13: =C13 -> 0 | H13: =D13 -> 0 | J13: =SUM(K13:M13) -> 0 | K13: =G13 -> 0 | L13: =H13 -> 0 | N13: =SUM(P13:R13) -> 0 | O13: 05-05-10/4-1553/314-2984 | P13: =ROUND(K13*5.74,0) -> 0 | Q13: =ROUND(L13*4.48,0) -> 0
A14: Пожарную сигнализацию, Здание 765 | B14: =SUM(C14:E14) -> 0 | F14: =SUM(G14:I14) -> 0 | G14: =C14 -> 0 | H14: =D14 -> 0 | J14: =SUM(K14:M14) -> 0 | K14: =G14 -> 0 | L14: =H14 -> 0 | N14: =SUM(P14:R14) -> 0 | O14: 05-05-11/4-1554/314-2984 | P14: =ROUND(K14*5.74,0) -> 0 | Q14: =ROUND(L14*4.48,0) -> 0
A15: Охранную сигнализацию, Здание 765 | B15: =SUM(C15:E15) -> 0 | F15: =SUM(G15:I15) -> 0 | G15: =C15 -> 0 | H15: =D15 -> 0 | J15: =SUM(K15:M15) -> 0 | K15: =G15 -> 0 | L15: =H15 -> 0 | N15: =SUM(P15:R15) -> 0 | O15: 05-05-12/4-1555/314-2984 | P15: =ROUND(K15*5.74,0) -> 0 | Q15: =ROUND(L15*3.76,0) -> 0
A16: Монтаж наружного освещения. Площадки 7Б (инв.1112294) | B16: =SUM(C16:E16) -> 0 | F16: =SUM(G16:I16) -> 0 | G16: =C16 -> 0 | H16: =D16 -> 0 | J16: =SUM(K16:M16) -> 0 | K16: =G16 -> 0 | L16: =H16 -> 0 | N16: =SUM(P16:R16) -> 0 | O16: 05-05-13/4-1556/314-2984 | P16: =ROUND(K16*5.74,0) -> 0 | Q16: =ROUND(L16*3.76,0) -> 0
A17: Юля | B17: =SUM(C17:E17) -> 0 | F17: =SUM(G17:I17) -> 0 | G17: =C17 -> 0 | H17: =D17 -> 0 | J17: =SUM(K17:M17) -> 0 | K17: =G17 -> 0 | L17: =H17 -> 0 | N17: =SUM(P17:R17) -> 0 | O17: 1720 | P17: =ROUND(K17*5.74,0) -> 0 | Q17: =ROUND(L17*3.76,0) -> 0
A18: Итого в ценах 2000 года: | B18: =SUM(C18:E18) -> 4191451 | C18: 4191451 | F18: =SUM(G18:I18) -> 4191451 | G18: =C18 -> 4191451 | J18: =SUM(K18:M18) -> 4191451 | K18: =G18 -> 4191451 | N18: =SUM(P18:R18) -> 24058929 | P18: =ROUND(K18*5.74,0) -> 24058929 | Q18: =ROUND(L18*3.76,0) -> 0
A19: НДС 18% | B19: =SUM(C19:E19) -> 4273623 | C19: =SUM(C8:C18) -> 4270884 | D19: =SUM(D8:D18) -> 2739 | E19: =SUM(E8:E18) -> 0 | F19: =SUM(F8:F18) -> 4273623 | G19: =SUM(G8:G18) -> 4270884 | H19: =SUM(H8:H18) -> 2739 | J19: =SUM(K19:M19) -> 4336557 | K19: =SUM(K8:K18) -> 4270884 | L19: =SUM(L6:L18) -> 65673 | M19: =SUM(M8:M18) -> 0 | N19: =SUM(P19:R19) -> 25253685 | P19: =SUM(P3:P18) -> 24959503 | Q19: =SUM(Q3:Q18) -> 294182
A20: Всего: | N20: =SUM(P20:R20) -> 4545663.3 | P20: =ROUND(P19*18%,2) -> 4492710.5 | Q20: =ROUND(Q19*18%,2) -> 52952.76
N21: =SUM(P21:R21) -> 29799348 | P21: =SUM(P19:P20) -> 29452214 | Q21: =SUM(Q19:Q20) -> 347134.76
